Workbook
Name ___Xk366: [1]Consolidado!$O$1065,[1]Consolidado!$O$1051
Name __ra113001: #REF!
Name __ra113001: #REF!
Name __ra113001: #REF!
Name __ra113001: #REF!
Name __ra113001: #REF!
Name __ra113001: #REF!
Name __ra113001: #REF!
Name __ra113001: #REF!
Name __ra113001: #REF!
Name __ra113001: #REF!
Name __RA211006: #REF!
Name __RA211006: #REF!
Name __RA211006: #REF!
Name __RA211006: #REF!
Name __RA211006: #REF!
Name __RA211006: #REF!
Name __RA211006: #REF!
Name __RA211006: #REF!
Name __raa118: #REF!
Name __raa118: #REF!
Name __raa118: #REF!
Name __raa118: #REF!
Name __raa118: #REF!
Name __raa118: #REF!
Name __raa118: #REF!
Name __raa118: #REF!
Name __Xk366: [2]Consolidado!$N$3012,[2]Consolidado!$N$3008
Name _IK100000: #REF!
Name _IK100000: #REF!
Name _IK100000: #REF!
Name _IK100000: #REF!
Name _IK100000: #REF!
Name _IK100000: #REF!
Name _IK100000: #REF!
Name _IK100000: #REF!
Name _IK100000: #REF!
Name _IK100000: #REF!
Name _IK100000: #REF!
Name _IK100000: #REF!
Name _IK100000: #REF!
Name _IK66000: #REF!
Name _IK66000: #REF!
Name _IK66000: #REF!
Name _IK66000: #REF!
Name _IK66000: #REF!
Name _IK66000: #REF!
Name _IK66000: #REF!
Name _IK66000: #REF!
Name _IK67000: #REF!
Name _IK67000: #REF!
Name _IK67000: #REF!
Name _IK67000: #REF!
Name _IK67000: #REF!
Name _IK67000: #REF!
Name _IK67000: #REF!
Name _IK67000: #REF!
Name _IK70000: #REF!
Name _IK70000: #REF!
Name _IK90000: #REF!

Sheet ClassificacaoFuncional
A2: EXECUÇÃO ORÇAMENTAL - ORÇAMENTO DA SEGURANÇA SOCIAL
A3: CLASSIFICAÇÃO FUNCIONAL
A4: SETEMBRO 2026
N6: USD
A7: Classificação Funcional | B7: OSS inicial | C7: OSS corrigido | D7: Cabimentos | E7: Compromissos | F7: Obrigações | G7: Despesa Executada | H7: Taxa Execução (%) | I7: Saldo Execução | J7: Saldo disponível (Execução+Cabimentos) | K7: Saldo não comprometido | L7: Valor Cabimentado e não comprometido | M7: Valor Comprometido e não liquidado | N7: Valor Liquidado e não pago (DIVIDA)
B8: (1) | C8: (2) | D8: (3) | E8: (4) | F8: (5) | G8: (6) | H8: (7) | I8: (8) = (2) - (6) | J8: (9) = (2) - (3) | K8: (10) = (2) - (4) | L8: (11) = (3) - (4) | M8: (12) = (4) - (5) | N8: (13) = (5) - (6)
A9: 01. - Serviços gerais da administração pública | B9: 333807 | C9: 198454.21 | D9: 198454.21 | E9: 112094.09 | F9: 112094.09 | G9: 112094.09 | H9: 0.56483604 | I9: 86360.12 | J9: 0 | K9: 86360.12 | L9: 86360.12 | M9: 0 | N9: 0
A10: 01.01 - Órgãos executivos e legislativos, assuntos financeiros e fiscais, assuntos externos | B10: 0 | C10: 0 | D10: 0 | E10: 0 | F10: 0 | G10: 0 | H10: #DIV/0! | I10: 0 | J10: 0 | K10: 0 | L10: 0 | M10: 0 | N10: 0
A11: 01.02 - Ajuda económica externa | B11: 0 | C11: 0 | D11: 0 | E11: 0 | F11: 0 | G11: 0 | H11: #DIV/0! | I11: 0 | J11: 0 | K11: 0 | L11: 0 | M11: 0 | N11: 0
A12: 01.03 - Serviços gerais da administração pública | B12: 0 | C12: 0 | D12: 0 | E12: 0 | F12: 0 | G12: 0 | H12: #DIV/0! | I12: 0 | J12: 0 | K12: 0 | L12: 0 | M12: 0 | N12: 0
A13: 01.04 - Investigação básica | B13: 0 | C13: 0 | D13: 0 | E13: 0 | F13: 0 | G13: 0 | H13: #DIV/0! | I13: 0 | J13: 0 | K13: 0 | L13: 0 | M13: 0 | N13: 0
A14: 01.05 - Serviços públicos gerais de investigação e desenvolvimento | B14: 0 | C14: 0 | D14: 0 | E14: 0 | F14: 0 | G14: 0 | H14: #DIV/0! | I14: 0 | J14: 0 | K14: 0 | L14: 0 | M14: 0 | N14: 0
A15: 01.06 - Serviços públicos gerais não especificados | B15: 0 | C15: 0 | D15: 0 | E15: 0 | F15: 0 | G15: 0 | H15: #DIV/0! | I15: 0 | J15: 0 | K15: 0 | L15: 0 | M15: 0 | N15: 0
A16: 01.07 - Operações de dívida pública | B16: 0 | C16: 0 | D16: 0 | E16: 0 | F16: 0 | G16: 0 | H16: #DIV/0! | I16: 0 | J16: 0 | K16: 0 | L16: 0 | M16: 0 | N16: 0
A17: 01.08 - Transferências de caráter geral entre diferentes níveis da administração pública | B17: 333807 | C17: 198454.21 | D17: 198454.21 | E17: 112094.09 | F17: 112094.09 | G17: 112094.09 | H17: 0.56483604 | I17: 86360.12 | J17: 0 | K17: 86360.12 | L17: 86360.12 | M17: 0 | N17: 0
A18: 02. - Defesa | B18: 0 | C18: 0 | D18: 0 | E18: 0 | F18: 0 | G18: 0 | H18: #DIV/0! | I18: 0 | J18: 0 | K18: 0 | L18: 0 | M18: 0 | N18: 0
A19: 02.01 - Defesa militar | B19: 0 | C19: 0 | D19: 0 | E19: 0 | F19: 0 | G19: 0 | H19: #DIV/0! | I19: 0 | J19: 0 | K19: 0 | L19: 0 | M19: 0 | N19: 0
A20: 02.02 - Defesa civil | B20: 0 | C20: 0 | D20: 0 | E20: 0 | F20: 0 | G20: 0 | H20: #DIV/0! | I20: 0 | J20: 0 | K20: 0 | L20: 0 | M20: 0 | N20: 0
A21: 02.03 - Ajuda militar ao estrangeiro | B21: 0 | C21: 0 | D21: 0 | E21: 0 | F21: 0 | G21: 0 | H21: #DIV/0! | I21: 0 | J21: 0 | K21: 0 | L21: 0 | M21: 0 | N21: 0
A22: 02.04 - Investigação e desenvolvimento em defesa | B22: 0 | C22: 0 | D22: 0 | E22: 0 | F22: 0 | G22: 0 | H22: #DIV/0! | I22: 0 | J22: 0 | K22: 0 | L22: 0 | M22: 0 | N22: 0
A23: 02.05 - Serviços de defesa não especificados | B23: 0 | C23: 0 | D23: 0 | E23: 0 | F23: 0 | G23: 0 | H23: #DIV/0! | I23: 0 | J23: 0 | K23: 0 | L23: 0 | M23: 0 | N23: 0
A24: 03. - Segurança e ordem pública | B24: 0 | C24: 0 | D24: 0 | E24: 0 | F24: 0 | G24: 0 | H24: #DIV/0! | I24: 0 | J24: 0 | K24: 0 | L24: 0 | M24: 0 | N24: 0
A25: 03.01 - Segurança pública | B25: 0 | C25: 0 | D25: 0 | E25: 0 | F25: 0 | G25: 0 | H25: #DIV/0! | I25: 0 | J25: 0 | K25: 0 | L25: 0 | M25: 0 | N25: 0
A26: 03.02 - Serviços de bombeiros | B26: 0 | C26: 0 | D26: 0 | E26: 0 | F26: 0 | G26: 0 | H26: #DIV/0! | I26: 0 | J26: 0 | K26: 0 | L26: 0 | M26: 0 | N26: 0
A27: 03.03 - Tribunais | B27: 0 | C27: 0 | D27: 0 | E27: 0 | F27: 0 | G27: 0 | H27: #DIV/0! | I27: 0 | J27: 0 | K27: 0 | L27: 0 | M27: 0 | N27: 0
A28: 03.04 - Prisões | B28: 0 | C28: 0 | D28: 0 | E28: 0 | F28: 0 | G28: 0 | H28: #DIV/0! | I28: 0 | J28: 0 | K28: 0 | L28: 0 | M28: 0 | N28: 0
A29: 03.05 - Investigação e desenvolvimento em segurança e ordem pública | B29: 0 | C29: 0 | D29: 0 | E29: 0 | F29: 0 | G29: 0 | H29: #DIV/0! | I29: 0 | J29: 0 | K29: 0 | L29: 0 | M29: 0 | N29: 0
... A77: 09.08 - Serviços de educação não especificados | B77: 0 | C77: 0 | D77: 0 | E77: 0 | F77: 0 | G77: 0 | H77: #DIV/0! | I77: 0 | J77: 0 | K77: 0 | L77: 0 | M77: 0 | N77: 0
A78: 10. - Proteção Social | B78: 170399205 | C78: 1.9790577e+08 | D78: 1.9581305e+08 | E78: 1.3817495e+08 | F78: 1.3719592e+08 | G78: 1.3716475e+08 | H78: 0.6930811 | I78: 60741022 | J78: 2092720.6 | K78: 59730817 | L78: 57638096 | M78: 979037.3 | N78: 31168.017
A79: 10.01 - Doença, incapacidade e deficiência | B79: 9795940 | C79: 9482940 | D79: 9482940 | E79: 7240913.1 | F79: 7145610.9 | G79: 7145523.2 | H79: 0.75351349 | I79: 2337416.8 | J79: 0 | K79: 2242026.9 | L79: 2242026.9 | M79: 95302.186 | N79: 87.76
A80: 10.02 - Velhice | B80: 108198962 | C80: 111016962 | D80: 111016962 | E80: 71346762 | F80: 71111102 | G80: 71080742 | H80: 0.64026921 | I80: 39936220 | J80: 0 | K80: 39670200 | L80: 39670200 | M80: 235659.37 | N80: 30360
A81: 10.03 - Morte e sobrevivência | B81: 6327000 | C81: 6577000 | D81: 6577000 | E81: 3988290.2 | F81: 3980896.4 | G81: 3980376.1 | H81: 0.60519631 | I81: 2596623.9 | J81: 0 | K81: 2588709.8 | L81: 2588709.8 | M81: 7393.879 | N81: 520.23106
A82: 10.04 - Família e infância | B82: 1051000 | C82: 1051000 | D82: 1051000 | E82: 569901.25 | F82: 519255.64 | G82: 519255.64 | H82: 0.49405865 | I82: 531744.36 | J82: 0 | K82: 481098.75 | L82: 481098.75 | M82: 50645.611 | N82: -0.0040000008
A83: 10.05 - Desemprego | B83: 0 | C83: 0 | D83: 0 | E83: 0 | F83: 0 | G83: 0 | H83: #DIV/0! | I83: 0 | J83: 0 | K83: 0 | L83: 0 | M83: 0 | N83: 0
A84: 10.06 - Habitação | B84: 0 | C84: 0 | D84: 0 | E84: 0 | F84: 0 | G84: 0 | H84: #DIV/0! | I84: 0 | J84: 0 | K84: 0 | L84: 0 | M84: 0 | N84: 0
A85: 10.07 - Pobreza e exclusão social não especificada | B85: 0 | C85: 0 | D85: 0 | E85: 0 | F85: 0 | G85: 0 | H85: #DIV/0! | I85: 0 | J85: 0 | K85: 0 | L85: 0 | M85: 0 | N85: 0
A86: 10.08 - Investigação e desenvolvimento em proteção social | B86: 0 | C86: 0 | D86: 0 | E86: 0 | F86: 0 | G86: 0 | H86: #DIV/0! | I86: 0 | J86: 0 | K86: 0 | L86: 0 | M86: 0 | N86: 0
A87: 10.09 - Serviços de proteção social não especificados | B87: 45026303 | C87: 69777867 | D87: 67685147 | E87: 55029086 | F87: 54439050 | G87: 54438850 | H87: 0.7801736 | I87: 15339017 | J87: 2092720.6 | K87: 14748781 | L87: 12656060 | M87: 590036.25 | N87: 200.03
A88: TOTAL OSS (INSS+FRSS) | B88: 170733012 | C88: 1.9810422e+08 | D88: 1.960115e+08 | E88: 1.3828705e+08 | F88: 1.3730801e+08 | G88: 1.3727684e+08 | H88: 0.69295262 | I88: 60827382 | J88: 2092720.6 | K88: 59817177 | L88: 57724456 | M88: 979037.3 | N88: 31168.017
A89: TOTAL OSS CONSOLIDADO (INSS+FRSS) | B89: 170399205 | C89: 1.9790577e+08 | D89: 1.9581305e+08 | E89: 1.3817495e+08 | F89: 1.3719592e+08 | G89: 1.3716475e+08 | H89: 0.6930811 | I89: 60741022 | J89: 2092720.6 | K89: 59730817 | L89: 57638096 | M89: 979037.3 | N89: 31168.017

Sheet Programas
A3: EXECUÇÃO ORÇAMENTAL - ORÇAMENTO DA SEGURANÇA SOCIAL
A4: 106 - INSTITUTO NACIONAL DE SEGURANÇA SOCIAL
A5: SETEMBRO 2026
A7: Programa/Subprograma/Atividade | B7: TOTAL | O7: SALÁRIOS E VENCIMENTOS | AB7: BENS E SERVIÇOS | AO7: TRANSFERÊNCIAS PÚBLICAS | BB7: CAPITAL MENOR | BO7: CAPITAL DE DESENVOLVIMENTO
B8: OSS inicial | C8: OSS corrigido | D8: Cabimentos | E8: Compromissos | F8: Obrigações | G8: Despesa Executada | H8: Taxa Execução (%) | I8: Saldo Execução | J8: Saldo disponível (Execução+Cabimentos) | K8: Saldo não comprometido | L8: Valor Cabimentado e não comprometido | M8: Valor Comprometido e não liquidado | N8: Valor Liquidado e não pago (DIVIDA) | O8: OSS inicial | P8: OSS corrigido | Q8: Cabimentos | R8: Compromissos | S8: Obrigações | T8: Despesa Executada | U8: Taxa Execução (%) | V8: Saldo Execução | W8: Saldo disponível (Execução+Cabimentos) | X8: Saldo não comprometido | Y8: Valor Cabimentado e não comprometido | Z8: Valor Comprometido e não liquidado | AA8: Valor Liquidado e não pago (DIVIDA) | AB8: OSS inicial | AC8: OSS corrigido | AD8: Cabimentos | AE8: Compromissos | AF8: Obrigações | AG8: Despesa Executada | AH8: Taxa Execução (%) | AI8: Saldo Execução | AJ8: Saldo disponível (Execução+Cabimentos) | AK8: Saldo não comprometido | AL8: Valor Cabimentado e não comprometido | AM8: Valor Comprometido e não liquidado | AN8: Valor Liquidado e não pago (DIVIDA) | AO8: OSS inicial | AP8: OSS corrigido | AQ8: Cabimentos | AR8: Compromissos | AS8: Obrigações | AT8: Despesa Executada | AU8: Taxa Execução (%) | AV8: Saldo Execução | AW8: Saldo disponível (Execução+Cabimentos) | AX8: Saldo não comprometido | AY8: Valor Cabimentado e não comprometido | AZ8: Valor Comprometido e não liquidado | BA8: Valor Liquidado e não pago (DIVIDA) | BB8: OSS inicial | BC8: OSS corrigido | BD8: Cabimentos | BE8: Compromissos | BF8: Obrigações | BG8: Despesa Executada | BH8: Taxa Execução (%) | BI8: Saldo Execução | BJ8: Saldo disponível (Execução+Cabimentos) | BK8: Saldo não comprometido | BL8: Valor Cabimentado e não comprometido | BM8: Valor Comprometido e não liquidado | BN8: Valor Liquidado e não pago (DIVIDA) | BO8: OSS inicial | BP8: OSS corrigido | BQ8: Cabimentos | BR8: Compromissos | BS8: Obrigações | BT8: Despesa Executada | BU8: Taxa Execução (%) | BV8: Saldo Execução | BW8: Saldo disponível (Execução+Cabimentos) | BX8: Saldo não comprometido | BY8: Valor Cabimentado e não comprometido | BZ8: Valor Comprometido e não liquidado | CA8: Valor Liquidado e não pago (DIVIDA)
B9: (1) | C9: (2) | D9: (3) | E9: (4) | F9: (5) | G9: (6) | H9: (7) | I9: (8) = (2) - (6) | J9: (9) = (2) - (3) | K9: (10) = (2) - (4) | L9: (11) = (3) - (4) | M9: (12) = (4) - (5) | N9: (13) = (5) - (6) | O9: (1) | P9: (2) | Q9: (3) | R9: (4) | S9: (5) | T9: (6) | U9: (7) | V9: (8) = (2) - (6) | W9: (9) = (2) - (3) | X9: (10) = (2) - (4) | Y9: (11) = (3) - (4) | Z9: (12) = (4) - (5) | AA9: (13) = (5) - (6) | AB9: (1) | AC9: (2) | AD9: (3) | AE9: (4) | AF9: (5) | AG9: (6) | AH9: (7) | AI9: (8) = (2) - (6) | AJ9: (9) = (2) - (3) | AK9: (10) = (2) - (4) | AL9: (11) = (3) - (4) | AM9: (12) = (4) - (5) | AN9: (13) = (5) - (6) | AO9: (1) | AP9: (2) | AQ9: (3) | AR9: (4) | AS9: (5) | AT9: (6) | AU9: (7) | AV9: (8) = (2) - (6) | AW9: (9) = (2) - (3) | AX9: (10) = (2) - (4) | AY9: (11) = (3) - (4) | AZ9: (12) = (4) - (5) | BA9: (13) = (5) - (6) | BB9: (1) | BC9: (2) | BD9: (3) | BE9: (4) | BF9: (5) | BG9: (6) | BH9: (7) | BI9: (8) = (2) - (6) | BJ9: (9) = (2) - (3) | BK9: (10) = (2) - (4) | BL9: (11) = (3) - (4) | BM9: (12) = (4) - (5) | BN9: (13) = (5) - (6) | BO9: (1) | BP9: (2) | BQ9: (3) | BR9: (4) | BS9: (5) | BT9: (6) | BU9: (7) | BV9: (8) = (2) - (6) | BW9: (9) = (2) - (3) | BX9: (10) = (2) - (4) | BY9: (11) = (3) - (4) | BZ9: (12) = (4) - (5) | CA9: (13) = (5) - (6)
A10: Programa A04 - Regime Contributivo de Repartição | B10: 62649205 | C10: 90155769 | D10: 88155769 | E10: 65045718 | F10: 64969299 | G10: 64968691 | H10: 0.7206271 | I10: 25187078 | J10: 2000000 | K10: 25110052 | L10: 23110052 | M10: 76418.646 | N10: 607.98706 | O10: 0 | P10: 0 | Q10: 0 | R10: 0 | S10: 0 | T10: 0 | U10: #DIV/0! | V10: 0 | W10: 0 | X10: 0 | Y10: 0 | Z10: 0 | AA10: 0 | AB10: 0 | AC10: 0 | AD10: 0 | AE10: 0 | AF10: 0 | AG10: 0 | AH10: #DIV/0! | AI10: 0 | AJ10: 0 | AK10: 0 | AL10: 0 | AM10: 0 | AN10: 0 | AO10: 62649205 | AP10: 90155769 | AQ10: 88155769 | AR10: 65045718 | AS10: 64969299 | AT10: 64968691 | AU10: 0.7206271 | AV10: 25187078 | AW10: 2000000 | AX10: 25110052 | AY10: 23110052 | AZ10: 76418.646 | BA10: 607.98706 | BB10: 0 | BC10: 0 | BD10: 0 | BE10: 0 | BF10: 0 | BG10: 0 | BH10: #DIV/0! | BI10: 0 | BJ10: 0 | BK10: 0 | BL10: 0 | BM10: 0 | BN10: 0 | BO10: 0 | BP10: 0 | BQ10: 0 | BR10: 0 | BS10: 0 | BT10: 0 | BU10: #DIV/0! | BV10: 0 | BW10: 0 | BX10: 0 | BY10: 0 | BZ10: 0 | CA10: 0
A11: Subprograma A0401- Regime transitório de segurança social | B11: 16388400 | C11: 16388400 | D11: 16388400 | E11: 8136713.3 | F11: 8124128.7 | G11: 8124128.7 | H11: 0.49572434 | I11: 8264271.3 | J11: 0 | K11: 8251686.7 | L11: 8251686.7 | M11: 12584.625 | N11: 0 | O11: 0 | P11: 0 | Q11: 0 | R11: 0 | S11: 0 | T11: 0 | U11: #DIV/0! | V11: 0 | W11: 0 | X11: 0 | Y11: 0 | Z11: 0 | AA11: 0 | AB11: 0 | AC11: 0 | AD11: 0 | AE11: 0 | AF11: 0 | AG11: 0 | AH11: #DIV/0! | AI11: 0 | AJ11: 0 | AK11: 0 | AL11: 0 | AM11: 0 | AN11: 0 | AO11: 16388400 | AP11: 16388400 | AQ11: 16388400 | AR11: 8136713.3 | AS11: 8124128.7 | AT11: 8124128.7 | AU11: 0.49572434 | AV11: 8264271.3 | AW11: 0 | AX11: 8251686.7 | AY11: 8251686.7 | AZ11: 12584.625 | BA11: 0 | BB11: 0 | BC11: 0 | BD11: 0 | BE11: 0 | BF11: 0 | BG11: 0 | BH11: #DIV/0! | BI11: 0 | BJ11: 0 | BK11: 0 | BL11: 0 | BM11: 0 | BN11: 0 | BO11: 0 | BP11: 0 | BQ11: 0 | BR11: 0 | BS11: 0 | BT11: 0 | BU11: #DIV/0! | BV11: 0 | BW11: 0 | BX11: 0 | BY11: 0 | BZ11: 0 | CA11: 0
A12: Atividade A040101: Pagamento de prestações sociais de direito - regime transitório de segurança social | B12: 16388400 | C12: 16388400 | D12: 16388400 | E12: 8136713.3 | F12: 8124128.7 | G12: 8124128.7 | H12: 0.49572434 | I12: 8264271.3 | J12: 0 | K12: 8251686.7 | L12: 8251686.7 | M12: 12584.625 | N12: 0 | O12: 0 | P12: 0 | Q12: 0 | R12: 0 | S12: 0 | T12: 0 | U12: #DIV/0! | V12: 0 | W12: 0 | X12: 0 | Y12: 0 | Z12: 0 | AA12: 0 | AB12: 0 | AC12: 0 | AD12: 0 | AE12: 0 | AF12: 0 | AG12: 0 | AH12: #DIV/0! | AI12: 0 | AJ12: 0 | AK12: 0 | AL12: 0 | AM12: 0 | AN12: 0 | AO12: 16388400 | AP12: 16388400 | AQ12: 16388400 | AR12: 8136713.3 | AS12: 8124128.7 | AT12: 8124128.7 | AU12: 0.49572434 | AV12: 8264271.3 | AW12: 0 | AX12: 8251686.7 | AY12: 8251686.7 | AZ12: 12584.625 | BA12: 0 | BB12: 0 | BC12: 0 | BD12: 0 | BE12: 0 | BF12: 0 | BG12: 0 | BH12: #DIV/0! | BI12: 0 | BJ12: 0 | BK12: 0 | BL12: 0 | BM12: 0 | BN12: 0 | BO12: 0 | BP12: 0 | BQ12: 0 | BR12: 0 | BS12: 0 | BT12: 0 | BU12: #DIV/0! | BV12: 0 | BW12: 0 | BX12: 0 | BY12: 0 | BZ12: 0 | CA12: 0
A13: Subprograma A0402 - Regime geral de segurança social | B13: 46260805 | C13: 73767369 | D13: 71767369 | E13: 56909004 | F13: 56845170 | G13: 56844562 | H13: 0.77059224 | I13: 16922807 | J13: 2000000 | K13: 16858365 | L13: 14858365 | M13: 63834.021 | N13: 607.98706 | O13: 0 | P13: 0 | Q13: 0 | R13: 0 | S13: 0 | T13: 0 | U13: #DIV/0! | V13: 0 | W13: 0 | X13: 0 | Y13: 0 | Z13: 0 | AA13: 0 | AB13: 0 | AC13: 0 | AD13: 0 | AE13: 0 | AF13: 0 | AG13: 0 | AH13: #DIV/0! | AI13: 0 | AJ13: 0 | AK13: 0 | AL13: 0 | AM13: 0 | AN13: 0 | AO13: 46260805 | AP13: 73767369 | AQ13: 71767369 | AR13: 56909004 | AS13: 56845170 | AT13: 56844562 | AU13: 0.77059224 | AV13: 16922807 | AW13: 2000000 | AX13: 16858365 | AY13: 14858365 | AZ13: 63834.021 | BA13: 607.98706 | BB13: 0 | BC13: 0 | BD13: 0 | BE13: 0 | BF13: 0 | BG13: 0 | BH13: #DIV/0! | BI13: 0 | BJ13: 0 | BK13: 0 | BL13: 0 | BM13: 0 | BN13: 0 | BO13: 0 | BP13: 0 | BQ13: 0 | BR13: 0 | BS13: 0 | BT13: 0 | BU13: #DIV/0! | BV13: 0 | BW13: 0 | BX13: 0 | BY13: 0 | BZ13: 0 | CA13: 0
A14: Atividade A040201: Pagamento de prestações sociais de direito - regime geral de segurança social | B14: 4734502 | C14: 7489502 | D14: 7489502 | E14: 4402439.8 | F14: 4338605.8 | G14: 4337997.8 | H14: 0.57921045 | I14: 3151504.2 | J14: 0 | K14: 3087062.2 | L14: 3087062.2 | M14: 63834.021 | N14: 607.98706 | O14: 0 | P14: 0 | Q14: 0 | R14: 0 | S14: 0 | T14: 0 | U14: #DIV/0! | V14: 0 | W14: 0 | X14: 0 | Y14: 0 | Z14: 0 | AA14: 0 | AB14: 0 | AC14: 0 | AD14: 0 | AE14: 0 | AF14: 0 | AG14: 0 | AH14: #DIV/0! | AI14: 0 | AJ14: 0 | AK14: 0 | AL14: 0 | AM14: 0 | AN14: 0 | AO14: 4734502 | AP14: 7489502 | AQ14: 7489502 | AR14: 4402439.8 | AS14: 4338605.8 | AT14: 4337997.8 | AU14: 0.57921045 | AV14: 3151504.2 | AW14: 0 | AX14: 3087062.2 | AY14: 3087062.2 | AZ14: 63834.021 | BA14: 607.98706 | BB14: 0 | BC14: 0 | BD14: 0 | BE14: 0 | BF14: 0 | BG14: 0 | BH14: #DIV/0! | BI14: 0 | BJ14: 0 | BK14: 0 | BL14: 0 | BM14: 0 | BN14: 0 | BO14: 0 | BP14: 0 | BQ14: 0 | BR14: 0 | BS14: 0 | BT14: 0 | BU14: #DIV/0! | BV14: 0 | BW14: 0 | BX14: 0 | BY14: 0 | BZ14: 0 | CA14: 0
A15: Atividade A040202: Contribuições para o Regime de Capitalização | B15: 41526303 | C15: 66277867 | D15: 64277867 | E15: 52506564 | F15: 52506564 | G15: 52506564 | H15: 0.79221868 | I15: 13771303 | J15: 2000000 | K15: 13771303 | L15: 11771303 | M15: 0 | N15: 0 | O15: 0 | P15: 0 | Q15: 0 | R15: 0 | S15: 0 | T15: 0 | U15: #DIV/0! | V15: 0 | W15: 0 | X15: 0 | Y15: 0 | Z15: 0 | AA15: 0 | AB15: 0 | AC15: 0 | AD15: 0 | AE15: 0 | AF15: 0 | AG15: 0 | AH15: #DIV/0! | AI15: 0 | AJ15: 0 | AK15: 0 | AL15: 0 | AM15: 0 | AN15: 0 | AO15: 41526303 | AP15: 66277867 | AQ15: 64277867 | AR15: 52506564 | AS15: 52506564 | AT15: 52506564 | AU15: 0.79221868 | AV15: 13771303 | AW15: 2000000 | AX15: 13771303 | AY15: 11771303 | AZ15: 0 | BA15: 0 | BB15: 0 | BC15: 0 | BD15: 0 | BE15: 0 | BF15: 0 | BG15: 0 | BH15: #DIV/0! | BI15: 0 | BJ15: 0 | BK15: 0 | BL15: 0 | BM15: 0 | BN15: 0 | BO15: 0 | BP15: 0 | BQ15: 0 | BR15: 0 | BS15: 0 | BT15: 0 | BU15: #DIV/0! | BV15: 0 | BW15: 0 | BX15: 0 | BY15: 0 | BZ15: 0 | CA15: 0
A16: Programa A05 - Regime Não Contributivo | B16: 104250000 | C16: 104250000 | D16: 104250000 | E16: 70606713 | F16: 70294131 | G16: 70263771 | H16: 0.67399301 | I16: 33986229 | J16: 0 | K16: 33643287 | L16: 33643287 | M16: 312582.4 | N16: 30360 | O16: 0 | P16: 0 | Q16: 0 | R16: 0 | S16: 0 | T16: 0 | U16: #DIV/0! | V16: 0 | W16: 0 | X16: 0 | Y16: 0 | Z16: 0 | AA16: 0 | AB16: 0 | AC16: 0 | AD16: 0 | AE16: 0 | AF16: 0 | AG16: 0 | AH16: #DIV/0! | AI16: 0 | AJ16: 0 | AK16: 0 | AL16: 0 | AM16: 0 | AN16: 0 | AO16: 104250000 | AP16: 104250000 | AQ16: 104250000 | AR16: 70606713 | AS16: 70294131 | AT16: 70263771 | AU16: 0.67399301 | AV16: 33986229 | AW16: 0 | AX16: 33643287 | AY16: 33643287 | AZ16: 312582.4 | BA16: 30360 | BB16: 0 | BC16: 0 | BD16: 0 | BE16: 0 | BF16: 0 | BG16: 0 | BH16: #DIV/0! | BI16: 0 | BJ16: 0 | BK16: 0 | BL16: 0 | BM16: 0 | BN16: 0 | BO16: 0 | BP16: 0 | BQ16: 0 | BR16: 0 | BS16: 0 | BT16: 0 | BU16: #DIV/0! | BV16: 0 | BW16: 0 | BX16: 0 | BY16: 0 | BZ16: 0 | CA16: 0
A17: Subprograma A0501 - Proteção Social de Cidadania | B17: 104250000 | C17: 104250000 | D17: 104250000 | E17: 70606713 | F17: 70294131 | G17: 70263771 | H17: 0.67399301 | I17: 33986229 | J17: 0 | K17: 33643287 | L17: 33643287 | M17: 312582.4 | N17: 30360 | O17: 0 | P17: 0 | Q17: 0 | R17: 0 | S17: 0 | T17: 0 | U17: #DIV/0! | V17: 0 | W17: 0 | X17: 0 | Y17: 0 | Z17: 0 | AA17: 0 | AB17: 0 | AC17: 0 | AD17: 0 | AE17: 0 | AF17: 0 | AG17: 0 | AH17: #DIV/0! | AI17: 0 | AJ17: 0 | AK17: 0 | AL17: 0 | AM17: 0 | AN17: 0 | AO17: 104250000 | AP17: 104250000 | AQ17: 104250000 | AR17: 70606713 | AS17: 70294131 | AT17: 70263771 | AU17: 0.67399301 | AV17: 33986229 | AW17: 0 | AX17: 33643287 | AY17: 33643287 | AZ17: 312582.4 | BA17: 30360 | BB17: 0 | BC17: 0 | BD17: 0 | BE17: 0 | BF17: 0 | BG17: 0 | BH17: #DIV/0! | BI17: 0 | BJ17: 0 | BK17: 0 | BL17: 0 | BM17: 0 | BN17: 0 | BO17: 0 | BP17: 0 | BQ17: 0 | BR17: 0 | BS17: 0 | BT17: 0 | BU17: #DIV/0! | BV17: 0 | BW17: 0 | BX17: 0 | BY17: 0 | BZ17: 0 | CA17: 0
A18: Atividade A050101: Pagamento de prestações sociais não contributivas | B18: 104250000 | C18: 104250000 | D18: 104250000 | E18: 70606713 | F18: 70294131 | G18: 70263771 | H18: 0.67399301 | I18: 33986229 | J18: 0 | K18: 33643287 | L18: 33643287 | M18: 312582.4 | N18: 30360 | O18: 0 | P18: 0 | Q18: 0 | R18: 0 | S18: 0 | T18: 0 | U18: #DIV/0! | V18: 0 | W18: 0 | X18: 0 | Y18: 0 | Z18: 0 | AA18: 0 | AB18: 0 | AC18: 0 | AD18: 0 | AE18: 0 | AF18: 0 | AG18: 0 | AH18: #DIV/0! | AI18: 0 | AJ18: 0 | AK18: 0 | AL18: 0 | AM18: 0 | AN18: 0 | AO18: 104250000 | AP18: 104250000 | AQ18: 104250000 | AR18: 70606713 | AS18: 70294131 | AT18: 70263771 | AU18: 0.67399301 | AV18: 33986229 | AW18: 0 | AX18: 33643287 | AY18: 33643287 | AZ18: 312582.4 | BA18: 30360 | BB18: 0 | BC18: 0 | BD18: 0 | BE18: 0 | BF18: 0 | BG18: 0 | BH18: #DIV/0! | BI18: 0 | BJ18: 0 | BK18: 0 | BL18: 0 | BM18: 0 | BN18: 0 | BO18: 0 | BP18: 0 | BQ18: 0 | BR18: 0 | BS18: 0 | BT18: 0 | BU18: #DIV/0! | BV18: 0 | BW18: 0 | BX18: 0 | BY18: 0 | BZ18: 0 | CA18: 0
A19: Programa A06 - Administração do INSS | B19: 3500000 | C19: 3364647.2 | D19: 3314647.2 | E19: 2531217.5 | F19: 1953751.5 | G19: 1953551.4 | H19: 0.58061108 | I19: 1411095.8 | J19: 50000 | K19: 833429.66 | L19: 783429.66 | M19: 577466.07 | N19: 200.03 | O19: 2017198 | P19: 2017198 | Q19: 2017198 | R19: 1800553.4 | S19: 1354471.6 | T19: 1354471.6 | U19: 0.67146192 | V19: 662726.36 | W19: 0 | X19: 216644.62 | Y19: 216644.62 | Z19: 446081.74 | AA19: 0 | AB19: 1148995 | AC19: 1148995 | AD19: 1098995 | AE19: 618570.08 | AF19: 487185.75 | AG19: 486985.72 | AH19: 0.42383624 | AI19: 662009.28 | AJ19: 50000 | AK19: 530424.92 | AL19: 480424.92 | AM19: 131384.33 | AN19: 200.03 | AO19: 333807 | AP19: 198454.21 | AQ19: 198454.21 | AR19: 112094.09 | AS19: 112094.09 | AT19: 112094.09 | AU19: 0.56483604 | AV19: 86360.12 | AW19: 0 | AX19: 86360.12 | AY19: 86360.12 | AZ19: 0 | BA19: 0 | BB19: 0 | BC19: 0 | BD19: 0 | BE19: 0 | BF19: 0 | BG19: 0 | BH19: #DIV/0! | BI19: 0 | BJ19: 0 | BK19: 0 | BL19: 0 | BM19: 0 | BN19: 0 | BO19: 0 | BP19: 0 | BQ19: 0 | BR19: 0 | BS19: 0 | BT19: 0 | BU19: #DIV/0! | BV19: 0 | BW19: 0 | BX19: 0 | BY19: 0 | BZ19: 0 | CA19: 0
A20: Subprograma A0601 - Coordenação, gestão e funcionamento do INSS | B20: 3500000 | C20: 3364647.2 | D20: 3314647.2 | E20: 2531217.5 | F20: 1953751.5 | G20: 1953551.4 | H20: 0.58061108 | I20: 1411095.8 | J20: 50000 | K20: 833429.66 | L20: 783429.66 | M20: 577466.07 | N20: 200.03 | O20: 2017198 | P20: 2017198 | Q20: 2017198 | R20: 1800553.4 | S20: 1354471.6 | T20: 1354471.6 | U20: 0.67146192 | V20: 662726.36 | W20: 0 | X20: 216644.62 | Y20: 216644.62 | Z20: 446081.74 | AA20: 0 | AB20: 1148995 | AC20: 1148995 | AD20: 1098995 | AE20: 618570.08 | AF20: 487185.75 | AG20: 486985.72 | AH20: 0.42383624 | AI20: 662009.28 | AJ20: 50000 | AK20: 530424.92 | AL20: 480424.92 | AM20: 131384.33 | AN20: 200.03 | AO20: 333807 | AP20: 198454.21 | AQ20: 198454.21 | AR20: 112094.09 | AS20: 112094.09 | AT20: 112094.09 | AU20: 0.56483604 | AV20: 86360.12 | AW20: 0 | AX20: 86360.12 | AY20: 86360.12 | AZ20: 0 | BA20: 0 | BB20: 0 | BC20: 0 | BD20: 0 | BE20: 0 | BF20: 0 | BG20: 0 | BH20: #DIV/0! | BI20: 0 | BJ20: 0 | BK20: 0 | BL20: 0 | BM20: 0 | BN20: 0 | BO20: 0 | BP20: 0 | BQ20: 0 | BR20: 0 | BS20: 0 | BT20: 0 | BU20: #DIV/0! | BV20: 0 | BW20: 0 | BX20: 0 | BY20: 0 | BZ20: 0 | CA20: 0
A21: Atividade A060101: Coordenação, gestão e funcionamento de todos os serviços (operacionais e técnicos) do INSS | B21: 3306538 | C21: 3155932.2 | D21: 3105932.2 | E21: 2447380.5 | F21: 1874177.5 | G21: 1874137.4 | H21: 0.59384591 | I21: 1281794.8 | J21: 50000 | K21: 708551.66 | L21: 658551.66 | M21: 573203.07 | N21: 40.03 | O21: 2017198 | P21: 2017198 | Q21: 2017198 | R21: 1800553.4 | S21: 1354471.6 | T21: 1354471.6 | U21: 0.67146192 | V21: 662726.36 | W21: 0 | X21: 216644.62 | Y21: 216644.62 | Z21: 446081.74 | AA21: 0 | AB21: 955533 | AC21: 940280 | AD21: 890280 | AE21: 534733.08 | AF21: 407611.75 | AG21: 407571.72 | AH21: 0.43345782 | AI21: 532708.28 | AJ21: 50000 | AK21: 405546.92 | AL21: 355546.92 | AM21: 127121.33 | AN21: 40.03 | AO21: 333807 | AP21: 198454.21 | AQ21: 198454.21 | AR21: 112094.09 | AS21: 112094.09 | AT21: 112094.09 | AU21: 0.56483604 | AV21: 86360.12 | AW21: 0 | AX21: 86360.12 | AY21: 86360.12 | AZ21: 0 | BA21: 0 | BB21: 0 | BC21: 0 | BD21: 0 | BE21: 0 | BF21: 0 | BG21: 0 | BH21: #DIV/0! | BI21: 0 | BJ21: 0 | BK21: 0 | BL21: 0 | BM21: 0 | BN21: 0 | BO21: 0 | BP21: 0 | BQ21: 0 | BR21: 0 | BS21: 0 | BT21: 0 | BU21: #DIV/0! | BV21: 0 | BW21: 0 | BX21: 0 | BY21: 0 | BZ21: 0 | CA21: 0
A22: Atividade A060102: Formação em exercício dos Recursos Humanos do INSS | B22: 113335 | C22: 105588 | D22: 105588 | E22: 1718 | F22: 1718 | G22: 1718 | H22: 0.016270788 | I22: 103870 | J22: 0 | K22: 103870 | L22: 103870 | M22: 0 | N22: 0 | O22: 0 | P22: 0 | Q22: 0 | R22: 0 | S22: 0 | T22: 0 | U22: #DIV/0! | V22: 0 | W22: 0 | X22: 0 | Y22: 0 | Z22: 0 | AA22: 0 | AB22: 113335 | AC22: 105588 | AD22: 105588 | AE22: 1718 | AF22: 1718 | AG22: 1718 | AH22: 0.016270788 | AI22: 103870 | AJ22: 0 | AK22: 103870 | AL22: 103870 | AM22: 0 | AN22: 0 | AO22: 0 | AP22: 0 | AQ22: 0 | AR22: 0 | AS22: 0 | AT22: 0 | AU22: #DIV/0! | AV22: 0 | AW22: 0 | AX22: 0 | AY22: 0 | AZ22: 0 | BA22: 0 | BB22: 0 | BC22: 0 | BD22: 0 | BE22: 0 | BF22: 0 | BG22: 0 | BH22: #DIV/0! | BI22: 0 | BJ22: 0 | BK22: 0 | BL22: 0 | BM22: 0 | BN22: 0 | BO22: 0 | BP22: 0 | BQ22: 0 | BR22: 0 | BS22: 0 | BT22: 0 | BU22: #DIV/0! | BV22: 0 | BW22: 0 | BX22: 0 | BY22: 0 | BZ22: 0 | CA22: 0
A23: Atividade A060103: Elaboração de estudos e propostas técnicas visando a melhoria, alargamento, eficácia e sustentabilidade do sistema de segurança social | B23: 0 | C23: 0 | D23: 0 | E23: 0 | F23: 0 | G23: 0 | H23: #DIV/0! | I23: 0 | J23: 0 | K23: 0 | L23: 0 | M23: 0 | N23: 0 | O23: 0 | P23: 0 | Q23: 0 | R23: 0 | S23: 0 | T23: 0 | U23: #DIV/0! | V23: 0 | W23: 0 | X23: 0 | Y23: 0 | Z23: 0 | AA23: 0 | AB23: 0 | AC23: 0 | AD23: 0 | AE23: 0 | AF23: 0 | AG23: 0 | AH23: #DIV/0! | AI23: 0 | AJ23: 0 | AK23: 0 | AL23: 0 | AM23: 0 | AN23: 0 | AO23: 0 | AP23: 0 | AQ23: 0 | AR23: 0 | AS23: 0 | AT23: 0 | AU23: #DIV/0! | AV23: 0 | AW23: 0 | AX23: 0 | AY23: 0 | AZ23: 0 | BA23: 0 | BB23: 0 | BC23: 0 | BD23: 0 | BE23: 0 | BF23: 0 | BG23: 0 | BH23: #DIV/0! | BI23: 0 | BJ23: 0 | BK23: 0 | BL23: 0 | BM23: 0 | BN23: 0 | BO23: 0 | BP23: 0 | BQ23: 0 | BR23: 0 | BS23: 0 | BT23: 0 | BU23: #DIV/0! | BV23: 0 | BW23: 0 | BX23: 0 | BY23: 0 | BZ23: 0 | CA23: 0
A24: Atividade A060104: Extensão da cobertura do sistema de segurança social | B24: 80127 | C24: 103127 | D24: 103127 | E24: 82119 | F24: 77856 | G24: 77696 | H24: 0.75340115 | I24: 25431 | J24: 0 | K24: 21008 | L24: 21008 | M24: 4263 | N24: 160 | O24: 0 | P24: 0 | Q24: 0 | R24: 0 | S24: 0 | T24: 0 | U24: #DIV/0! | V24: 0 | W24: 0 | X24: 0 | Y24: 0 | Z24: 0 | AA24: 0 | AB24: 80127 | AC24: 103127 | AD24: 103127 | AE24: 82119 | AF24: 77856 | AG24: 77696 | AH24: 0.75340115 | AI24: 25431 | AJ24: 0 | AK24: 21008 | AL24: 21008 | AM24: 4263 | AN24: 160 | AO24: 0 | AP24: 0 | AQ24: 0 | AR24: 0 | AS24: 0 | AT24: 0 | AU24: #DIV/0! | AV24: 0 | AW24: 0 | AX24: 0 | AY24: 0 | AZ24: 0 | BA24: 0 | BB24: 0 | BC24: 0 | BD24: 0 | BE24: 0 | BF24: 0 | BG24: 0 | BH24: #DIV/0! | BI24: 0 | BJ24: 0 | BK24: 0 | BL24: 0 | BM24: 0 | BN24: 0 | BO24: 0 | BP24: 0 | BQ24: 0 | BR24: 0 | BS24: 0 | BT24: 0 | BU24: #DIV/0! | BV24: 0 | BW24: 0 | BX24: 0 | BY24: 0 | BZ24: 0 | CA24: 0
A25: Subprograma A0602 - Investimento Estratégico do INSS | B25: 0 | C25: 0 | D25: 0 | E25: 0 | F25: 0 | G25: 0 | H25: #DIV/0! | I25: 0 | J25: 0 | K25: 0 | L25: 0 | M25: 0 | N25: 0 | O25: 0 | P25: 0 | Q25: 0 | R25: 0 | S25: 0 | T25: 0 | U25: #DIV/0! | V25: 0 | W25: 0 | X25: 0 | Y25: 0 | Z25: 0 | AA25: 0 | AB25: 0 | AC25: 0 | AD25: 0 | AE25: 0 | AF25: 0 | AG25: 0 | AH25: #DIV/0! | AI25: 0 | AJ25: 0 | AK25: 0 | AL25: 0 | AM25: 0 | AN25: 0 | AO25: 0 | AP25: 0 | AQ25: 0 | AR25: 0 | AS25: 0 | AT25: 0 | AU25: #DIV/0! | AV25: 0 | AW25: 0 | AX25: 0 | AY25: 0 | AZ25: 0 | BA25: 0 | BB25: 0 | BC25: 0 | BD25: 0 | BE25: 0 | BF25: 0 | BG25: 0 | BH25: #DIV/0! | BI25: 0 | BJ25: 0 | BK25: 0 | BL25: 0 | BM25: 0 | BN25: 0 | BO25: 0 | BP25: 0 | BQ25: 0 | BR25: 0 | BS25: 0 | BT25: 0 | BU25: #DIV/0! | BV25: 0 | BW25: 0 | BX25: 0 | BY25: 0 | BZ25: 0 | CA25: 0
A26: Atividade A060201: Construção do Sistema de Informação da Segurança Social | B26: 0 | C26: 0 | D26: 0 | E26: 0 | F26: 0 | G26: 0 | H26: #DIV/0! | I26: 0 | J26: 0 | K26: 0 | L26: 0 | M26: 0 | N26: 0 | O26: 0 | P26: 0 | Q26: 0 | R26: 0 | S26: 0 | T26: 0 | U26: #DIV/0! | V26: 0 | W26: 0 | X26: 0 | Y26: 0 | Z26: 0 | AA26: 0 | AB26: 0 | AC26: 0 | AD26: 0 | AE26: 0 | AF26: 0 | AG26: 0 | AH26: #DIV/0! | AI26: 0 | AJ26: 0 | AK26: 0 | AL26: 0 | AM26: 0 | AN26: 0 | AO26: 0 | AP26: 0 | AQ26: 0 | AR26: 0 | AS26: 0 | AT26: 0 | AU26: #DIV/0! | AV26: 0 | AW26: 0 | AX26: 0 | AY26: 0 | AZ26: 0 | BA26: 0 | BB26: 0 | BC26: 0 | BD26: 0 | BE26: 0 | BF26: 0 | BG26: 0 | BH26: #DIV/0! | BI26: 0 | BJ26: 0 | BK26: 0 | BL26: 0 | BM26: 0 | BN26: 0 | BO26: 0 | BP26: 0 | BQ26: 0 | BR26: 0 | BS26: 0 | BT26: 0 | BU26: #DIV/0! | BV26: 0 | BW26: 0 | BX26: 0 | BY26: 0 | BZ26: 0 | CA26: 0
A27: Atividade A060202: Apetrechamento das instalações do INSS | B27: 0 | C27: 0 | D27: 0 | E27: 0 | F27: 0 | G27: 0 | H27: #DIV/0! | I27: 0 | J27: 0 | K27: 0 | L27: 0 | M27: 0 | N27: 0 | O27: 0 | P27: 0 | Q27: 0 | R27: 0 | S27: 0 | T27: 0 | U27: #DIV/0! | V27: 0 | W27: 0 | X27: 0 | Y27: 0 | Z27: 0 | AA27: 0 | AB27: 0 | AC27: 0 | AD27: 0 | AE27: 0 | AF27: 0 | AG27: 0 | AH27: #DIV/0! | AI27: 0 | AJ27: 0 | AK27: 0 | AL27: 0 | AM27: 0 | AN27: 0 | AO27: 0 | AP27: 0 | AQ27: 0 | AR27: 0 | AS27: 0 | AT27: 0 | AU27: #DIV/0! | AV27: 0 | AW27: 0 | AX27: 0 | AY27: 0 | AZ27: 0 | BA27: 0 | BB27: 0 | BC27: 0 | BD27: 0 | BE27: 0 | BF27: 0 | BG27: 0 | BH27: #DIV/0! | BI27: 0 | BJ27: 0 | BK27: 0 | BL27: 0 | BM27: 0 | BN27: 0 | BO27: 0 | BP27: 0 | BQ27: 0 | BR27: 0 | BS27: 0 | BT27: 0 | BU27: #DIV/0! | BV27: 0 | BW27: 0 | BX27: 0 | BY27: 0 | BZ27: 0 | CA27: 0
A28: Atividade A060203: Construção do Novo Edificio da Seguranca Social | B28: 0 | C28: 0 | D28: 0 | E28: 0 | F28: 0 | G28: 0 | H28: #DIV/0! | I28: 0 | J28: 0 | K28: 0 | L28: 0 | M28: 0 | N28: 0 | O28: 0 | P28: 0 | Q28: 0 | R28: 0 | S28: 0 | T28: 0 | U28: #DIV/0! | V28: 0 | W28: 0 | X28: 0 | Y28: 0 | Z28: 0 | AA28: 0 | AB28: 0 | AC28: 0 | AD28: 0 | AE28: 0 | AF28: 0 | AG28: 0 | AH28: #DIV/0! | AI28: 0 | AJ28: 0 | AK28: 0 | AL28: 0 | AM28: 0 | AN28: 0 | AO28: 0 | AP28: 0 | AQ28: 0 | AR28: 0 | AS28: 0 | AT28: 0 | AU28: #DIV/0! | AV28: 0 | AW28: 0 | AX28: 0 | AY28: 0 | AZ28: 0 | BA28: 0 | BB28: 0 | BC28: 0 | BD28: 0 | BE28: 0 | BF28: 0 | BG28: 0 | BH28: #DIV/0! | BI28: 0 | BJ28: 0 | BK28: 0 | BL28: 0 | BM28: 0 | BN28: 0 | BO28: 0 | BP28: 0 | BQ28: 0 | BR28: 0 | BS28: 0 | BT28: 0 | BU28: #DIV/0! | BV28: 0 | BW28: 0 | BX28: 0 | BY28: 0 | BZ28: 0 | CA28: 0
A29: TOTAL INSS | B29: 170399205 | C29: 1.9777042e+08 | D29: 1.9572042e+08 | E29: 1.3818365e+08 | F29: 1.3721718e+08 | G29: 1.3718601e+08 | H29: 0.69366296 | I29: 60584403 | J29: 2050000 | K29: 59586768 | L29: 57536768 | M29: 966467.12 | N29: 31168.017 | O29: 2017198 | P29: 2017198 | Q29: 2017198 | R29: 1800553.4 | S29: 1354471.6 | T29: 1354471.6 | U29: 0.67146192 | V29: 662726.36 | W29: 0 | X29: 216644.62 | Y29: 216644.62 | Z29: 446081.74 | AA29: 0 | AB29: 1148995 | AC29: 1148995 | AD29: 1098995 | AE29: 618570.08 | AF29: 487185.75 | AG29: 486985.72 | AH29: 0.42383624 | AI29: 662009.28 | AJ29: 50000 | AK29: 530424.92 | AL29: 480424.92 | AM29: 131384.33 | AN29: 200.03 | AO29: 167233012 | AP29: 1.9460422e+08 | AQ29: 1.9260422e+08 | AR29: 1.3576452e+08 | AS29: 1.3537552e+08 | AT29: 1.3534456e+08 | AU29: 0.69548622 | AV29: 59259668 | AW29: 2000000 | AX29: 58839699 | AY29: 56839699 | AZ29: 389001.05 | BA29: 30967.987 | BB29: 0 | BC29: 0 | BD29: 0 | BE29: 0 | BF29: 0 | BG29: 0 | BH29: #DIV/0! | BI29: 0 | BJ29: 0 | BK29: 0 | BL29: 0 | BM29: 0 | BN29: 0 | BO29: 0 | BP29: 0 | BQ29: 0 | BR29: 0 | BS29: 0 | BT29: 0 | BU29: #DIV/0! | BV29: 0 | BW29: 0 | BX29: 0 | BY29: 0 | BZ29: 0 | CA29: 0
A30: TOTAL INSS CONSOLIDADO | B30: 170065398 | C30: 1.9757196e+08 | D30: 1.9552196e+08 | E30: 1.3807155e+08 | F30: 1.3710509e+08 | G30: 1.3707392e+08 | H30: 0.69379237 | I30: 43661596 | J30: 50000 | K30: 42728403 | L30: 42678403 | M30: 902633.09 | N30: 30560.03 | O30: 2017198 | P30: 2017198 | Q30: 2017198 | R30: 1800553.4 | S30: 1354471.6 | T30: 1354471.6 | U30: 0.67146192 | V30: 662726.36 | W30: 0 | X30: 216644.62 | Y30: 216644.62 | Z30: 446081.74 | AA30: 0 | AB30: 1148995 | AC30: 1148995 | AD30: 1098995 | AE30: 618570.08 | AF30: 487185.75 | AG30: 486985.72 | AH30: 0.42383624 | AI30: 662009.28 | AJ30: 50000 | AK30: 530424.92 | AL30: 480424.92 | AM30: 131384.33 | AN30: 200.03 | AO30: 166899205 | AP30: 1.9440577e+08 | AQ30: 1.9240577e+08 | AR30: 1.3565243e+08 | AS30: 1.3526343e+08 | AT30: 1.3523246e+08 | AU30: 0.69561959 | AV30: 42336861 | AW30: 0 | AX30: 41981334 | AY30: 41981334 | AZ30: 325167.02 | BA30: 30360 | BB30: 0 | BC30: 0 | BD30: 0 | BE30: 0 | BF30: 0 | BG30: 0 | BH30: #DIV/0! | BI30: 0 | BJ30: 0 | BK30: 0 | BL30: 0 | BM30: 0 | BN30: 0 | BO30: 0 | BP30: 0 | BQ30: 0 | BR30: 0 | BS30: 0 | BT30: 0 | BU30: #DIV/0! | BV30: 0 | BW30: 0 | BX30: 0 | BY30: 0 | BZ30: 0 | CA30: 0
A36: EXECUÇÃO ORÇAMENTAL - ORÇAMENTO DA SEGURANÇA SOCIAL
A37: 107 - FUNDO DE RESERVA DA SEGURANÇA SOCIAL
A38: SETEMBRO 2026
A40: Programa/Subprograma/Atividade | B40: TOTAL | O40: SALÁRIOS E VENCIMENTOS | AB40: BENS E SERVIÇOS | AO40: TRANSFERÊNCIAS PÚBLICAS | BB40: CAPITAL MENOR | BO40: CAPITAL DE DESENVOLVIMENTO
B41: OSS inicial | C41: OSS corrigido | D41: Cabimentos | E41: Compromissos | F41: Obrigações | G41: Despesa Executada | H41: Taxa Execução (%) | I41: Saldo Execução | J41: Saldo disponível (Execução+Cabimentos) | K41: Saldo não comprometido | L41: Valor Cabimentado e não comprometido | M41: Valor Comprometido e não liquidado | N41: Valor Liquidado e não pago (DIVIDA) | O41: OSS inicial | P41: OSS corrigido | Q41: Cabimentos | R41: Compromissos | S41: Obrigações | T41: Despesa Executada | U41: Taxa Execução (%) | V41: Saldo Execução | W41: Saldo disponível (Execução+Cabimentos) | X41: Saldo não comprometido | Y41: Valor Cabimentado e não comprometido | Z41: Valor Comprometido e não liquidado | AA41: Valor Liquidado e não pago (DIVIDA) | AB41: OSS inicial | AC41: OSS corrigido | AD41: Cabimentos | AE41: Compromissos | AF41: Obrigações | AG41: Despesa Executada | AH41: Taxa Execução (%) | AI41: Saldo Execução | AJ41: Saldo disponível (Execução+Cabimentos) | AK41: Saldo não comprometido | AL41: Valor Cabimentado e não comprometido | AM41: Valor Comprometido e não liquidado | AN41: Valor Liquidado e não pago (DIVIDA) | AO41: OSS inicial | AP41: OSS corrigido | AQ41: Cabimentos | AR41: Compromissos | AS41: Obrigações | AT41: Despesa Executada | AU41: Taxa Execução (%) | AV41: Saldo Execução | AW41: Saldo disponível (Execução+Cabimentos) | AX41: Saldo não comprometido | AY41: Valor Cabimentado e não comprometido | AZ41: Valor Comprometido e não liquidado | BA41: Valor Liquidado e não pago (DIVIDA) | BB41: OSS inicial | BC41: OSS corrigido | BD41: Cabimentos | BE41: Compromissos | BF41: Obrigações | BG41: Despesa Executada | BH41: Taxa Execução (%) | BI41: Saldo Execução | BJ41: Saldo disponível (Execução+Cabimentos) | BK41: Saldo não comprometido | BL41: Valor Cabimentado e não comprometido | BM41: Valor Comprometido e não liquidado | BN41: Valor Liquidado e não pago (DIVIDA) | BO41: OSS inicial | BP41: OSS corrigido | BQ41: Cabimentos | BR41: Compromissos | BS41: Obrigações | BT41: Despesa Executada | BU41: Taxa Execução (%) | BV41: Saldo Execução | BW41: Saldo disponível (Execução+Cabimentos) | BX41: Saldo não comprometido | BY41: Valor Cabimentado e não comprometido | BZ41: Valor Comprometido e não liquidado | CA41: Valor Liquidado e não pago (DIVIDA)
B42: (1) | C42: (2) | D42: (3) | E42: (4) | F42: (5) | G42: (6) | H42: (7) | I42: (8) = (2) - (6) | J42: (9) = (2) - (3) | K42: (10) = (2) - (4) | L42: (11) = (3) - (4) | M42: (12) = (4) - (5) | N42: (13) = (5) - (6) | O42: (1) | P42: (2) | Q42: (3) | R42: (4) | S42: (5) | T42: (6) | U42: (7) | V42: (8) = (2) - (6) | W42: (9) = (2) - (3) | X42: (10) = (2) - (4) | Y42: (11) = (3) - (4) | Z42: (12) = (4) - (5) | AA42: (13) = (5) - (6) | AB42: (1) | AC42: (2) | AD42: (3) | AE42: (4) | AF42: (5) | AG42: (6) | AH42: (7) | AI42: (8) = (2) - (6) | AJ42: (9) = (2) - (3) | AK42: (10) = (2) - (4) | AL42: (11) = (3) - (4) | AM42: (12) = (4) - (5) | AN42: (13) = (5) - (6) | AO42: (1) | AP42: (2) | AQ42: (3) | AR42: (4) | AS42: (5) | AT42: (6) | AU42: (7) | AV42: (8) = (2) - (6) | AW42: (9) = (2) - (3) | AX42: (10) = (2) - (4) | AY42: (11) = (3) - (4) | AZ42: (12) = (4) - (5) | BA42: (13) = (5) - (6) | BB42: (1) | BC42: (2) | BD42: (3) | BE42: (4) | BF42: (5) | BG42: (6) | BH42: (7) | BI42: (8) = (2) - (6) | BJ42: (9) = (2) - (3) | BK42: (10) = (2) - (4) | BL42: (11) = (3) - (4) | BM42: (12) = (4) - (5) | BN42: (13) = (5) - (6) | BO42: (1) | BP42: (2) | BQ42: (3) | BR42: (4) | BS42: (5) | BT42: (6) | BU42: (7) | BV42: (8) = (2) - (6) | BW42: (9) = (2) - (3) | BX42: (10) = (2) - (4) | BY42: (11) = (3) - (4) | BZ42: (12) = (4) - (5) | CA42: (13) = (5) - (6)
A43: Programa A07 - Administração do FRSS | B43: 333807 | C43: 333807 | D43: 291086.4 | E43: 103398.51 | F43: 90828.33 | G43: 90828.33 | H43: 0.27209834 | I43: 242978.67 | J43: 42720.6 | K43: 230408.49 | L43: 187687.89 | M43: 12570.18 | N43: 0 | O43: 0 | P43: 0 | Q43: 0 | R43: 0 | S43: 0 | T43: 0 | U43: #DIV/0! | V43: 0 | W43: 0 | X43: 0 | Y43: 0 | Z43: 0 | AA43: 0 | AB43: 333807 | AC43: 333007 | AD43: 290586.4 | AE43: 103398.51 | AF43: 90828.33 | AG43: 90828.33 | AH43: 0.27275201 | AI43: 242178.67 | AJ43: 42420.6 | AK43: 229608.49 | AL43: 187187.89 | AM43: 12570.18 | AN43: 0 | AO43: 0 | AP43: 0 | AQ43: 0 | AR43: 0 | AS43: 0 | AT43: 0 | AU43: #DIV/0! | AV43: 0 | AW43: 0 | AX43: 0 | AY43: 0 | AZ43: 0 | BA43: 0 | BB43: 0 | BC43: 800 | BD43: 500 | BE43: 0 | BF43: 0 | BG43: 0 | BH43: 0 | BI43: 800 | BJ43: 300 | BK43: 800 | BL43: 500 | BM43: 0 | BN43: 0 | BO43: 0 | BP43: 0 | BQ43: 0 | BR43: 0 | BS43: 0 | BT43: 0 | BU43: #DIV/0! | BV43: 0 | BW43: 0 | BX43: 0 | BY43: 0 | BZ43: 0 | CA43: 0
A44: Subprograma A0701 - Coordenação, gestão e funcionamento do FRSS | B44: 333807 | C44: 333807 | D44: 291086.4 | E44: 103398.51 | F44: 90828.33 | G44: 90828.33 | H44: 0.27209834 | I44: 242978.67 | J44: 42720.6 | K44: 230408.49 | L44: 187687.89 | M44: 12570.18 | N44: 0 | O44: 0 | P44: 0 | Q44: 0 | R44: 0 | S44: 0 | T44: 0 | U44: #DIV/0! | V44: 0 | W44: 0 | X44: 0 | Y44: 0 | Z44: 0 | AA44: 0 | AB44: 333807 | AC44: 333007 | AD44: 290586.4 | AE44: 103398.51 | AF44: 90828.33 | AG44: 90828.33 | AH44: 0.27275201 | AI44: 242178.67 | AJ44: 42420.6 | AK44: 229608.49 | AL44: 187187.89 | AM44: 12570.18 | AN44: 0 | AO44: 0 | AP44: 0 | AQ44: 0 | AR44: 0 | AS44: 0 | AT44: 0 | AU44: #DIV/0! | AV44: 0 | AW44: 0 | AX44: 0 | AY44: 0 | AZ44: 0 | BA44: 0 | BB44: 0 | BC44: 800 | BD44: 500 | BE44: 0 | BF44: 0 | BG44: 0 | BH44: 0 | BI44: 800 | BJ44: 300 | BK44: 800 | BL44: 500 | BM44: 0 | BN44: 0 | BO44: 0 | BP44: 0 | BQ44: 0 | BR44: 0 | BS44: 0 | BT44: 0 | BU44: #DIV/0! | BV44: 0 | BW44: 0 | BX44: 0 | BY44: 0 | BZ44: 0 | CA44: 0
A45: Atividade A070101: Funcionamento de todos os serviços e unidades orgânicas do Instituto FRSS | B45: 188177 | C45: 188177 | D45: 159807 | E45: 103398.51 | F45: 90828.33 | G45: 90828.33 | H45: 0.48267498 | I45: 97348.67 | J45: 28370 | K45: 84778.49 | L45: 56408.49 | M45: 12570.18 | N45: 0 | O45: 0 | P45: 0 | Q45: 0 | R45: 0 | S45: 0 | T45: 0 | U45: #DIV/0! | V45: 0 | W45: 0 | X45: 0 | Y45: 0 | Z45: 0 | AA45: 0 | AB45: 188177 | AC45: 187377 | AD45: 159307 | AE45: 103398.51 | AF45: 90828.33 | AG45: 90828.33 | AH45: 0.48473575 | AI45: 96548.67 | AJ45: 28070 | AK45: 83978.49 | AL45: 55908.49 | AM45: 12570.18 | AN45: 0 | AO45: 0 | AP45: 0 | AQ45: 0 | AR45: 0 | AS45: 0 | AT45: 0 | AU45: #DIV/0! | AV45: 0 | AW45: 0 | AX45: 0 | AY45: 0 | AZ45: 0 | BA45: 0 | BB45: 0 | BC45: 800 | BD45: 500 | BE45: 0 | BF45: 0 | BG45: 0 | BH45: 0 | BI45: 800 | BJ45: 300 | BK45: 800 | BL45: 500 | BM45: 0 | BN45: 0 | BO45: 0 | BP45: 0 | BQ45: 0 | BR45: 0 | BS45: 0 | BT45: 0 | BU45: #DIV/0! | BV45: 0 | BW45: 0 | BX45: 0 | BY45: 0 | BZ45: 0 | CA45: 0
A46: Atividade A070102: Capacitação técnica e especializada dos Recursos Humanos do FRSS | B46: 145630 | C46: 145630 | D46: 131279.4 | E46: 0 | F46: 0 | G46: 0 | H46: 0 | I46: 145630 | J46: 14350.6 | K46: 145630 | L46: 131279.4 | M46: 0 | N46: 0 | O46: 0 | P46: 0 | Q46: 0 | R46: 0 | S46: 0 | T46: 0 | U46: #DIV/0! | V46: 0 | W46: 0 | X46: 0 | Y46: 0 | Z46: 0 | AA46: 0 | AB46: 145630 | AC46: 145630 | AD46: 131279.4 | AE46: 0 | AF46: 0 | AG46: 0 | AH46: 0 | AI46: 145630 | AJ46: 14350.6 | AK46: 145630 | AL46: 131279.4 | AM46: 0 | AN46: 0 | AO46: 0 | AP46: 0 | AQ46: 0 | AR46: 0 | AS46: 0 | AT46: 0 | AU46: #DIV/0! | AV46: 0 | AW46: 0 | AX46: 0 | AY46: 0 | AZ46: 0 | BA46: 0 | BB46: 0 | BC46: 0 | BD46: 0 | BE46: 0 | BF46: 0 | BG46: 0 | BH46: #DIV/0! | BI46: 0 | BJ46: 0 | BK46: 0 | BL46: 0 | BM46: 0 | BN46: 0 | BO46: 0 | BP46: 0 | BQ46: 0 | BR46: 0 | BS46: 0 | BT46: 0 | BU46: #DIV/0! | BV46: 0 | BW46: 0 | BX46: 0 | BY46: 0 | BZ46: 0 | CA46: 0
A47: Subprograma A0702 - Investimento Estratégico do FRSS | B47: 0 | C47: 0 | D47: 0 | E47: 0 | F47: 0 | G47: 0 | H47: #DIV/0! | I47: 0 | J47: 0 | K47: 0 | L47: 0 | M47: 0 | N47: 0 | O47: 0 | P47: 0 | Q47: 0 | R47: 0 | S47: 0 | T47: 0 | U47: #DIV/0! | V47: 0 | W47: 0 | X47: 0 | Y47: 0 | Z47: 0 | AA47: 0 | AB47: 0 | AC47: 0 | AD47: 0 | AE47: 0 | AF47: 0 | AG47: 0 | AH47: #DIV/0! | AI47: 0 | AJ47: 0 | AK47: 0 | AL47: 0 | AM47: 0 | AN47: 0 | AO47: 0 | AP47: 0 | AQ47: 0 | AR47: 0 | AS47: 0 | AT47: 0 | AU47: #DIV/0! | AV47: 0 | AW47: 0 | AX47: 0 | AY47: 0 | AZ47: 0 | BA47: 0 | BB47: 0 | BC47: 0 | BD47: 0 | BE47: 0 | BF47: 0 | BG47: 0 | BH47: #DIV/0! | BI47: 0 | BJ47: 0 | BK47: 0 | BL47: 0 | BM47: 0 | BN47: 0 | BO47: 0 | BP47: 0 | BQ47: 0 | BR47: 0 | BS47: 0 | BT47: 0 | BU47: #DIV/0! | BV47: 0 | BW47: 0 | BX47: 0 | BY47: 0 | BZ47: 0 | CA47: 0
A48: Atividade A070201: Instalação e Aquisição de Equipamentos no FRSS | B48: 0 | C48: 0 | D48: 0 | E48: 0 | F48: 0 | G48: 0 | H48: #DIV/0! | I48: 0 | J48: 0 | K48: 0 | L48: 0 | M48: 0 | N48: 0 | O48: 0 | P48: 0 | Q48: 0 | R48: 0 | S48: 0 | T48: 0 | U48: #DIV/0! | V48: 0 | W48: 0 | X48: 0 | Y48: 0 | Z48: 0 | AA48: 0 | AB48: 0 | AC48: 0 | AD48: 0 | AE48: 0 | AF48: 0 | AG48: 0 | AH48: #DIV/0! | AI48: 0 | AJ48: 0 | AK48: 0 | AL48: 0 | AM48: 0 | AN48: 0 | AO48: 0 | AP48: 0 | AQ48: 0 | AR48: 0 | AS48: 0 | AT48: 0 | AU48: #DIV/0! | AV48: 0 | AW48: 0 | AX48: 0 | AY48: 0 | AZ48: 0 | BA48: 0 | BB48: 0 | BC48: 0 | BD48: 0 | BE48: 0 | BF48: 0 | BG48: 0 | BH48: #DIV/0! | BI48: 0 | BJ48: 0 | BK48: 0 | BL48: 0 | BM48: 0 | BN48: 0 | BO48: 0 | BP48: 0 | BQ48: 0 | BR48: 0 | BS48: 0 | BT48: 0 | BU48: #DIV/0! | BV48: 0 | BW48: 0 | BX48: 0 | BY48: 0 | BZ48: 0 | CA48: 0
A49: TOTAL FRSS | B49: 333807 | C49: 333807 | D49: 291086.4 | E49: 103398.51 | F49: 90828.33 | G49: 90828.33 | H49: 0.27209834 | I49: 242978.67 | J49: 42720.6 | K49: 230408.49 | L49: 187687.89 | M49: 12570.18 | N49: 0 | O49: 0 | P49: 0 | Q49: 0 | R49: 0 | S49: 0 | T49: 0 | U49: #DIV/0! | V49: 0 | W49: 0 | X49: 0 | Y49: 0 | Z49: 0 | AA49: 0 | AB49: 333807 | AC49: 333007 | AD49: 290586.4 | AE49: 103398.51 | AF49: 90828.33 | AG49: 90828.33 | AH49: 0.27275201 | AI49: 242178.67 | AJ49: 42420.6 | AK49: 229608.49 | AL49: 187187.89 | AM49: 12570.18 | AN49: 0 | AO49: 0 | AP49: 0 | AQ49: 0 | AR49: 0 | AS49: 0 | AT49: 0 | AU49: #DIV/0! | AV49: 0 | AW49: 0 | AX49: 0 | AY49: 0 | AZ49: 0 | BA49: 0 | BB49: 0 | BC49: 800 | BD49: 500 | BE49: 0 | BF49: 0 | BG49: 0 | BH49: 0 | BI49: 800 | BJ49: 300 | BK49: 800 | BL49: 500 | BM49: 0 | BN49: 0 | BO49: 0 | BP49: 0 | BQ49: 0 | BR49: 0 | BS49: 0 | BT49: 0 | BU49: #DIV/0! | BV49: 0 | BW49: 0 | BX49: 0 | BY49: 0 | BZ49: 0 | CA49: 0
A50: TOTAL FRSS CONSOLIDADO | B50: 333807 | C50: 333807 | D50: 291086.4 | E50: 103398.51 | F50: 90828.33 | G50: 90828.33 | H50: 0.27209834 | I50: 242978.67 | J50: 42720.6 | K50: 230408.49 | L50: 187687.89 | M50: 12570.18 | N50: 0 | O50: 0 | P50: 0 | Q50: 0 | R50: 0 | S50: 0 | T50: 0 | U50: #DIV/0! | V50: 0 | W50: 0 | X50: 0 | Y50: 0 | Z50: 0 | AA50: 0 | AB50: 333807 | AC50: 333007 | AD50: 290586.4 | AE50: 103398.51 | AF50: 90828.33 | AG50: 90828.33 | AH50: 0.27275201 | AI50: 242178.67 | AJ50: 42420.6 | AK50: 229608.49 | AL50: 187187.89 | AM50: 12570.18 | AN50: 0 | AO50: 0 | AP50: 0 | AQ50: 0 | AR50: 0 | AS50: 0 | AT50: 0 | AU50: #DIV/0! | AV50: 0 | AW50: 0 | AX50: 0 | AY50: 0 | AZ50: 0 | BA50: 0 | BB50: 0 | BC50: 800 | BD50: 500 | BE50: 0 | BF50: 0 | BG50: 0 | BH50: 0 | BI50: 800 | BJ50: 300 | BK50: 800 | BL50: 500 | BM50: 0 | BN50: 0 | BO50: 0 | BP50: 0 | BQ50: 0 | BR50: 0 | BS50: 0 | BT50: 0 | BU50: #DIV/0! | BV50: 0 | BW50: 0 | BX50: 0 | BY50: 0 | BZ50: 0 | CA50: 0
A56: EXECUÇÃO ORÇAMENTAL - ORÇAMENTO DA SEGURANÇA SOCIAL
A57: INSS E FRSS
A58: SETEMBRO 2026
A60: Programa/Subprograma/Atividade | B60: TOTAL | O60: SALÁRIOS E VENCIMENTOS | AB60: BENS E SERVIÇOS | AO60: TRANSFERÊNCIAS PÚBLICAS | BB60: CAPITAL MENOR | BO60: CAPITAL DE DESENVOLVIMENTO
B61: OSS inicial | C61: OSS corrigido | D61: Cabimentos | E61: Compromissos | F61: Obrigações | G61: Despesa Executada | H61: Taxa Execução (%) | I61: Saldo Execução | J61: Saldo disponível (Execução+Cabimentos) | K61: Saldo não comprometido | L61: Valor Cabimentado e não comprometido | M61: Valor Comprometido e não liquidado | N61: Valor Liquidado e não pago (DIVIDA) | O61: OSS inicial | P61: OSS corrigido | Q61: Cabimentos | R61: Compromissos | S61: Obrigações | T61: Despesa Executada | U61: Taxa Execução (%) | V61: Saldo Execução | W61: Saldo disponível (Execução+Cabimentos) | X61: Saldo não comprometido | Y61: Valor Cabimentado e não comprometido | Z61: Valor Comprometido e não liquidado | AA61: Valor Liquidado e não pago (DIVIDA) | AB61: OSS inicial | AC61: OSS corrigido | AD61: Cabimentos | AE61: Compromissos | AF61: Obrigações | AG61: Despesa Executada | AH61: Taxa Execução (%) | AI61: Saldo Execução | AJ61: Saldo disponível (Execução+Cabimentos) | AK61: Saldo não comprometido | AL61: Valor Cabimentado e não comprometido | AM61: Valor Comprometido e não liquidado | AN61: Valor Liquidado e não pago (DIVIDA) | AO61: OSS inicial | AP61: OSS corrigido | AQ61: Cabimentos | AR61: Compromissos | AS61: Obrigações | AT61: Despesa Executada | AU61: Taxa Execução (%) | AV61: Saldo Execução | AW61: Saldo disponível (Execução+Cabimentos) | AX61: Saldo não comprometido | AY61: Valor Cabimentado e não comprometido | AZ61: Valor Comprometido e não liquidado | BA61: Valor Liquidado e não pago (DIVIDA) | BB61: OSS inicial | BC61: OSS corrigido | BD61: Cabimentos | BE61: Compromissos | BF61: Obrigações | BG61: Despesa Executada | BH61: Taxa Execução (%) | BI61: Saldo Execução | BJ61: Saldo disponível (Execução+Cabimentos) | BK61: Saldo não comprometido | BL61: Valor Cabimentado e não comprometido | BM61: Valor Comprometido e não liquidado | BN61: Valor Liquidado e não pago (DIVIDA) | BO61: OSS inicial | BP61: OSS corrigido | BQ61: Cabimentos | BR61: Compromissos | BS61: Obrigações | BT61: Despesa Executada | BU61: Taxa Execução (%) | BV61: Saldo Execução | BW61: Saldo disponível (Execução+Cabimentos) | BX61: Saldo não comprometido | BY61: Valor Cabimentado e não comprometido | BZ61: Valor Comprometido e não liquidado | CA61: Valor Liquidado e não pago (DIVIDA)
B62: (1) | C62: (2) | D62: (3) | E62: (4) | F62: (5) | G62: (6) | H62: (7) | I62: (8) = (2) - (6) | J62: (9) = (2) - (3) | K62: (10) = (2) - (4) | L62: (11) = (3) - (4) | M62: (12) = (4) - (5) | N62: (13) = (5) - (6) | O62: (1) | P62: (2) | Q62: (3) | R62: (4) | S62: (5) | T62: (6) | U62: (7) | V62: (8) = (2) - (6) | W62: (9) = (2) - (3) | X62: (10) = (2) - (4) | Y62: (11) = (3) - (4) | Z62: (12) = (4) - (5) | AA62: (13) = (5) - (6) | AB62: (1) | AC62: (2) | AD62: (3) | AE62: (4) | AF62: (5) | AG62: (6) | AH62: (7) | AI62: (8) = (2) - (6) | AJ62: (9) = (2) - (3) | AK62: (10) = (2) - (4) | AL62: (11) = (3) - (4) | AM62: (12) = (4) - (5) | AN62: (13) = (5) - (6) | AO62: (1) | AP62: (2) | AQ62: (3) | AR62: (4) | AS62: (5) | AT62: (6) | AU62: (7) | AV62: (8) = (2) - (6) | AW62: (9) = (2) - (3) | AX62: (10) = (2) - (4) | AY62: (11) = (3) - (4) | AZ62: (12) = (4) - (5) | BA62: (13) = (5) - (6) | BB62: (1) | BC62: (2) | BD62: (3) | BE62: (4) | BF62: (5) | BG62: (6) | BH62: (7) | BI62: (8) = (2) - (6) | BJ62: (9) = (2) - (3) | BK62: (10) = (2) - (4) | BL62: (11) = (3) - (4) | BM62: (12) = (4) - (5) | BN62: (13) = (5) - (6) | BO62: (1) | BP62: (2) | BQ62: (3) | BR62: (4) | BS62: (5) | BT62: (6) | BU62: (7) | BV62: (8) = (2) - (6) | BW62: (9) = (2) - (3) | BX62: (10) = (2) - (4) | BY62: (11) = (3) - (4) | BZ62: (12) = (4) - (5) | CA62: (13) = (5) - (6)
A63: Programa A04 - Regime Contributivo de Repartição | B63: 62649205 | C63: 90155769 | D63: 88155769 | E63: 65045718 | F63: 64969299 | G63: 64968691 | H63: 0.7206271 | I63: 25187078 | J63: 2000000 | K63: 25110052 | L63: 23110052 | M63: 76418.646 | N63: 607.98706 | O63: 0 | P63: 0 | Q63: 0 | R63: 0 | S63: 0 | T63: 0 | U63: #DIV/0! | V63: 0 | W63: 0 | X63: 0 | Y63: 0 | Z63: 0 | AA63: 0 | AB63: 0 | AC63: 0 | AD63: 0 | AE63: 0 | AF63: 0 | AG63: 0 | AH63: #DIV/0! | AI63: 0 | AJ63: 0 | AK63: 0 | AL63: 0 | AM63: 0 | AN63: 0 | AO63: 62649205 | AP63: 90155769 | AQ63: 88155769 | AR63: 65045718 | AS63: 64969299 | AT63: 64968691 | AU63: 0.7206271 | AV63: 25187078 | AW63: 2000000 | AX63: 25110052 | AY63: 23110052 | AZ63: 76418.646 | BA63: 607.98706 | BB63: 0 | BC63: 0 | BD63: 0 | BE63: 0 | BF63: 0 | BG63: 0 | BH63: #DIV/0! | BI63: 0 | BJ63: 0 | BK63: 0 | BL63: 0 | BM63: 0 | BN63: 0 | BO63: 0 | BP63: 0 | BQ63: 0 | BR63: 0 | BS63: 0 | BT63: 0 | BU63: #DIV/0! | BV63: 0 | BW63: 0 | BX63: 0 | BY63: 0 | BZ63: 0 | CA63: 0
A64: Subprograma A0401- Regime transitório de segurança social | B64: 16388400 | C64: 16388400 | D64: 16388400 | E64: 8136713.3 | F64: 8124128.7 | G64: 8124128.7 | H64: 0.49572434 | I64: 8264271.3 | J64: 0 | K64: 8251686.7 | L64: 8251686.7 | M64: 12584.625 | N64: 0 | O64: 0 | P64: 0 | Q64: 0 | R64: 0 | S64: 0 | T64: 0 | U64: #DIV/0! | V64: 0 | W64: 0 | X64: 0 | Y64: 0 | Z64: 0 | AA64: 0 | AB64: 0 | AC64: 0 | AD64: 0 | AE64: 0 | AF64: 0 | AG64: 0 | AH64: #DIV/0! | AI64: 0 | AJ64: 0 | AK64: 0 | AL64: 0 | AM64: 0 | AN64: 0 | AO64: 16388400 | AP64: 16388400 | AQ64: 16388400 | AR64: 8136713.3 | AS64: 8124128.7 | AT64: 8124128.7 | AU64: 0.49572434 | AV64: 8264271.3 | AW64: 0 | AX64: 8251686.7 | AY64: 8251686.7 | AZ64: 12584.625 | BA64: 0 | BB64: 0 | BC64: 0 | BD64: 0 | BE64: 0 | BF64: 0 | BG64: 0 | BH64: #DIV/0! | BI64: 0 | BJ64: 0 | BK64: 0 | BL64: 0 | BM64: 0 | BN64: 0 | BO64: 0 | BP64: 0 | BQ64: 0 | BR64: 0 | BS64: 0 | BT64: 0 | BU64: #DIV/0! | BV64: 0 | BW64: 0 | BX64: 0 | BY64: 0 | BZ64: 0 | CA64: 0
A65: Atividade A040101: Pagamento de prestações sociais de direito - regime transitório de segurança social | B65: 16388400 | C65: 16388400 | D65: 16388400 | E65: 8136713.3 | F65: 8124128.7 | G65: 8124128.7 | H65: 0.49572434 | I65: 8264271.3 | J65: 0 | K65: 8251686.7 | L65: 8251686.7 | M65: 12584.625 | N65: 0 | O65: 0 | P65: 0 | Q65: 0 | R65: 0 | S65: 0 | T65: 0 | U65: #DIV/0! | V65: 0 | W65: 0 | X65: 0 | Y65: 0 | Z65: 0 | AA65: 0 | AB65: 0 | AC65: 0 | AD65: 0 | AE65: 0 | AF65: 0 | AG65: 0 | AH65: #DIV/0! | AI65: 0 | AJ65: 0 | AK65: 0 | AL65: 0 | AM65: 0 | AN65: 0 | AO65: 16388400 | AP65: 16388400 | AQ65: 16388400 | AR65: 8136713.3 | AS65: 8124128.7 | AT65: 8124128.7 | AU65: 0.49572434 | AV65: 8264271.3 | AW65: 0 | AX65: 8251686.7 | AY65: 8251686.7 | AZ65: 12584.625 | BA65: 0 | BB65: 0 | BC65: 0 | BD65: 0 | BE65: 0 | BF65: 0 | BG65: 0 | BH65: #DIV/0! | BI65: 0 | BJ65: 0 | BK65: 0 | BL65: 0 | BM65: 0 | BN65: 0 | BO65: 0 | BP65: 0 | BQ65: 0 | BR65: 0 | BS65: 0 | BT65: 0 | BU65: #DIV/0! | BV65: 0 | BW65: 0 | BX65: 0 | BY65: 0 | BZ65: 0 | CA65: 0
A66: Subprograma A0402 - Regime geral de segurança social | B66: 46260805 | C66: 73767369 | D66: 71767369 | E66: 56909004 | F66: 56845170 | G66: 56844562 | H66: 0.77059224 | I66: 16922807 | J66: 2000000 | K66: 16858365 | L66: 14858365 | M66: 63834.021 | N66: 607.98706 | O66: 0 | P66: 0 | Q66: 0 | R66: 0 | S66: 0 | T66: 0 | U66: #DIV/0! | V66: 0 | W66: 0 | X66: 0 | Y66: 0 | Z66: 0 | AA66: 0 | AB66: 0 | AC66: 0 | AD66: 0 | AE66: 0 | AF66: 0 | AG66: 0 | AH66: #DIV/0! | AI66: 0 | AJ66: 0 | AK66: 0 | AL66: 0 | AM66: 0 | AN66: 0 | AO66: 46260805 | AP66: 73767369 | AQ66: 71767369 | AR66: 56909004 | AS66: 56845170 | AT66: 56844562 | AU66: 0.77059224 | AV66: 16922807 | AW66: 2000000 | AX66: 16858365 | AY66: 14858365 | AZ66: 63834.021 | BA66: 607.98706 | BB66: 0 | BC66: 0 | BD66: 0 | BE66: 0 | BF66: 0 | BG66: 0 | BH66: #DIV/0! | BI66: 0 | BJ66: 0 | BK66: 0 | BL66: 0 | BM66: 0 | BN66: 0 | BO66: 0 | BP66: 0 | BQ66: 0 | BR66: 0 | BS66: 0 | BT66: 0 | BU66: #DIV/0! | BV66: 0 | BW66: 0 | BX66: 0 | BY66: 0 | BZ66: 0 | CA66: 0
A67: Atividade A040201: Pagamento de prestações sociais de direito - regime geral de segurança social | B67: 4734502 | C67: 7489502 | D67: 7489502 | E67: 4402439.8 | F67: 4338605.8 | G67: 4337997.8 | H67: 0.57921045 | I67: 3151504.2 | J67: 0 | K67: 3087062.2 | L67: 3087062.2 | M67: 63834.021 | N67: 607.98706 | O67: 0 | P67: 0 | Q67: 0 | R67: 0 | S67: 0 | T67: 0 | U67: #DIV/0! | V67: 0 | W67: 0 | X67: 0 | Y67: 0 | Z67: 0 | AA67: 0 | AB67: 0 | AC67: 0 | AD67: 0 | AE67: 0 | AF67: 0 | AG67: 0 | AH67: #DIV/0! | AI67: 0 | AJ67: 0 | AK67: 0 | AL67: 0 | AM67: 0 | AN67: 0 | AO67: 4734502 | AP67: 7489502 | AQ67: 7489502 | AR67: 4402439.8 | AS67: 4338605.8 | AT67: 4337997.8 | AU67: 0.57921045 | AV67: 3151504.2 | AW67: 0 | AX67: 3087062.2 | AY67: 3087062.2 | AZ67: 63834.021 | BA67: 607.98706 | BB67: 0 | BC67: 0 | BD67: 0 | BE67: 0 | BF67: 0 | BG67: 0 | BH67: #DIV/0! | BI67: 0 | BJ67: 0 | BK67: 0 | BL67: 0 | BM67: 0 | BN67: 0 | BO67: 0 | BP67: 0 | BQ67: 0 | BR67: 0 | BS67: 0 | BT67: 0 | BU67: #DIV/0! | BV67: 0 | BW67: 0 | BX67: 0 | BY67: 0 | BZ67: 0 | CA67: 0
A68: Atividade A040202: Contribuições para o Regime de Capitalização | B68: 41526303 | C68: 66277867 | D68: 64277867 | E68: 52506564 | F68: 52506564 | G68: 52506564 | H68: 0.79221868 | I68: 13771303 | J68: 2000000 | K68: 13771303 | L68: 11771303 | M68: 0 | N68: 0 | O68: 0 | P68: 0 | Q68: 0 | R68: 0 | S68: 0 | T68: 0 | U68: #DIV/0! | V68: 0 | W68: 0 | X68: 0 | Y68: 0 | Z68: 0 | AA68: 0 | AB68: 0 | AC68: 0 | AD68: 0 | AE68: 0 | AF68: 0 | AG68: 0 | AH68: #DIV/0! | AI68: 0 | AJ68: 0 | AK68: 0 | AL68: 0 | AM68: 0 | AN68: 0 | AO68: 41526303 | AP68: 66277867 | AQ68: 64277867 | AR68: 52506564 | AS68: 52506564 | AT68: 52506564 | AU68: 0.79221868 | AV68: 13771303 | AW68: 2000000 | AX68: 13771303 | AY68: 11771303 | AZ68: 0 | BA68: 0 | BB68: 0 | BC68: 0 | BD68: 0 | BE68: 0 | BF68: 0 | BG68: 0 | BH68: #DIV/0! | BI68: 0 | BJ68: 0 | BK68: 0 | BL68: 0 | BM68: 0 | BN68: 0 | BO68: 0 | BP68: 0 | BQ68: 0 | BR68: 0 | BS68: 0 | BT68: 0 | BU68: #DIV/0! | BV68: 0 | BW68: 0 | BX68: 0 | BY68: 0 | BZ68: 0 | CA68: 0
A69: Programa A05 - Regime Não Contributivo | B69: 104250000 | C69: 104250000 | D69: 104250000 | E69: 70606713 | F69: 70294131 | G69: 70263771 | H69: 0.67399301 | I69: 33986229 | J69: 0 | K69: 33643287 | L69: 33643287 | M69: 312582.4 | N69: 30360 | O69: 0 | P69: 0 | Q69: 0 | R69: 0 | S69: 0 | T69: 0 | U69: #DIV/0! | V69: 0 | W69: 0 | X69: 0 | Y69: 0 | Z69: 0 | AA69: 0 | AB69: 0 | AC69: 0 | AD69: 0 | AE69: 0 | AF69: 0 | AG69: 0 | AH69: #DIV/0! | AI69: 0 | AJ69: 0 | AK69: 0 | AL69: 0 | AM69: 0 | AN69: 0 | AO69: 104250000 | AP69: 104250000 | AQ69: 104250000 | AR69: 70606713 | AS69: 70294131 | AT69: 70263771 | AU69: 0.67399301 | AV69: 33986229 | AW69: 0 | AX69: 33643287 | AY69: 33643287 | AZ69: 312582.4 | BA69: 30360 | BB69: 0 | BC69: 0 | BD69: 0 | BE69: 0 | BF69: 0 | BG69: 0 | BH69: #DIV/0! | BI69: 0 | BJ69: 0 | BK69: 0 | BL69: 0 | BM69: 0 | BN69: 0 | BO69: 0 | BP69: 0 | BQ69: 0 | BR69: 0 | BS69: 0 | BT69: 0 | BU69: #DIV/0! | BV69: 0 | BW69: 0 | BX69: 0 | BY69: 0 | BZ69: 0 | CA69: 0
A70: Subprograma A0501 - Proteção Social de Cidadania | B70: 104250000 | C70: 104250000 | D70: 104250000 | E70: 70606713 | F70: 70294131 | G70: 70263771 | H70: 0.67399301 | I70: 33986229 | J70: 0 | K70: 33643287 | L70: 33643287 | M70: 312582.4 | N70: 30360 | O70: 0 | P70: 0 | Q70: 0 | R70: 0 | S70: 0 | T70: 0 | U70: #DIV/0! | V70: 0 | W70: 0 | X70: 0 | Y70: 0 | Z70: 0 | AA70: 0 | AB70: 0 | AC70: 0 | AD70: 0 | AE70: 0 | AF70: 0 | AG70: 0 | AH70: #DIV/0! | AI70: 0 | AJ70: 0 | AK70: 0 | AL70: 0 | AM70: 0 | AN70: 0 | AO70: 104250000 | AP70: 104250000 | AQ70: 104250000 | AR70: 70606713 | AS70: 70294131 | AT70: 70263771 | AU70: 0.67399301 | AV70: 33986229 | AW70: 0 | AX70: 33643287 | AY70: 33643287 | AZ70: 312582.4 | BA70: 30360 | BB70: 0 | BC70: 0 | BD70: 0 | BE70: 0 | BF70: 0 | BG70: 0 | BH70: #DIV/0! | BI70: 0 | BJ70: 0 | BK70: 0 | BL70: 0 | BM70: 0 | BN70: 0 | BO70: 0 | BP70: 0 | BQ70: 0 | BR70: 0 | BS70: 0 | BT70: 0 | BU70: #DIV/0! | BV70: 0 | BW70: 0 | BX70: 0 | BY70: 0 | BZ70: 0 | CA70: 0
A71: Atividade A050101: Pagamento de prestações sociais não contributivas | B71: 104250000 | C71: 104250000 | D71: 104250000 | E71: 70606713 | F71: 70294131 | G71: 70263771 | H71: 0.67399301 | I71: 33986229 | J71: 0 | K71: 33643287 | L71: 33643287 | M71: 312582.4 | N71: 30360 | O71: 0 | P71: 0 | Q71: 0 | R71: 0 | S71: 0 | T71: 0 | U71: #DIV/0! | V71: 0 | W71: 0 | X71: 0 | Y71: 0 | Z71: 0 | AA71: 0 | AB71: 0 | AC71: 0 | AD71: 0 | AE71: 0 | AF71: 0 | AG71: 0 | AH71: #DIV/0! | AI71: 0 | AJ71: 0 | AK71: 0 | AL71: 0 | AM71: 0 | AN71: 0 | AO71: 104250000 | AP71: 104250000 | AQ71: 104250000 | AR71: 70606713 | AS71: 70294131 | AT71: 70263771 | AU71: 0.67399301 | AV71: 33986229 | AW71: 0 | AX71: 33643287 | AY71: 33643287 | AZ71: 312582.4 | BA71: 30360 | BB71: 0 | BC71: 0 | BD71: 0 | BE71: 0 | BF71: 0 | BG71: 0 | BH71: #DIV/0! | BI71: 0 | BJ71: 0 | BK71: 0 | BL71: 0 | BM71: 0 | BN71: 0 | BO71: 0 | BP71: 0 | BQ71: 0 | BR71: 0 | BS71: 0 | BT71: 0 | BU71: #DIV/0! | BV71: 0 | BW71: 0 | BX71: 0 | BY71: 0 | BZ71: 0 | CA71: 0
A72: Programa A06 - Administração do INSS | B72: 3500000 | C72: 3364647.2 | D72: 3314647.2 | E72: 2531217.5 | F72: 1953751.5 | G72: 1953551.4 | H72: 0.58061108 | I72: 1411095.8 | J72: 50000 | K72: 833429.66 | L72: 783429.66 | M72: 577466.07 | N72: 200.03 | O72: 2017198 | P72: 2017198 | Q72: 2017198 | R72: 1800553.4 | S72: 1354471.6 | T72: 1354471.6 | U72: 0.67146192 | V72: 662726.36 | W72: 0 | X72: 216644.62 | Y72: 216644.62 | Z72: 446081.74 | AA72: 0 | AB72: 1148995 | AC72: 1148995 | AD72: 1098995 | AE72: 618570.08 | AF72: 487185.75 | AG72: 486985.72 | AH72: 0.42383624 | AI72: 662009.28 | AJ72: 50000 | AK72: 530424.92 | AL72: 480424.92 | AM72: 131384.33 | AN72: 200.03 | AO72: 333807 | AP72: 198454.21 | AQ72: 198454.21 | AR72: 112094.09 | AS72: 112094.09 | AT72: 112094.09 | AU72: 0.56483604 | AV72: 86360.12 | AW72: 0 | AX72: 86360.12 | AY72: 86360.12 | AZ72: 0 | BA72: 0 | BB72: 0 | BC72: 0 | BD72: 0 | BE72: 0 | BF72: 0 | BG72: 0 | BH72: #DIV/0! | BI72: 0 | BJ72: 0 | BK72: 0 | BL72: 0 | BM72: 0 | BN72: 0 | BO72: 0 | BP72: 0 | BQ72: 0 | BR72: 0 | BS72: 0 | BT72: 0 | BU72: #DIV/0! | BV72: 0 | BW72: 0 | BX72: 0 | BY72: 0 | BZ72: 0 | CA72: 0
A73: Subprograma A0601 - Coordenação, gestão e funcionamento do INSS | B73: 3500000 | C73: 3364647.2 | D73: 3314647.2 | E73: 2531217.5 | F73: 1953751.5 | G73: 1953551.4 | H73: 0.58061108 | I73: 1411095.8 | J73: 50000 | K73: 833429.66 | L73: 783429.66 | M73: 577466.07 | N73: 200.03 | O73: 2017198 | P73: 2017198 | Q73: 2017198 | R73: 1800553.4 | S73: 1354471.6 | T73: 1354471.6 | U73: 0.67146192 | V73: 662726.36 | W73: 0 | X73: 216644.62 | Y73: 216644.62 | Z73: 446081.74 | AA73: 0 | AB73: 1148995 | AC73: 1148995 | AD73: 1098995 | AE73: 618570.08 | AF73: 487185.75 | AG73: 486985.72 | AH73: 0.42383624 | AI73: 662009.28 | AJ73: 50000 | AK73: 530424.92 | AL73: 480424.92 | AM73: 131384.33 | AN73: 200.03 | AO73: 333807 | AP73: 198454.21 | AQ73: 198454.21 | AR73: 112094.09 | AS73: 112094.09 | AT73: 112094.09 | AU73: 0.56483604 | AV73: 86360.12 | AW73: 0 | AX73: 86360.12 | AY73: 86360.12 | AZ73: 0 | BA73: 0 | BB73: 0 | BC73: 0 | BD73: 0 | BE73: 0 | BF73: 0 | BG73: 0 | BH73: #DIV/0! | BI73: 0 | BJ73: 0 | BK73: 0 | BL73: 0 | BM73: 0 | BN73: 0 | BO73: 0 | BP73: 0 | BQ73: 0 | BR73: 0 | BS73: 0 | BT73: 0 | BU73: #DIV/0! | BV73: 0 | BW73: 0 | BX73: 0 | BY73: 0 | BZ73: 0 | CA73: 0
A74: Atividade A060101: Coordenação, gestão e funcionamento de todos os serviços (operacionais e técnicos) do INSS | B74: 3306538 | C74: 3155932.2 | D74: 3105932.2 | E74: 2447380.5 | F74: 1874177.5 | G74: 1874137.4 | H74: 0.59384591 | I74: 1281794.8 | J74: 50000 | K74: 708551.66 | L74: 658551.66 | M74: 573203.07 | N74: 40.03 | O74: 2017198 | P74: 2017198 | Q74: 2017198 | R74: 1800553.4 | S74: 1354471.6 | T74: 1354471.6 | U74: 0.67146192 | V74: 662726.36 | W74: 0 | X74: 216644.62 | Y74: 216644.62 | Z74: 446081.74 | AA74: 0 | AB74: 955533 | AC74: 940280 | AD74: 890280 | AE74: 534733.08 | AF74: 407611.75 | AG74: 407571.72 | AH74: 0.43345782 | AI74: 532708.28 | AJ74: 50000 | AK74: 405546.92 | AL74: 355546.92 | AM74: 127121.33 | AN74: 40.03 | AO74: 333807 | AP74: 198454.21 | AQ74: 198454.21 | AR74: 112094.09 | AS74: 112094.09 | AT74: 112094.09 | AU74: 0.56483604 | AV74: 86360.12 | AW74: 0 | AX74: 86360.12 | AY74: 86360.12 | AZ74: 0 | BA74: 0 | BB74: 0 | BC74: 0 | BD74: 0 | BE74: 0 | BF74: 0 | BG74: 0 | BH74: #DIV/0! | BI74: 0 | BJ74: 0 | BK74: 0 | BL74: 0 | BM74: 0 | BN74: 0 | BO74: 0 | BP74: 0 | BQ74: 0 | BR74: 0 | BS74: 0 | BT74: 0 | BU74: #DIV/0! | BV74: 0 | BW74: 0 | BX74: 0 | BY74: 0 | BZ74: 0 | CA74: 0
A75: Atividade A060102: Formação em exercício dos Recursos Humanos do INSS | B75: 113335 | C75: 105588 | D75: 105588 | E75: 1718 | F75: 1718 | G75: 1718 | H75: 0.016270788 | I75: 103870 | J75: 0 | K75: 103870 | L75: 103870 | M75: 0 | N75: 0 | O75: 0 | P75: 0 | Q75: 0 | R75: 0 | S75: 0 | T75: 0 | U75: #DIV/0! | V75: 0 | W75: 0 | X75: 0 | Y75: 0 | Z75: 0 | AA75: 0 | AB75: 113335 | AC75: 105588 | AD75: 105588 | AE75: 1718 | AF75: 1718 | AG75: 1718 | AH75: 0.016270788 | AI75: 103870 | AJ75: 0 | AK75: 103870 | AL75: 103870 | AM75: 0 | AN75: 0 | AO75: 0 | AP75: 0 | AQ75: 0 | AR75: 0 | AS75: 0 | AT75: 0 | AU75: #DIV/0! | AV75: 0 | AW75: 0 | AX75: 0 | AY75: 0 | AZ75: 0 | BA75: 0 | BB75: 0 | BC75: 0 | BD75: 0 | BE75: 0 | BF75: 0 | BG75: 0 | BH75: #DIV/0! | BI75: 0 | BJ75: 0 | BK75: 0 | BL75: 0 | BM75: 0 | BN75: 0 | BO75: 0 | BP75: 0 | BQ75: 0 | BR75: 0 | BS75: 0 | BT75: 0 | BU75: #DIV/0! | BV75: 0 | BW75: 0 | BX75: 0 | BY75: 0 | BZ75: 0 | CA75: 0
A76: Atividade A060103: Elaboração de estudos e propostas técnicas visando a melhoria, alargamento, eficácia e sustentabilidade do sistema de segurança social | B76: 0 | C76: 0 | D76: 0 | E76: 0 | F76: 0 | G76: 0 | H76: #DIV/0! | I76: 0 | J76: 0 | K76: 0 | L76: 0 | M76: 0 | N76: 0 | O76: 0 | P76: 0 | Q76: 0 | R76: 0 | S76: 0 | T76: 0 | U76: #DIV/0! | V76: 0 | W76: 0 | X76: 0 | Y76: 0 | Z76: 0 | AA76: 0 | AB76: 0 | AC76: 0 | AD76: 0 | AE76: 0 | AF76: 0 | AG76: 0 | AH76: #DIV/0! | AI76: 0 | AJ76: 0 | AK76: 0 | AL76: 0 | AM76: 0 | AN76: 0 | AO76: 0 | AP76: 0 | AQ76: 0 | AR76: 0 | AS76: 0 | AT76: 0 | AU76: #DIV/0! | AV76: 0 | AW76: 0 | AX76: 0 | AY76: 0 | AZ76: 0 | BA76: 0 | BB76: 0 | BC76: 0 | BD76: 0 | BE76: 0 | BF76: 0 | BG76: 0 | BH76: #DIV/0! | BI76: 0 | BJ76: 0 | BK76: 0 | BL76: 0 | BM76: 0 | BN76: 0 | BO76: 0 | BP76: 0 | BQ76: 0 | BR76: 0 | BS76: 0 | BT76: 0 | BU76: #DIV/0! | BV76: 0 | BW76: 0 | BX76: 0 | BY76: 0 | BZ76: 0 | CA76: 0
A77: Atividade A060104: Extensão da cobertura do sistema de segurança social | B77: 80127 | C77: 103127 | D77: 103127 | E77: 82119 | F77: 77856 | G77: 77696 | H77: 0.75340115 | I77: 25431 | J77: 0 | K77: 21008 | L77: 21008 | M77: 4263 | N77: 160 | O77: 0 | P77: 0 | Q77: 0 | R77: 0 | S77: 0 | T77: 0 | U77: #DIV/0! | V77: 0 | W77: 0 | X77: 0 | Y77: 0 | Z77: 0 | AA77: 0 | AB77: 80127 | AC77: 103127 | AD77: 103127 | AE77: 82119 | AF77: 77856 | AG77: 77696 | AH77: 0.75340115 | AI77: 25431 | AJ77: 0 | AK77: 21008 | AL77: 21008 | AM77: 4263 | AN77: 160 | AO77: 0 | AP77: 0 | AQ77: 0 | AR77: 0 | AS77: 0 | AT77: 0 | AU77: #DIV/0! | AV77: 0 | AW77: 0 | AX77: 0 | AY77: 0 | AZ77: 0 | BA77: 0 | BB77: 0 | BC77: 0 | BD77: 0 | BE77: 0 | BF77: 0 | BG77: 0 | BH77: #DIV/0! | BI77: 0 | BJ77: 0 | BK77: 0 | BL77: 0 | BM77: 0 | BN77: 0 | BO77: 0 | BP77: 0 | BQ77: 0 | BR77: 0 | BS77: 0 | BT77: 0 | BU77: #DIV/0! | BV77: 0 | BW77: 0 | BX77: 0 | BY77: 0 | BZ77: 0 | CA77: 0
A78: Subprograma A0602 - Investimento Estratégico do INSS | B78: 0 | C78: 0 | D78: 0 | E78: 0 | F78: 0 | G78: 0 | H78: #DIV/0! | I78: 0 | J78: 0 | K78: 0 | L78: 0 | M78: 0 | N78: 0 | O78: 0 | P78: 0 | Q78: 0 | R78: 0 | S78: 0 | T78: 0 | U78: #DIV/0! | V78: 0 | W78: 0 | X78: 0 | Y78: 0 | Z78: 0 | AA78: 0 | AB78: 0 | AC78: 0 | AD78: 0 | AE78: 0 | AF78: 0 | AG78: 0 | AH78: #DIV/0! | AI78: 0 | AJ78: 0 | AK78: 0 | AL78: 0 | AM78: 0 | AN78: 0 | AO78: 0 | AP78: 0 | AQ78: 0 | AR78: 0 | AS78: 0 | AT78: 0 | AU78: #DIV/0! | AV78: 0 | AW78: 0 | AX78: 0 | AY78: 0 | AZ78: 0 | BA78: 0 | BB78: 0 | BC78: 0 | BD78: 0 | BE78: 0 | BF78: 0 | BG78: 0 | BH78: #DIV/0! | BI78: 0 | BJ78: 0 | BK78: 0 | BL78: 0 | BM78: 0 | BN78: 0 | BO78: 0 | BP78: 0 | BQ78: 0 | BR78: 0 | BS78: 0 | BT78: 0 | BU78: #DIV/0! | BV78: 0 | BW78: 0 | BX78: 0 | BY78: 0 | BZ78: 0 | CA78: 0
A79: Atividade A060201: Construção do Sistema de Informação da Segurança Social | B79: 0 | C79: 0 | D79: 0 | E79: 0 | F79: 0 | G79: 0 | H79: #DIV/0! | I79: 0 | J79: 0 | K79: 0 | L79: 0 | M79: 0 | N79: 0 | O79: 0 | P79: 0 | Q79: 0 | R79: 0 | S79: 0 | T79: 0 | U79: #DIV/0! | V79: 0 | W79: 0 | X79: 0 | Y79: 0 | Z79: 0 | AA79: 0 | AB79: 0 | AC79: 0 | AD79: 0 | AE79: 0 | AF79: 0 | AG79: 0 | AH79: #DIV/0! | AI79: 0 | AJ79: 0 | AK79: 0 | AL79: 0 | AM79: 0 | AN79: 0 | AO79: 0 | AP79: 0 | AQ79: 0 | AR79: 0 | AS79: 0 | AT79: 0 | AU79: #DIV/0! | AV79: 0 | AW79: 0 | AX79: 0 | AY79: 0 | AZ79: 0 | BA79: 0 | BB79: 0 | BC79: 0 | BD79: 0 | BE79: 0 | BF79: 0 | BG79: 0 | BH79: #DIV/0! | BI79: 0 | BJ79: 0 | BK79: 0 | BL79: 0 | BM79: 0 | BN79: 0 | BO79: 0 | BP79: 0 | BQ79: 0 | BR79: 0 | BS79: 0 | BT79: 0 | BU79: #DIV/0! | BV79: 0 | BW79: 0 | BX79: 0 | BY79: 0 | BZ79: 0 | CA79: 0
A80: Atividade A060202: Apetrechamento das instalações do INSS | B80: 0 | C80: 0 | D80: 0 | E80: 0 | F80: 0 | G80: 0 | H80: #DIV/0! | I80: 0 | J80: 0 | K80: 0 | L80: 0 | M80: 0 | N80: 0 | O80: 0 | P80: 0 | Q80: 0 | R80: 0 | S80: 0 | T80: 0 | U80: #DIV/0! | V80: 0 | W80: 0 | X80: 0 | Y80: 0 | Z80: 0 | AA80: 0 | AB80: 0 | AC80: 0 | AD80: 0 | AE80: 0 | AF80: 0 | AG80: 0 | AH80: #DIV/0! | AI80: 0 | AJ80: 0 | AK80: 0 | AL80: 0 | AM80: 0 | AN80: 0 | AO80: 0 | AP80: 0 | AQ80: 0 | AR80: 0 | AS80: 0 | AT80: 0 | AU80: #DIV/0! | AV80: 0 | AW80: 0 | AX80: 0 | AY80: 0 | AZ80: 0 | BA80: 0 | BB80: 0 | BC80: 0 | BD80: 0 | BE80: 0 | BF80: 0 | BG80: 0 | BH80: #DIV/0! | BI80: 0 | BJ80: 0 | BK80: 0 | BL80: 0 | BM80: 0 | BN80: 0 | BO80: 0 | BP80: 0 | BQ80: 0 | BR80: 0 | BS80: 0 | BT80: 0 | BU80: #DIV/0! | BV80: 0 | BW80: 0 | BX80: 0 | BY80: 0 | BZ80: 0 | CA80: 0
A81: Atividade A060203: Construção do Novo Edificio da Seguranca Social | B81: 0 | C81: 0 | D81: 0 | E81: 0 | F81: 0 | G81: 0 | H81: #DIV/0! | I81: 0 | J81: 0 | K81: 0 | L81: 0 | M81: 0 | N81: 0 | O81: 0 | P81: 0 | Q81: 0 | R81: 0 | S81: 0 | T81: 0 | U81: #DIV/0! | V81: 0 | W81: 0 | X81: 0 | Y81: 0 | Z81: 0 | AA81: 0 | AB81: 0 | AC81: 0 | AD81: 0 | AE81: 0 | AF81: 0 | AG81: 0 | AH81: #DIV/0! | AI81: 0 | AJ81: 0 | AK81: 0 | AL81: 0 | AM81: 0 | AN81: 0 | AO81: 0 | AP81: 0 | AQ81: 0 | AR81: 0 | AS81: 0 | AT81: 0 | AU81: #DIV/0! | AV81: 0 | AW81: 0 | AX81: 0 | AY81: 0 | AZ81: 0 | BA81: 0 | BB81: 0 | BC81: 0 | BD81: 0 | BE81: 0 | BF81: 0 | BG81: 0 | BH81: #DIV/0! | BI81: 0 | BJ81: 0 | BK81: 0 | BL81: 0 | BM81: 0 | BN81: 0 | BO81: 0 | BP81: 0 | BQ81: 0 | BR81: 0 | BS81: 0 | BT81: 0 | BU81: #DIV/0! | BV81: 0 | BW81: 0 | BX81: 0 | BY81: 0 | BZ81: 0 | CA81: 0
A82: TOTAL INSS | B82: 170399205 | C82: 1.9777042e+08 | D82: 1.9572042e+08 | E82: 1.3818365e+08 | F82: 1.3721718e+08 | G82: 1.3718601e+08 | H82: 0.69366296 | I82: 60584403 | J82: 2050000 | K82: 59586768 | L82: 57536768 | M82: 966467.12 | N82: 31168.017 | O82: 2017198 | P82: 2017198 | Q82: 2017198 | R82: 1800553.4 | S82: 1354471.6 | T82: 1354471.6 | U82: 0.67146192 | V82: 662726.36 | W82: 0 | X82: 216644.62 | Y82: 216644.62 | Z82: 446081.74 | AA82: 0 | AB82: 1148995 | AC82: 1148995 | AD82: 1098995 | AE82: 618570.08 | AF82: 487185.75 | AG82: 486985.72 | AH82: 0.42383624 | AI82: 662009.28 | AJ82: 50000 | AK82: 530424.92 | AL82: 480424.92 | AM82: 131384.33 | AN82: 200.03 | AO82: 167233012 | AP82: 1.9460422e+08 | AQ82: 1.9260422e+08 | AR82: 1.3576452e+08 | AS82: 1.3537552e+08 | AT82: 1.3534456e+08 | AU82: 0.69548622 | AV82: 59259668 | AW82: 2000000 | AX82: 58839699 | AY82: 56839699 | AZ82: 389001.05 | BA82: 30967.987 | BB82: 0 | BC82: 0 | BD82: 0 | BE82: 0 | BF82: 0 | BG82: 0 | BH82: #DIV/0! | BI82: 0 | BJ82: 0 | BK82: 0 | BL82: 0 | BM82: 0 | BN82: 0 | BO82: 0 | BP82: 0 | BQ82: 0 | BR82: 0 | BS82: 0 | BT82: 0 | BU82: #DIV/0! | BV82: 0 | BW82: 0 | BX82: 0 | BY82: 0 | BZ82: 0 | CA82: 0
A83: Programa A07 - Administração do FRSS | B83: 333807 | C83: 333807 | D83: 291086.4 | E83: 103398.51 | F83: 90828.33 | G83: 90828.33 | H83: 0.27209834 | I83: 242978.67 | J83: 42720.6 | K83: 230408.49 | L83: 187687.89 | M83: 12570.18 | N83: 0 | O83: 0 | P83: 0 | Q83: 0 | R83: 0 | S83: 0 | T83: 0 | U83: #DIV/0! | V83: 0 | W83: 0 | X83: 0 | Y83: 0 | Z83: 0 | AA83: 0 | AB83: 333807 | AC83: 333007 | AD83: 290586.4 | AE83: 103398.51 | AF83: 90828.33 | AG83: 90828.33 | AH83: 0.27275201 | AI83: 242178.67 | AJ83: 42420.6 | AK83: 229608.49 | AL83: 187187.89 | AM83: 12570.18 | AN83: 0 | AO83: 0 | AP83: 0 | AQ83: 0 | AR83: 0 | AS83: 0 | AT83: 0 | AU83: #DIV/0! | AV83: 0 | AW83: 0 | AX83: 0 | AY83: 0 | AZ83: 0 | BA83: 0 | BB83: 0 | BC83: 800 | BD83: 500 | BE83: 0 | BF83: 0 | BG83: 0 | BH83: 0 | BI83: 800 | BJ83: 300 | BK83: 800 | BL83: 500 | BM83: 0 | BN83: 0 | BO83: 0 | BP83: 0 | BQ83: 0 | BR83: 0 | BS83: 0 | BT83: 0 | BU83: #DIV/0! | BV83: 0 | BW83: 0 | BX83: 0 | BY83: 0 | BZ83: 0 | CA83: 0
A84: Subprograma A0701 - Coordenação, gestão e funcionamento do FRSS | B84: 333807 | C84: 333807 | D84: 291086.4 | E84: 103398.51 | F84: 90828.33 | G84: 90828.33 | H84: 0.27209834 | I84: 242978.67 | J84: 42720.6 | K84: 230408.49 | L84: 187687.89 | M84: 12570.18 | N84: 0 | O84: 0 | P84: 0 | Q84: 0 | R84: 0 | S84: 0 | T84: 0 | U84: #DIV/0! | V84: 0 | W84: 0 | X84: 0 | Y84: 0 | Z84: 0 | AA84: 0 | AB84: 333807 | AC84: 333007 | AD84: 290586.4 | AE84: 103398.51 | AF84: 90828.33 | AG84: 90828.33 | AH84: 0.27275201 | AI84: 242178.67 | AJ84: 42420.6 | AK84: 229608.49 | AL84: 187187.89 | AM84: 12570.18 | AN84: 0 | AO84: 0 | AP84: 0 | AQ84: 0 | AR84: 0 | AS84: 0 | AT84: 0 | AU84: #DIV/0! | AV84: 0 | AW84: 0 | AX84: 0 | AY84: 0 | AZ84: 0 | BA84: 0 | BB84: 0 | BC84: 800 | BD84: 500 | BE84: 0 | BF84: 0 | BG84: 0 | BH84: 0 | BI84: 800 | BJ84: 300 | BK84: 800 | BL84: 500 | BM84: 0 | BN84: 0 | BO84: 0 | BP84: 0 | BQ84: 0 | BR84: 0 | BS84: 0 | BT84: 0 | BU84: #DIV/0! | BV84: 0 | BW84: 0 | BX84: 0 | BY84: 0 | BZ84: 0 | CA84: 0
A85: Atividade A070101: Funcionamento de todos os serviços e unidades orgânicas do Instituto FRSS | B85: 188177 | C85: 188177 | D85: 159807 | E85: 103398.51 | F85: 90828.33 | G85: 90828.33 | H85: 0.48267498 | I85: 97348.67 | J85: 28370 | K85: 84778.49 | L85: 56408.49 | M85: 12570.18 | N85: 0 | O85: 0 | P85: 0 | Q85: 0 | R85: 0 | S85: 0 | T85: 0 | U85: #DIV/0! | V85: 0 | W85: 0 | X85: 0 | Y85: 0 | Z85: 0 | AA85: 0 | AB85: 188177 | AC85: 187377 | AD85: 159307 | AE85: 103398.51 | AF85: 90828.33 | AG85: 90828.33 | AH85: 0.48473575 | AI85: 96548.67 | AJ85: 28070 | AK85: 83978.49 | AL85: 55908.49 | AM85: 12570.18 | AN85: 0 | AO85: 0 | AP85: 0 | AQ85: 0 | AR85: 0 | AS85: 0 | AT85: 0 | AU85: #DIV/0! | AV85: 0 | AW85: 0 | AX85: 0 | AY85: 0 | AZ85: 0 | BA85: 0 | BB85: 0 | BC85: 800 | BD85: 500 | BE85: 0 | BF85: 0 | BG85: 0 | BH85: 0 | BI85: 800 | BJ85: 300 | BK85: 800 | BL85: 500 | BM85: 0 | BN85: 0 | BO85: 0 | BP85: 0 | BQ85: 0 | BR85: 0 | BS85: 0 | BT85: 0 | BU85: #DIV/0! | BV85: 0 | BW85: 0 | BX85: 0 | BY85: 0 | BZ85: 0 | CA85: 0
A86: Atividade A070102: Capacitação técnica e especializada dos Recursos Humanos do FRSS | B86: 145630 | C86: 145630 | D86: 131279.4 | E86: 0 | F86: 0 | G86: 0 | H86: 0 | I86: 145630 | J86: 14350.6 | K86: 145630 | L86: 131279.4 | M86: 0 | N86: 0 | O86: 0 | P86: 0 | Q86: 0 | R86: 0 | S86: 0 | T86: 0 | U86: #DIV/0! | V86: 0 | W86: 0 | X86: 0 | Y86: 0 | Z86: 0 | AA86: 0 | AB86: 145630 | AC86: 145630 | AD86: 131279.4 | AE86: 0 | AF86: 0 | AG86: 0 | AH86: 0 | AI86: 145630 | AJ86: 14350.6 | AK86: 145630 | AL86: 131279.4 | AM86: 0 | AN86: 0 | AO86: 0 | AP86: 0 | AQ86: 0 | AR86: 0 | AS86: 0 | AT86: 0 | AU86: #DIV/0! | AV86: 0 | AW86: 0 | AX86: 0 | AY86: 0 | AZ86: 0 | BA86: 0 | BB86: 0 | BC86: 0 | BD86: 0 | BE86: 0 | BF86: 0 | BG86: 0 | BH86: #DIV/0! | BI86: 0 | BJ86: 0 | BK86: 0 | BL86: 0 | BM86: 0 | BN86: 0 | BO86: 0 | BP86: 0 | BQ86: 0 | BR86: 0 | BS86: 0 | BT86: 0 | BU86: #DIV/0! | BV86: 0 | BW86: 0 | BX86: 0 | BY86: 0 | BZ86: 0 | CA86: 0
A87: Subprograma A0702 - Investimento Estratégico do FRSS | B87: 0 | C87: 0 | D87: 0 | E87: 0 | F87: 0 | G87: 0 | H87: #DIV/0! | I87: 0 | J87: 0 | K87: 0 | L87: 0 | M87: 0 | N87: 0 | O87: 0 | P87: 0 | Q87: 0 | R87: 0 | S87: 0 | T87: 0 | U87: #DIV/0! | V87: 0 | W87: 0 | X87: 0 | Y87: 0 | Z87: 0 | AA87: 0 | AB87: 0 | AC87: 0 | AD87: 0 | AE87: 0 | AF87: 0 | AG87: 0 | AH87: #DIV/0! | AI87: 0 | AJ87: 0 | AK87: 0 | AL87: 0 | AM87: 0 | AN87: 0 | AO87: 0 | AP87: 0 | AQ87: 0 | AR87: 0 | AS87: 0 | AT87: 0 | AU87: #DIV/0! | AV87: 0 | AW87: 0 | AX87: 0 | AY87: 0 | AZ87: 0 | BA87: 0 | BB87: 0 | BC87: 0 | BD87: 0 | BE87: 0 | BF87: 0 | BG87: 0 | BH87: #DIV/0! | BI87: 0 | BJ87: 0 | BK87: 0 | BL87: 0 | BM87: 0 | BN87: 0 | BO87: 0 | BP87: 0 | BQ87: 0 | BR87: 0 | BS87: 0 | BT87: 0 | BU87: #DIV/0! | BV87: 0 | BW87: 0 | BX87: 0 | BY87: 0 | BZ87: 0 | CA87: 0
A88: Atividade A070201: Instalação e Aquisição de Equipamentos no FRSS | B88: 0 | C88: 0 | D88: 0 | E88: 0 | F88: 0 | G88: 0 | H88: #DIV/0! | I88: 0 | J88: 0 | K88: 0 | L88: 0 | M88: 0 | N88: 0 | O88: 0 | P88: 0 | Q88: 0 | R88: 0 | S88: 0 | T88: 0 | U88: #DIV/0! | V88: 0 | W88: 0 | X88: 0 | Y88: 0 | Z88: 0 | AA88: 0 | AB88: 0 | AC88: 0 | AD88: 0 | AE88: 0 | AF88: 0 | AG88: 0 | AH88: #DIV/0! | AI88: 0 | AJ88: 0 | AK88: 0 | AL88: 0 | AM88: 0 | AN88: 0 | AO88: 0 | AP88: 0 | AQ88: 0 | AR88: 0 | AS88: 0 | AT88: 0 | AU88: #DIV/0! | AV88: 0 | AW88: 0 | AX88: 0 | AY88: 0 | AZ88: 0 | BA88: 0 | BB88: 0 | BC88: 0 | BD88: 0 | BE88: 0 | BF88: 0 | BG88: 0 | BH88: #DIV/0! | BI88: 0 | BJ88: 0 | BK88: 0 | BL88: 0 | BM88: 0 | BN88: 0 | BO88: 0 | BP88: 0 | BQ88: 0 | BR88: 0 | BS88: 0 | BT88: 0 | BU88: #DIV/0! | BV88: 0 | BW88: 0 | BX88: 0 | BY88: 0 | BZ88: 0 | CA88: 0
A89: TOTAL FRSS | B89: 333807 | C89: 333807 | D89: 291086.4 | E89: 103398.51 | F89: 90828.33 | G89: 90828.33 | H89: 0.27209834 | I89: 242978.67 | J89: 42720.6 | K89: 230408.49 | L89: 187687.89 | M89: 12570.18 | N89: 0 | O89: 0 | P89: 0 | Q89: 0 | R89: 0 | S89: 0 | T89: 0 | U89: #DIV/0! | V89: 0 | W89: 0 | X89: 0 | Y89: 0 | Z89: 0 | AA89: 0 | AB89: 333807 | AC89: 333007 | AD89: 290586.4 | AE89: 103398.51 | AF89: 90828.33 | AG89: 90828.33 | AH89: 0.27275201 | AI89: 242178.67 | AJ89: 42420.6 | AK89: 229608.49 | AL89: 187187.89 | AM89: 12570.18 | AN89: 0 | AO89: 0 | AP89: 0 | AQ89: 0 | AR89: 0 | AS89: 0 | AT89: 0 | AU89: #DIV/0! | AV89: 0 | AW89: 0 | AX89: 0 | AY89: 0 | AZ89: 0 | BA89: 0 | BB89: 0 | BC89: 800 | BD89: 500 | BE89: 0 | BF89: 0 | BG89: 0 | BH89: 0 | BI89: 800 | BJ89: 300 | BK89: 800 | BL89: 500 | BM89: 0 | BN89: 0 | BO89: 0 | BP89: 0 | BQ89: 0 | BR89: 0 | BS89: 0 | BT89: 0 | BU89: #DIV/0! | BV89: 0 | BW89: 0 | BX89: 0 | BY89: 0 | BZ89: 0 | CA89: 0
A90: TOTAL OSS (INSS + FRSS) | B90: 170733012 | C90: 1.9810422e+08 | D90: 1.960115e+08 | E90: 1.3828705e+08 | F90: 1.3730801e+08 | G90: 1.3727684e+08 | H90: 0.69295262 | I90: 60827382 | J90: 2092720.6 | K90: 59817177 | L90: 57724456 | M90: 979037.3 | N90: 31168.017 | O90: 2017198 | P90: 2017198 | Q90: 2017198 | R90: 1800553.4 | S90: 1354471.6 | T90: 1354471.6 | U90: 0.67146192 | V90: 662726.36 | W90: 0 | X90: 216644.62 | Y90: 216644.62 | Z90: 446081.74 | AA90: 0 | AB90: 1482802 | AC90: 1482002 | AD90: 1389581.4 | AE90: 721968.59 | AF90: 578014.08 | AG90: 577814.05 | AH90: 0.3898875 | AI90: 904187.95 | AJ90: 92420.6 | AK90: 760033.41 | AL90: 667612.81 | AM90: 143954.51 | AN90: 200.03 | AO90: 167233012 | AP90: 1.9460422e+08 | AQ90: 1.9260422e+08 | AR90: 1.3576452e+08 | AS90: 1.3537552e+08 | AT90: 1.3534456e+08 | AU90: 0.69548622 | AV90: 59259668 | AW90: 2000000 | AX90: 58839699 | AY90: 56839699 | AZ90: 389001.05 | BA90: 30967.987 | BB90: 0 | BC90: 800 | BD90: 500 | BE90: 0 | BF90: 0 | BG90: 0 | BH90: 0 | BI90: 800 | BJ90: 300 | BK90: 800 | BL90: 500 | BM90: 0 | BN90: 0 | BO90: 0 | BP90: 0 | BQ90: 0 | BR90: 0 | BS90: 0 | BT90: 0 | BU90: #DIV/0! | BV90: 0 | BW90: 0 | BX90: 0 | BY90: 0 | BZ90: 0 | CA90: 0
A91: TOTAL OSS CONSOLIDADO (INSS + FRSS) | B91: 170399205 | C91: 1.9790577e+08 | D91: 1.9581305e+08 | E91: 1.3817495e+08 | F91: 1.3719592e+08 | G91: 1.3716475e+08 | H91: 0.6930811 | I91: 60741022 | J91: 2092720.6 | K91: 59730817 | L91: 57638096 | M91: 979037.3 | N91: 31168.017 | O91: 2017198 | P91: 2017198 | Q91: 2017198 | R91: 1800553.4 | S91: 1354471.6 | T91: 1354471.6 | U91: 0.67146192 | V91: 662726.36 | W91: 0 | X91: 216644.62 | Y91: 216644.62 | Z91: 446081.74 | AA91: 0 | AB91: 1482802 | AC91: 1482002 | AD91: 1389581.4 | AE91: 721968.59 | AF91: 578014.08 | AG91: 577814.05 | AH91: 0.3898875 | AI91: 904187.95 | AJ91: 92420.6 | AK91: 760033.41 | AL91: 667612.81 | AM91: 143954.51 | AN91: 200.03 | AO91: 166899205 | AP91: 1.9440577e+08 | AQ91: 1.9240577e+08 | AR91: 1.3565243e+08 | AS91: 1.3526343e+08 | AT91: 1.3523246e+08 | AU91: 0.69561959 | AV91: 59173308 | AW91: 2000000 | AX91: 58753339 | AY91: 56753339 | AZ91: 389001.05 | BA91: 30967.987 | BB91: 0 | BC91: 800 | BD91: 500 | BE91: 0 | BF91: 0 | BG91: 0 | BH91: 0 | BI91: 800 | BJ91: 300 | BK91: 800 | BL91: 500 | BM91: 0 | BN91: 0 | BO91: 0 | BP91: 0 | BQ91: 0 | BR91: 0 | BS91: 0 | BT91: 0 | BU91: #DIV/0! | BV91: 0 | BW91: 0 | BX91: 0 | BY91: 0 | BZ91: 0 | CA91: 0
AO92: 333807

Sheet Atividade_A040101
A2: EXECUÇÃO ORÇAMENTAL - INSS
A3: Programa A04 - Regime Contributivo de Repartição
A4: 2026
B5: A04 - Regime Contributivo de Repartição
B6: A0401 - Regime transitório de segurança social
B7: A040101 - Pagamento de prestações sociais de direito - RTSS
AA8: USD
B9: DESPESAS
B10: ATIVIDADE - PAGAMENTO DE PRESTAÇÕES SOCIAIS DE DIREITO - RTSS | C10: OSS inicial | D10: OSS corrigido | E10: Cabimentos | F10: Compromissos | G10: Obrigações | H10: Janeiro | I10: Fevereiro | J10: Março | K10: Abril | L10: Maio | M10: Junho | N10: Julho | O10: Agosto | P10: Setembro | Q10: Outubro | R10: Novembro | S10: Dezembro | T10: Total Execução | U10: Taxa Execução (%) | V10: Saldo Execução | W10: Saldo disponível (Execução+Cabimentos) | X10: Saldo não comprometido | Y10: Valor Cabimentado e não comprometido | Z10: Valor Comprometido e não liquidado | AA10: Valor Liquidado e não pago (DIVIDA)
E11: janeiro a setembro | F11: janeiro a setembro | G11: janeiro a setembro | T11: janeiro a setembro | U11: janeiro a setembro
C12: (1) | D12: (2) | E12: (3) | F12: (4) | G12: (5) | H12: (6) | I12: (6) | J12: (6) | K12: (6) | L12: (6) | M12: (6) | N12: (6) | O12: (6) | P12: (6) | Q12: (6) | R12: (6) | S12: (6) | T12: (7) = ∑(6) | U12: (8) = (7)/(2) | V12: (9) = (2) - (7) | W12: (10) = (2) - (3) | X12: (11) = (2) - (4) | Y12: (12) = (3) - (4) | Z12: (13) = (4) - (5) | AA12: (14) = (5) - (7)
B13: 501 - SALÁRIOS E VENCIMENTOS | C13: 0 | D13: 0 | E13: 0 | F13: 0 | G13: 0 | H13: 0 | I13: 0 | J13: 0 | K13: 0 | L13: 0 | M13: 0 | N13: 0 | O13: 0 | P13: 0 | Q13: 0 | R13: 0 | S13: 0 | T13: 0 | U13: #DIV/0! | V13: 0 | W13: 0 | X13: 0 | Y13: 0 | Z13: 0 | AA13: 0
B14: 501.01 - Salários e abonos regulares e permanentes | C14: 0 | D14: 0 | E14: 0 | F14: 0 | G14: 0 | H14: 0 | I14: 0 | J14: 0 | K14: 0 | L14: 0 | M14: 0 | N14: 0 | O14: 0 | P14: 0 | Q14: 0 | R14: 0 | S14: 0 | T14: 0 | U14: #DIV/0! | V14: 0 | W14: 0 | X14: 0 | Y14: 0 | Z14: 0 | AA14: 0
A15: 501.01.01 - SALÁRIOS E VENCIMENTOS - Salários e abonos regulares e permanentes - Salários de titulares de cargos políticos | B15: 501.01.01 - Salários de titulares de cargos políticos | C15: 0 | D15: 0 | E15: 0 | F15: 0 | G15: 0 | H15: 0 | I15: 0 | J15: 0 | K15: 0 | L15: 0 | M15: 0 | N15: 0 | O15: 0 | P15: 0 | Q15: 0 | R15: 0 | S15: 0 | T15: 0 | U15: #DIV/0! | V15: 0 | W15: 0 | X15: 0 | Y15: 0 | Z15: 0 | AA15: 0
A16: 501.01.02 - SALÁRIOS E VENCIMENTOS - Salários e abonos regulares e permanentes - Salários de membros de órgãos de direção | B16: 501.01.02 - Salários de membros de órgãos de direção | C16: 0 | D16: 0 | E16: 0 | F16: 0 | G16: 0 | H16: 0 | I16: 0 | J16: 0 | K16: 0 | L16: 0 | M16: 0 | N16: 0 | O16: 0 | P16: 0 | Q16: 0 | R16: 0 | S16: 0 | T16: 0 | U16: #DIV/0! | V16: 0 | W16: 0 | X16: 0 | Y16: 0 | Z16: 0 | AA16: 0
A17: 501.01.03 - SALÁRIOS E VENCIMENTOS - Salários e abonos regulares e permanentes - Salários de titulares de cargos de direção e chefia | B17: 501.01.03 - Salários de titulares de cargos de direção e chefia | C17: 0 | D17: 0 | E17: 0 | F17: 0 | G17: 0 | H17: 0 | I17: 0 | J17: 0 | K17: 0 | L17: 0 | M17: 0 | N17: 0 | O17: 0 | P17: 0 | Q17: 0 | R17: 0 | S17: 0 | T17: 0 | U17: #DIV/0! | V17: 0 | W17: 0 | X17: 0 | Y17: 0 | Z17: 0 | AA17: 0
A18: 501.01.04 - SALÁRIOS E VENCIMENTOS - Salários e abonos regulares e permanentes - Salários de funcionários e agentes | B18: 501.01.04 - Salários de funcionários e agentes | C18: 0 | D18: 0 | E18: 0 | F18: 0 | G18: 0 | H18: 0 | I18: 0 | J18: 0 | K18: 0 | L18: 0 | M18: 0 | N18: 0 | O18: 0 | P18: 0 | Q18: 0 | R18: 0 | S18: 0 | T18: 0 | U18: #DIV/0! | V18: 0 | W18: 0 | X18: 0 | Y18: 0 | Z18: 0 | AA18: 0
A19: 501.01.05 - SALÁRIOS E VENCIMENTOS - Salários e abonos regulares e permanentes - Salários de contratados nacionais | B19: 501.01.05 - Salários de contratados nacionais | C19: 0 | D19: 0 | E19: 0 | F19: 0 | G19: 0 | H19: 0 | I19: 0 | J19: 0 | K19: 0 | L19: 0 | M19: 0 | N19: 0 | O19: 0 | P19: 0 | Q19: 0 | R19: 0 | S19: 0 | T19: 0 | U19: #DIV/0! | V19: 0 | W19: 0 | X19: 0 | Y19: 0 | Z19: 0 | AA19: 0
A20: 501.01.06 - SALÁRIOS E VENCIMENTOS - Salários e abonos regulares e permanentes - Salários de contratados internacionais | B20: 501.01.06 - Salários de contratados internacionais | C20: 0 | D20: 0 | E20: 0 | F20: 0 | G20: 0 | H20: 0 | I20: 0 | J20: 0 | K20: 0 | L20: 0 | M20: 0 | N20: 0 | O20: 0 | P20: 0 | Q20: 0 | R20: 0 | S20: 0 | T20: 0 | U20: #DIV/0! | V20: 0 | W20: 0 | X20: 0 | Y20: 0 | Z20: 0 | AA20: 0
A21: 501.01.07 - SALÁRIOS E VENCIMENTOS - Salários e abonos regulares e permanentes - Salários de estagiários do Centro de Formação Jurídica e Judiciária | B21: 501.01.07 - Salários de estagiários do Centro de Formação Jurídica e Judiciária | C21: 0 | D21: 0 | E21: 0 | F21: 0 | G21: 0 | H21: 0 | I21: 0 | J21: 0 | K21: 0 | L21: 0 | M21: 0 | N21: 0 | O21: 0 | P21: 0 | Q21: 0 | R21: 0 | S21: 0 | T21: 0 | U21: #DIV/0! | V21: 0 | W21: 0 | X21: 0 | Y21: 0 | Z21: 0 | AA21: 0
A22: 501.01.08 - SALÁRIOS E VENCIMENTOS - Salários e abonos regulares e permanentes - Salários de estagiários do Fundo de Desenvolvimento de Capital Humano | B22: 501.01.08 - Salários de estagiários do Fundo de Desenvolvimento de Capital Humano | C22: 0 | D22: 0 | E22: 0 | F22: 0 | G22: 0 | H22: 0 | I22: 0 | J22: 0 | K22: 0 | L22: 0 | M22: 0 | N22: 0 | O22: 0 | P22: 0 | Q22: 0 | R22: 0 | S22: 0 | T22: 0 | U22: #DIV/0! | V22: 0 | W22: 0 | X22: 0 | Y22: 0 | Z22: 0 | AA22: 0
A23: 501.01.09 - SALÁRIOS E VENCIMENTOS - Salários e abonos regulares e permanentes - Salários de outros beneficiários | B23: 501.01.09 - Salários de outros beneficiários | C23: 0 | D23: 0 | E23: 0 | F23: 0 | G23: 0 | H23: 0 | I23: 0 | J23: 0 | K23: 0 | L23: 0 | M23: 0 | N23: 0 | O23: 0 | P23: 0 | Q23: 0 | R23: 0 | S23: 0 | T23: 0 | U23: #DIV/0! | V23: 0 | W23: 0 | X23: 0 | Y23: 0 | Z23: 0 | AA23: 0
A24: 501.01.10 - SALÁRIOS E VENCIMENTOS - Salários e abonos regulares e permanentes - Abono para despesas de representação | B24: 501.01.10 - Abono para despesas de representação | C24: 0 | D24: 0 | E24: 0 | F24: 0 | G24: 0 | H24: 0 | I24: 0 | J24: 0 | K24: 0 | L24: 0 | M24: 0 | N24: 0 | O24: 0 | P24: 0 | Q24: 0 | R24: 0 | S24: 0 | T24: 0 | U24: #DIV/0! | V24: 0 | W24: 0 | X24: 0 | Y24: 0 | Z24: 0 | AA24: 0
A25: 501.01.11 - SALÁRIOS E VENCIMENTOS - Salários e abonos regulares e permanentes - Décimo terceiro mês | B25: 501.01.11 - Décimo terceiro mês | C25: 0 | D25: 0 | E25: 0 | F25: 0 | G25: 0 | H25: 0 | I25: 0 | J25: 0 | K25: 0 | L25: 0 | M25: 0 | N25: 0 | O25: 0 | P25: 0 | Q25: 0 | R25: 0 | S25: 0 | T25: 0 | U25: #DIV/0! | V25: 0 | W25: 0 | X25: 0 | Y25: 0 | Z25: 0 | AA25: 0
A26: 501.01.12 - SALÁRIOS E VENCIMENTOS - Salários e abonos regulares e permanentes - Outros abonos regulares e permanentes | B26: 501.01.12 - Outros abonos regulares e permanentes | C26: 0 | D26: 0 | E26: 0 | F26: 0 | G26: 0 | H26: 0 | I26: 0 | J26: 0 | K26: 0 | L26: 0 | M26: 0 | N26: 0 | O26: 0 | P26: 0 | Q26: 0 | R26: 0 | S26: 0 | T26: 0 | U26: #DIV/0! | V26: 0 | W26: 0 | X26: 0 | Y26: 0 | Z26: 0 | AA26: 0
B27: 501.02 - Abonos variáveis ou eventuais | C27: 0 | D27: 0 | E27: 0 | F27: 0 | G27: 0 | H27: 0 | I27: 0 | J27: 0 | K27: 0 | L27: 0 | M27: 0 | N27: 0 | O27: 0 | P27: 0 | Q27: 0 | R27: 0 | S27: 0 | T27: 0 | U27: #DIV/0! | V27: 0 | W27: 0 | X27: 0 | Y27: 0 | Z27: 0 | AA27: 0
A28: 501.02.01 - SALÁRIOS E VENCIMENTOS - Abonos variáveis ou eventuais - Horas extraordinárias | B28: 501.02.01 - Horas extraordinárias | C28: 0 | D28: 0 | E28: 0 | F28: 0 | G28: 0 | H28: 0 | I28: 0 | J28: 0 | K28: 0 | L28: 0 | M28: 0 | N28: 0 | O28: 0 | P28: 0 | Q28: 0 | R28: 0 | S28: 0 | T28: 0 | U28: #DIV/0! | V28: 0 | W28: 0 | X28: 0 | Y28: 0 | Z28: 0 | AA28: 0
A29: 501.02.02 - SALÁRIOS E VENCIMENTOS - Abonos variáveis ou eventuais - Subsídio mensal de transporte | B29: 501.02.02 - Subsídio mensal de transporte | C29: 0 | D29: 0 | E29: 0 | F29: 0 | G29: 0 | H29: 0 | I29: 0 | J29: 0 | K29: 0 | L29: 0 | M29: 0 | N29: 0 | O29: 0 | P29: 0 | Q29: 0 | R29: 0 | S29: 0 | T29: 0 | U29: #DIV/0! | V29: 0 | W29: 0 | X29: 0 | Y29: 0 | Z29: 0 | AA29: 0
A30: 501.02.03 - SALÁRIOS E VENCIMENTOS - Abonos variáveis ou eventuais - Ajudas de custo por recolocação | B30: 501.02.03 - Ajudas de custo por recolocação | C30: 0 | D30: 0 | E30: 0 | F30: 0 | G30: 0 | H30: 0 | I30: 0 | J30: 0 | K30: 0 | L30: 0 | M30: 0 | N30: 0 | O30: 0 | P30: 0 | Q30: 0 | R30: 0 | S30: 0 | T30: 0 | U30: #DIV/0! | V30: 0 | W30: 0 | X30: 0 | Y30: 0 | Z30: 0 | AA30: 0
A31: 501.02.04 - SALÁRIOS E VENCIMENTOS - Abonos variáveis ou eventuais - Suplemento de turno | B31: 501.02.04 - Suplemento de turno | C31: 0 | D31: 0 | E31: 0 | F31: 0 | G31: 0 | H31: 0 | I31: 0 | J31: 0 | K31: 0 | L31: 0 | M31: 0 | N31: 0 | O31: 0 | P31: 0 | Q31: 0 | R31: 0 | S31: 0 | T31: 0 | U31: #DIV/0! | V31: 0 | W31: 0 | X31: 0 | Y31: 0 | Z31: 0 | AA31: 0
A32: 501.02.05 - SALÁRIOS E VENCIMENTOS - Abonos variáveis ou eventuais - Suplemento por trabalho em local remoto ou de difícil acesso | B32: 501.02.05 - Suplemento por trabalho em local remoto ou de difícil acesso | C32: 0 | D32: 0 | E32: 0 | F32: 0 | G32: 0 | H32: 0 | I32: 0 | J32: 0 | K32: 0 | L32: 0 | M32: 0 | N32: 0 | O32: 0 | P32: 0 | Q32: 0 | R32: 0 | S32: 0 | T32: 0 | U32: #DIV/0! | V32: 0 | W32: 0 | X32: 0 | Y32: 0 | Z32: 0 | AA32: 0
A33: 501.02.06 - SALÁRIOS E VENCIMENTOS - Abonos variáveis ou eventuais - Subsídio de alojamento | B33: 501.02.06 - Subsídio de alojamento | C33: 0 | D33: 0 | E33: 0 | F33: 0 | G33: 0 | H33: 0 | I33: 0 | J33: 0 | K33: 0 | L33: 0 | M33: 0 | N33: 0 | O33: 0 | P33: 0 | Q33: 0 | R33: 0 | S33: 0 | T33: 0 | U33: #DIV/0! | V33: 0 | W33: 0 | X33: 0 | Y33: 0 | Z33: 0 | AA33: 0
A34: 501.02.07 - SALÁRIOS E VENCIMENTOS - Abonos variáveis ou eventuais - Subsídio de alimentação | B34: 501.02.07 - Subsídio de alimentação | C34: 0 | D34: 0 | E34: 0 | F34: 0 | G34: 0 | H34: 0 | I34: 0 | J34: 0 | K34: 0 | L34: 0 | M34: 0 | N34: 0 | O34: 0 | P34: 0 | Q34: 0 | R34: 0 | S34: 0 | T34: 0 | U34: #DIV/0! | V34: 0 | W34: 0 | X34: 0 | Y34: 0 | Z34: 0 | AA34: 0
A35: 501.02.08 - SALÁRIOS E VENCIMENTOS - Abonos variáveis ou eventuais - Subsídio de risco | B35: 501.02.08 - Subsídio de risco | C35: 0 | D35: 0 | E35: 0 | F35: 0 | G35: 0 | H35: 0 | I35: 0 | J35: 0 | K35: 0 | L35: 0 | M35: 0 | N35: 0 | O35: 0 | P35: 0 | Q35: 0 | R35: 0 | S35: 0 | T35: 0 | U35: #DIV/0! | V35: 0 | W35: 0 | X35: 0 | Y35: 0 | Z35: 0 | AA35: 0
A36: 501.02.09 - SALÁRIOS E VENCIMENTOS - Abonos variáveis ou eventuais - Outros abonos variáveis ou eventuais | B36: 501.02.09 - Outros abonos variáveis ou eventuais | C36: 0 | D36: 0 | E36: 0 | F36: 0 | G36: 0 | H36: 0 | I36: 0 | J36: 0 | K36: 0 | L36: 0 | M36: 0 | N36: 0 | O36: 0 | P36: 0 | Q36: 0 | R36: 0 | S36: 0 | T36: 0 | U36: #DIV/0! | V36: 0 | W36: 0 | X36: 0 | Y36: 0 | Z36: 0 | AA36: 0
A37: 501.03 - SALÁRIOS E VENCIMENTOS - Contribuição para a Segurança Social como entidade empregadora | B37: 501.03 - Contribuição para a Segurança Social como entidade empregadora | C37: 0 | D37: 0 | E37: 0 | F37: 0 | G37: 0 | H37: 0 | I37: 0 | J37: 0 | K37: 0 | L37: 0 | M37: 0 | N37: 0 | O37: 0 | P37: 0 | Q37: 0 | R37: 0 | S37: 0 | T37: 0 | U37: #DIV/0! | V37: 0 | W37: 0 | X37: 0 | Y37: 0 | Z37: 0 | AA37: 0
A38: 501.04 - SALÁRIOS E VENCIMENTOS - Outras despesas com pessoal | B38: 501.04 - Outras despesas com pessoal | C38: 0 | D38: 0 | E38: 0 | F38: 0 | G38: 0 | H38: 0 | I38: 0 | J38: 0 | K38: 0 | L38: 0 | M38: 0 | N38: 0 | O38: 0 | P38: 0 | Q38: 0 | R38: 0 | S38: 0 | T38: 0 | U38: #DIV/0! | V38: 0 | W38: 0 | X38: 0 | Y38: 0 | Z38: 0 | AA38: 0
B39: 502 - BENS E SERVIÇOS CORRENTES | C39: 0 | D39: 0 | E39: 0 | F39: 0 | G39: 0 | H39: 0 | I39: 0 | J39: 0 | K39: 0 | L39: 0 | M39: 0 | N39: 0 | O39: 0 | P39: 0 | Q39: 0 | R39: 0 | S39: 0 | T39: 0 | U39: #DIV/0! | V39: 0 | W39: 0 | X39: 0 | Y39: 0 | Z39: 0 | AA39: 0
A40: 502.01 - BENS E SERVIÇOS CORRENTES - Matérias-primas e subsidiárias | B40: 502.01 - Matérias-primas e subsidiárias | C40: 0 | D40: 0 | E40: 0 | F40: 0 | G40: 0 | H40: 0 | I40: 0 | J40: 0 | K40: 0 | L40: 0 | M40: 0 | N40: 0 | O40: 0 | P40: 0 | Q40: 0 | R40: 0 | S40: 0 | T40: 0 | U40: #DIV/0! | V40: 0 | W40: 0 | X40: 0 | Y40: 0 | Z40: 0 | AA40: 0
A41: 502.02 - BENS E SERVIÇOS CORRENTES - Mercadorias para venda | B41: 502.02 - Mercadorias para venda | C41: 0 | D41: 0 | E41: 0 | F41: 0 | G41: 0 | H41: 0 | I41: 0 | J41: 0 | K41: 0 | L41: 0 | M41: 0 | N41: 0 | O41: 0 | P41: 0 | Q41: 0 | R41: 0 | S41: 0 | T41: 0 | U41: #DIV/0! | V41: 0 | W41: 0 | X41: 0 | Y41: 0 | Z41: 0 | AA41: 0
B42: 502.03 - Vestuário e artigos pessoais | C42: 0 | D42: 0 | E42: 0 | F42: 0 | G42: 0 | H42: 0 | I42: 0 | J42: 0 | K42: 0 | L42: 0 | M42: 0 | N42: 0 | O42: 0 | P42: 0 | Q42: 0 | R42: 0 | S42: 0 | T42: 0 | U42: #DIV/0! | V42: 0 | W42: 0 | X42: 0 | Y42: 0 | Z42: 0 | AA42: 0
A43: 502.03.01 - BENS E SERVIÇOS CORRENTES - Vestuário e artigos pessoais - Fardamento | B43: 502.03.01 - Fardamento | C43: 0 | D43: 0 | E43: 0 | F43: 0 | G43: 0 | H43: 0 | I43: 0 | J43: 0 | K43: 0 | L43: 0 | M43: 0 | N43: 0 | O43: 0 | P43: 0 | Q43: 0 | R43: 0 | S43: 0 | T43: 0 | U43: #DIV/0! | V43: 0 | W43: 0 | X43: 0 | Y43: 0 | Z43: 0 | AA43: 0
A44: 502.03.02 - BENS E SERVIÇOS CORRENTES - Vestuário e artigos pessoais - Outro vestuário e artigos pessoais | B44: 502.03.02 - Outro vestuário e artigos pessoais | C44: 0 | D44: 0 | E44: 0 | F44: 0 | G44: 0 | H44: 0 | I44: 0 | J44: 0 | K44: 0 | L44: 0 | M44: 0 | N44: 0 | O44: 0 | P44: 0 | Q44: 0 | R44: 0 | S44: 0 | T44: 0 | U44: #DIV/0! | V44: 0 | W44: 0 | X44: 0 | Y44: 0 | Z44: 0 | AA44: 0
B45: 502.04 - Bens públicos | C45: 0 | D45: 0 | E45: 0 | F45: 0 | G45: 0 | H45: 0 | I45: 0 | J45: 0 | K45: 0 | L45: 0 | M45: 0 | N45: 0 | O45: 0 | P45: 0 | Q45: 0 | R45: 0 | S45: 0 | T45: 0 | U45: #DIV/0! | V45: 0 | W45: 0 | X45: 0 | Y45: 0 | Z45: 0 | AA45: 0
A46: 502.04.01 - BENS E SERVIÇOS CORRENTES - Bens públicos - Água | B46: 502.04.01 - Água | C46: 0 | D46: 0 | E46: 0 | F46: 0 | G46: 0 | H46: 0 | I46: 0 | J46: 0 | K46: 0 | L46: 0 | M46: 0 | N46: 0 | O46: 0 | P46: 0 | Q46: 0 | R46: 0 | S46: 0 | T46: 0 | U46: #DIV/0! | V46: 0 | W46: 0 | X46: 0 | Y46: 0 | Z46: 0 | AA46: 0
A47: 502.04.02 - BENS E SERVIÇOS CORRENTES - Bens públicos - Eletricidade | B47: 502.04.02 - Eletricidade | C47: 0 | D47: 0 | E47: 0 | F47: 0 | G47: 0 | H47: 0 | I47: 0 | J47: 0 | K47: 0 | L47: 0 | M47: 0 | N47: 0 | O47: 0 | P47: 0 | Q47: 0 | R47: 0 | S47: 0 | T47: 0 | U47: #DIV/0! | V47: 0 | W47: 0 | X47: 0 | Y47: 0 | Z47: 0 | AA47: 0
A48: 502.04.03 - BENS E SERVIÇOS CORRENTES - Bens públicos - Gás | B48: 502.04.03 - Gás | C48: 0 | D48: 0 | E48: 0 | F48: 0 | G48: 0 | H48: 0 | I48: 0 | J48: 0 | K48: 0 | L48: 0 | M48: 0 | N48: 0 | O48: 0 | P48: 0 | Q48: 0 | R48: 0 | S48: 0 | T48: 0 | U48: #DIV/0! | V48: 0 | W48: 0 | X48: 0 | Y48: 0 | Z48: 0 | AA48: 0
A49: 502.04.04 - BENS E SERVIÇOS CORRENTES - Bens públicos - Outros bens públicos | B49: 502.04.04 - Outros bens públicos | C49: 0 | D49: 0 | E49: 0 | F49: 0 | G49: 0 | H49: 0 | I49: 0 | J49: 0 | K49: 0 | L49: 0 | M49: 0 | N49: 0 | O49: 0 | P49: 0 | Q49: 0 | R49: 0 | S49: 0 | T49: 0 | U49: #DIV/0! | V49: 0 | W49: 0 | X49: 0 | Y49: 0 | Z49: 0 | AA49: 0
B50: 502.05 - Alimentação | C50: 0 | D50: 0 | E50: 0 | F50: 0 | G50: 0 | H50: 0 | I50: 0 | J50: 0 | K50: 0 | L50: 0 | M50: 0 | N50: 0 | O50: 0 | P50: 0 | Q50: 0 | R50: 0 | S50: 0 | T50: 0 | U50: #DIV/0! | V50: 0 | W50: 0 | X50: 0 | Y50: 0 | Z50: 0 | AA50: 0
A51: 502.05.01 - BENS E SERVIÇOS CORRENTES - Alimentação - Produtos alimentares não confecionados | B51: 502.05.01 - Produtos alimentares não confecionados | C51: 0 | D51: 0 | E51: 0 | F51: 0 | G51: 0 | H51: 0 | I51: 0 | J51: 0 | K51: 0 | L51: 0 | M51: 0 | N51: 0 | O51: 0 | P51: 0 | Q51: 0 | R51: 0 | S51: 0 | T51: 0 | U51: #DIV/0! | V51: 0 | W51: 0 | X51: 0 | Y51: 0 | Z51: 0 | AA51: 0
A52: 502.05.02 - BENS E SERVIÇOS CORRENTES - Alimentação - Refeições confecionadas | B52: 502.05.02 - Refeições confecionadas | C52: 0 | D52: 0 | E52: 0 | F52: 0 | G52: 0 | H52: 0 | I52: 0 | J52: 0 | K52: 0 | L52: 0 | M52: 0 | N52: 0 | O52: 0 | P52: 0 | Q52: 0 | R52: 0 | S52: 0 | T52: 0 | U52: #DIV/0! | V52: 0 | W52: 0 | X52: 0 | Y52: 0 | Z52: 0 | AA52: 0
A53: 502.05.03 - BENS E SERVIÇOS CORRENTES - Alimentação - Bebidas | B53: 502.05.03 - Bebidas | C53: 0 | D53: 0 | E53: 0 | F53: 0 | G53: 0 | H53: 0 | I53: 0 | J53: 0 | K53: 0 | L53: 0 | M53: 0 | N53: 0 | O53: 0 | P53: 0 | Q53: 0 | R53: 0 | S53: 0 | T53: 0 | U53: #DIV/0! | V53: 0 | W53: 0 | X53: 0 | Y53: 0 | Z53: 0 | AA53: 0
A54: 502.05.04 - BENS E SERVIÇOS CORRENTES - Alimentação - Outra alimentação | B54: 502.05.04 - Outra alimentação | C54: 0 | D54: 0 | E54: 0 | F54: 0 | G54: 0 | H54: 0 | I54: 0 | J54: 0 | K54: 0 | L54: 0 | M54: 0 | N54: 0 | O54: 0 | P54: 0 | Q54: 0 | R54: 0 | S54: 0 | T54: 0 | U54: #DIV/0! | V54: 0 | W54: 0 | X54: 0 | Y54: 0 | Z54: 0 | AA54: 0
A55: 502.06 - BENS E SERVIÇOS CORRENTES - Material médico e hospitalar | B55: 502.06 - Material médico e hospitalar | C55: 0 | D55: 0 | E55: 0 | F55: 0 | G55: 0 | H55: 0 | I55: 0 | J55: 0 | K55: 0 | L55: 0 | M55: 0 | N55: 0 | O55: 0 | P55: 0 | Q55: 0 | R55: 0 | S55: 0 | T55: 0 | U55: #DIV/0! | V55: 0 | W55: 0 | X55: 0 | Y55: 0 | Z55: 0 | AA55: 0
A56: 502.07 - BENS E SERVIÇOS CORRENTES - Material escolar | B56: 502.07 - Material escolar | C56: 0 | D56: 0 | E56: 0 | F56: 0 | G56: 0 | H56: 0 | I56: 0 | J56: 0 | K56: 0 | L56: 0 | M56: 0 | N56: 0 | O56: 0 | P56: 0 | Q56: 0 | R56: 0 | S56: 0 | T56: 0 | U56: #DIV/0! | V56: 0 | W56: 0 | X56: 0 | Y56: 0 | Z56: 0 | AA56: 0
A57: 502.08 - BENS E SERVIÇOS CORRENTES - Material agrícola | B57: 502.08 - Material agrícola | C57: 0 | D57: 0 | E57: 0 | F57: 0 | G57: 0 | H57: 0 | I57: 0 | J57: 0 | K57: 0 | L57: 0 | M57: 0 | N57: 0 | O57: 0 | P57: 0 | Q57: 0 | R57: 0 | S57: 0 | T57: 0 | U57: #DIV/0! | V57: 0 | W57: 0 | X57: 0 | Y57: 0 | Z57: 0 | AA57: 0
A58: 502.09 - BENS E SERVIÇOS CORRENTES - Material de escritório | B58: 502.09 - Material de escritório | C58: 0 | D58: 0 | E58: 0 | F58: 0 | G58: 0 | H58: 0 | I58: 0 | J58: 0 | K58: 0 | L58: 0 | M58: 0 | N58: 0 | O58: 0 | P58: 0 | Q58: 0 | R58: 0 | S58: 0 | T58: 0 | U58: #DIV/0! | V58: 0 | W58: 0 | X58: 0 | Y58: 0 | Z58: 0 | AA58: 0
B59: 502.10 - Combustível | C59: 0 | D59: 0 | E59: 0 | F59: 0 | G59: 0 | H59: 0 | I59: 0 | J59: 0 | K59: 0 | L59: 0 | M59: 0 | N59: 0 | O59: 0 | P59: 0 | Q59: 0 | R59: 0 | S59: 0 | T59: 0 | U59: #DIV/0! | V59: 0 | W59: 0 | X59: 0 | Y59: 0 | Z59: 0 | AA59: 0
A60: 502.10.01 - BENS E SERVIÇOS CORRENTES - Combustível - Combustível para geradores | B60: 502.10.01 - Combustível para geradores | C60: 0 | D60: 0 | E60: 0 | F60: 0 | G60: 0 | H60: 0 | I60: 0 | J60: 0 | K60: 0 | L60: 0 | M60: 0 | N60: 0 | O60: 0 | P60: 0 | Q60: 0 | R60: 0 | S60: 0 | T60: 0 | U60: #DIV/0! | V60: 0 | W60: 0 | X60: 0 | Y60: 0 | Z60: 0 | AA60: 0
A61: 502.10.02 - BENS E SERVIÇOS CORRENTES - Combustível - Combustível para veículos | B61: 502.10.02 - Combustível para veículos | C61: 0 | D61: 0 | E61: 0 | F61: 0 | G61: 0 | H61: 0 | I61: 0 | J61: 0 | K61: 0 | L61: 0 | M61: 0 | N61: 0 | O61: 0 | P61: 0 | Q61: 0 | R61: 0 | S61: 0 | T61: 0 | U61: #DIV/0! | V61: 0 | W61: 0 | X61: 0 | Y61: 0 | Z61: 0 | AA61: 0
A62: 502.10.03 - BENS E SERVIÇOS CORRENTES - Combustível - Combustível para navios | B62: 502.10.03 - Combustível para navios | C62: 0 | D62: 0 | E62: 0 | F62: 0 | G62: 0 | H62: 0 | I62: 0 | J62: 0 | K62: 0 | L62: 0 | M62: 0 | N62: 0 | O62: 0 | P62: 0 | Q62: 0 | R62: 0 | S62: 0 | T62: 0 | U62: #DIV/0! | V62: 0 | W62: 0 | X62: 0 | Y62: 0 | Z62: 0 | AA62: 0
A63: 502.10.04 - BENS E SERVIÇOS CORRENTES - Combustível - Combustível para aviões | B63: 502.10.04 - Combustível para aviões | C63: 0 | D63: 0 | E63: 0 | F63: 0 | G63: 0 | H63: 0 | I63: 0 | J63: 0 | K63: 0 | L63: 0 | M63: 0 | N63: 0 | O63: 0 | P63: 0 | Q63: 0 | R63: 0 | S63: 0 | T63: 0 | U63: #DIV/0! | V63: 0 | W63: 0 | X63: 0 | Y63: 0 | Z63: 0 | AA63: 0
A64: 502.10.05 - BENS E SERVIÇOS CORRENTES - Combustível - Outros combustíveis | B64: 502.10.05 - Outros combustíveis | C64: 0 | D64: 0 | E64: 0 | F64: 0 | G64: 0 | H64: 0 | I64: 0 | J64: 0 | K64: 0 | L64: 0 | M64: 0 | N64: 0 | O64: 0 | P64: 0 | Q64: 0 | R64: 0 | S64: 0 | T64: 0 | U64: #DIV/0! | V64: 0 | W64: 0 | X64: 0 | Y64: 0 | Z64: 0 | AA64: 0
B65: 502.11 - Produtos químicos | C65: 0 | D65: 0 | E65: 0 | F65: 0 | G65: 0 | H65: 0 | I65: 0 | J65: 0 | K65: 0 | L65: 0 | M65: 0 | N65: 0 | O65: 0 | P65: 0 | Q65: 0 | R65: 0 | S65: 0 | T65: 0 | U65: #DIV/0! | V65: 0 | W65: 0 | X65: 0 | Y65: 0 | Z65: 0 | AA65: 0
A66: 502.11.01 - BENS E SERVIÇOS CORRENTES - Produtos químicos - Produtos farmaceuticos | B66: 502.11.01 - Produtos farmaceuticos | C66: 0 | D66: 0 | E66: 0 | F66: 0 | G66: 0 | H66: 0 | I66: 0 | J66: 0 | K66: 0 | L66: 0 | M66: 0 | N66: 0 | O66: 0 | P66: 0 | Q66: 0 | R66: 0 | S66: 0 | T66: 0 | U66: #DIV/0! | V66: 0 | W66: 0 | X66: 0 | Y66: 0 | Z66: 0 | AA66: 0
A67: 502.11.02 - BENS E SERVIÇOS CORRENTES - Produtos químicos - Artigos de limpeza e higiene | B67: 502.11.02 - Artigos de limpeza e higiene | C67: 0 | D67: 0 | E67: 0 | F67: 0 | G67: 0 | H67: 0 | I67: 0 | J67: 0 | K67: 0 | L67: 0 | M67: 0 | N67: 0 | O67: 0 | P67: 0 | Q67: 0 | R67: 0 | S67: 0 | T67: 0 | U67: #DIV/0! | V67: 0 | W67: 0 | X67: 0 | Y67: 0 | Z67: 0 | AA67: 0
A68: 502.11.03 - BENS E SERVIÇOS CORRENTES - Produtos químicos - Munições, explosivos e artifícios | B68: 502.11.03 - Munições, explosivos e artifícios | C68: 0 | D68: 0 | E68: 0 | F68: 0 | G68: 0 | H68: 0 | I68: 0 | J68: 0 | K68: 0 | L68: 0 | M68: 0 | N68: 0 | O68: 0 | P68: 0 | Q68: 0 | R68: 0 | S68: 0 | T68: 0 | U68: #DIV/0! | V68: 0 | W68: 0 | X68: 0 | Y68: 0 | Z68: 0 | AA68: 0
A69: 502.11.04 - BENS E SERVIÇOS CORRENTES - Produtos químicos - Petróleo | B69: 502.11.04 - Petróleo | C69: 0 | D69: 0 | E69: 0 | F69: 0 | G69: 0 | H69: 0 | I69: 0 | J69: 0 | K69: 0 | L69: 0 | M69: 0 | N69: 0 | O69: 0 | P69: 0 | Q69: 0 | R69: 0 | S69: 0 | T69: 0 | U69: #DIV/0! | V69: 0 | W69: 0 | X69: 0 | Y69: 0 | Z69: 0 | AA69: 0
A70: 502.11.05 - BENS E SERVIÇOS CORRENTES - Produtos químicos - Lubrificantes | B70: 502.11.05 - Lubrificantes | C70: 0 | D70: 0 | E70: 0 | F70: 0 | G70: 0 | H70: 0 | I70: 0 | J70: 0 | K70: 0 | L70: 0 | M70: 0 | N70: 0 | O70: 0 | P70: 0 | Q70: 0 | R70: 0 | S70: 0 | T70: 0 | U70: #DIV/0! | V70: 0 | W70: 0 | X70: 0 | Y70: 0 | Z70: 0 | AA70: 0
A71: 502.11.06 - BENS E SERVIÇOS CORRENTES - Produtos químicos - Outros produtos químicos | B71: 502.11.06 - Outros produtos químicos | C71: 0 | D71: 0 | E71: 0 | F71: 0 | G71: 0 | H71: 0 | I71: 0 | J71: 0 | K71: 0 | L71: 0 | M71: 0 | N71: 0 | O71: 0 | P71: 0 | Q71: 0 | R71: 0 | S71: 0 | T71: 0 | U71: #DIV/0! | V71: 0 | W71: 0 | X71: 0 | Y71: 0 | Z71: 0 | AA71: 0
B72: 502.12 - Peças e Ferramentas | C72: 0 | D72: 0 | E72: 0 | F72: 0 | G72: 0 | H72: 0 | I72: 0 | J72: 0 | K72: 0 | L72: 0 | M72: 0 | N72: 0 | O72: 0 | P72: 0 | Q72: 0 | R72: 0 | S72: 0 | T72: 0 | U72: #DIV/0! | V72: 0 | W72: 0 | X72: 0 | Y72: 0 | Z72: 0 | AA72: 0
A73: 502.12.01 - BENS E SERVIÇOS CORRENTES - Peças e Ferramentas - Peças | B73: 502.12.01 - Peças | C73: 0 | D73: 0 | E73: 0 | F73: 0 | G73: 0 | H73: 0 | I73: 0 | J73: 0 | K73: 0 | L73: 0 | M73: 0 | N73: 0 | O73: 0 | P73: 0 | Q73: 0 | R73: 0 | S73: 0 | T73: 0 | U73: #DIV/0! | V73: 0 | W73: 0 | X73: 0 | Y73: 0 | Z73: 0 | AA73: 0
A74: 502.12.02 - BENS E SERVIÇOS CORRENTES - Peças e Ferramentas - Ferramentas e utensílios | B74: 502.12.02 - Ferramentas e utensílios | C74: 0 | D74: 0 | E74: 0 | F74: 0 | G74: 0 | H74: 0 | I74: 0 | J74: 0 | K74: 0 | L74: 0 | M74: 0 | N74: 0 | O74: 0 | P74: 0 | Q74: 0 | R74: 0 | S74: 0 | T74: 0 | U74: #DIV/0! | V74: 0 | W74: 0 | X74: 0 | Y74: 0 | Z74: 0 | AA74: 0
A75: 502.13 - BENS E SERVIÇOS CORRENTES - Prémios, condecorações e ofertas | B75: 502.13 - Prémios, condecorações e ofertas | C75: 0 | D75: 0 | E75: 0 | F75: 0 | G75: 0 | H75: 0 | I75: 0 | J75: 0 | K75: 0 | L75: 0 | M75: 0 | N75: 0 | O75: 0 | P75: 0 | Q75: 0 | R75: 0 | S75: 0 | T75: 0 | U75: #DIV/0! | V75: 0 | W75: 0 | X75: 0 | Y75: 0 | Z75: 0 | AA75: 0
A76: 502.14 - BENS E SERVIÇOS CORRENTES - Livros e documentação técnica | B76: 502.14 - Livros e documentação técnica | C76: 0 | D76: 0 | E76: 0 | F76: 0 | G76: 0 | H76: 0 | I76: 0 | J76: 0 | K76: 0 | L76: 0 | M76: 0 | N76: 0 | O76: 0 | P76: 0 | Q76: 0 | R76: 0 | S76: 0 | T76: 0 | U76: #DIV/0! | V76: 0 | W76: 0 | X76: 0 | Y76: 0 | Z76: 0 | AA76: 0
A77: 502.15 - BENS E SERVIÇOS CORRENTES - Outros bens correntes | B77: 502.15 - Outros bens correntes | C77: 0 | D77: 0 | E77: 0 | F77: 0 | G77: 0 | H77: 0 | I77: 0 | J77: 0 | K77: 0 | L77: 0 | M77: 0 | N77: 0 | O77: 0 | P77: 0 | Q77: 0 | R77: 0 | S77: 0 | T77: 0 | U77: #DIV/0! | V77: 0 | W77: 0 | X77: 0 | Y77: 0 | Z77: 0 | AA77: 0
B78: 502.16 - Limpeza e segurança | C78: 0 | D78: 0 | E78: 0 | F78: 0 | G78: 0 | H78: 0 | I78: 0 | J78: 0 | K78: 0 | L78: 0 | M78: 0 | N78: 0 | O78: 0 | P78: 0 | Q78: 0 | R78: 0 | S78: 0 | T78: 0 | U78: #DIV/0! | V78: 0 | W78: 0 | X78: 0 | Y78: 0 | Z78: 0 | AA78: 0
A79: 502.16.01 - BENS E SERVIÇOS CORRENTES - Limpeza e segurança - Limpeza e higiene | B79: 502.16.01 - Limpeza e higiene | C79: 0 | D79: 0 | E79: 0 | F79: 0 | G79: 0 | H79: 0 | I79: 0 | J79: 0 | K79: 0 | L79: 0 | M79: 0 | N79: 0 | O79: 0 | P79: 0 | Q79: 0 | R79: 0 | S79: 0 | T79: 0 | U79: #DIV/0! | V79: 0 | W79: 0 | X79: 0 | Y79: 0 | Z79: 0 | AA79: 0
A80: 502.16.02 - BENS E SERVIÇOS CORRENTES - Limpeza e segurança - Vigilância e segurança | B80: 502.16.02 - Vigilância e segurança | C80: 0 | D80: 0 | E80: 0 | F80: 0 | G80: 0 | H80: 0 | I80: 0 | J80: 0 | K80: 0 | L80: 0 | M80: 0 | N80: 0 | O80: 0 | P80: 0 | Q80: 0 | R80: 0 | S80: 0 | T80: 0 | U80: #DIV/0! | V80: 0 | W80: 0 | X80: 0 | Y80: 0 | Z80: 0 | AA80: 0
B81: 502.17 - Manutenção | C81: 0 | D81: 0 | E81: 0 | F81: 0 | G81: 0 | H81: 0 | I81: 0 | J81: 0 | K81: 0 | L81: 0 | M81: 0 | N81: 0 | O81: 0 | P81: 0 | Q81: 0 | R81: 0 | S81: 0 | T81: 0 | U81: #DIV/0! | V81: 0 | W81: 0 | X81: 0 | Y81: 0 | Z81: 0 | AA81: 0
A82: 502.17.01 - BENS E SERVIÇOS CORRENTES - Manutenção - Manutenção de veículos | B82: 502.17.01 - Manutenção de veículos | C82: 0 | D82: 0 | E82: 0 | F82: 0 | G82: 0 | H82: 0 | I82: 0 | J82: 0 | K82: 0 | L82: 0 | M82: 0 | N82: 0 | O82: 0 | P82: 0 | Q82: 0 | R82: 0 | S82: 0 | T82: 0 | U82: #DIV/0! | V82: 0 | W82: 0 | X82: 0 | Y82: 0 | Z82: 0 | AA82: 0
A83: 502.17.02 - BENS E SERVIÇOS CORRENTES - Manutenção - Manutenção de navios | B83: 502.17.02 - Manutenção de navios | C83: 0 | D83: 0 | E83: 0 | F83: 0 | G83: 0 | H83: 0 | I83: 0 | J83: 0 | K83: 0 | L83: 0 | M83: 0 | N83: 0 | O83: 0 | P83: 0 | Q83: 0 | R83: 0 | S83: 0 | T83: 0 | U83: #DIV/0! | V83: 0 | W83: 0 | X83: 0 | Y83: 0 | Z83: 0 | AA83: 0
A84: 502.17.03 - BENS E SERVIÇOS CORRENTES - Manutenção - Manutenção de aviões | B84: 502.17.03 - Manutenção de aviões | C84: 0 | D84: 0 | E84: 0 | F84: 0 | G84: 0 | H84: 0 | I84: 0 | J84: 0 | K84: 0 | L84: 0 | M84: 0 | N84: 0 | O84: 0 | P84: 0 | Q84: 0 | R84: 0 | S84: 0 | T84: 0 | U84: #DIV/0! | V84: 0 | W84: 0 | X84: 0 | Y84: 0 | Z84: 0 | AA84: 0
A85: 502.17.04 - BENS E SERVIÇOS CORRENTES - Manutenção - Manutenção de equipamento de eletricidade | B85: 502.17.04 - Manutenção de equipamento de eletricidade | C85: 0 | D85: 0 | E85: 0 | F85: 0 | G85: 0 | H85: 0 | I85: 0 | J85: 0 | K85: 0 | L85: 0 | M85: 0 | N85: 0 | O85: 0 | P85: 0 | Q85: 0 | R85: 0 | S85: 0 | T85: 0 | U85: #DIV/0! | V85: 0 | W85: 0 | X85: 0 | Y85: 0 | Z85: 0 | AA85: 0
A86: 502.17.05 - BENS E SERVIÇOS CORRENTES - Manutenção - Manutenção de equipamento de comunicação | B86: 502.17.05 - Manutenção de equipamento de comunicação | C86: 0 | D86: 0 | E86: 0 | F86: 0 | G86: 0 | H86: 0 | I86: 0 | J86: 0 | K86: 0 | L86: 0 | M86: 0 | N86: 0 | O86: 0 | P86: 0 | Q86: 0 | R86: 0 | S86: 0 | T86: 0 | U86: #DIV/0! | V86: 0 | W86: 0 | X86: 0 | Y86: 0 | Z86: 0 | AA86: 0
A87: 502.17.06 - BENS E SERVIÇOS CORRENTES - Manutenção - Manutenção de equipamento de ar condicionado | B87: 502.17.06 - Manutenção de equipamento de ar condicionado | C87: 0 | D87: 0 | E87: 0 | F87: 0 | G87: 0 | H87: 0 | I87: 0 | J87: 0 | K87: 0 | L87: 0 | M87: 0 | N87: 0 | O87: 0 | P87: 0 | Q87: 0 | R87: 0 | S87: 0 | T87: 0 | U87: #DIV/0! | V87: 0 | W87: 0 | X87: 0 | Y87: 0 | Z87: 0 | AA87: 0
A88: 502.17.07 - BENS E SERVIÇOS CORRENTES - Manutenção - Manutenção de geradores | B88: 502.17.07 - Manutenção de geradores | C88: 0 | D88: 0 | E88: 0 | F88: 0 | G88: 0 | H88: 0 | I88: 0 | J88: 0 | K88: 0 | L88: 0 | M88: 0 | N88: 0 | O88: 0 | P88: 0 | Q88: 0 | R88: 0 | S88: 0 | T88: 0 | U88: #DIV/0! | V88: 0 | W88: 0 | X88: 0 | Y88: 0 | Z88: 0 | AA88: 0
A89: 502.17.08 - BENS E SERVIÇOS CORRENTES - Manutenção - Manutenção de outro equipamento | B89: 502.17.08 - Manutenção de outro equipamento | C89: 0 | D89: 0 | E89: 0 | F89: 0 | G89: 0 | H89: 0 | I89: 0 | J89: 0 | K89: 0 | L89: 0 | M89: 0 | N89: 0 | O89: 0 | P89: 0 | Q89: 0 | R89: 0 | S89: 0 | T89: 0 | U89: #DIV/0! | V89: 0 | W89: 0 | X89: 0 | Y89: 0 | Z89: 0 | AA89: 0
A90: 502.17.09 - BENS E SERVIÇOS CORRENTES - Manutenção - Manutenção de edifícios administrativos | B90: 502.17.09 - Manutenção de edifícios administrativos | C90: 0 | D90: 0 | E90: 0 | F90: 0 | G90: 0 | H90: 0 | I90: 0 | J90: 0 | K90: 0 | L90: 0 | M90: 0 | N90: 0 | O90: 0 | P90: 0 | Q90: 0 | R90: 0 | S90: 0 | T90: 0 | U90: #DIV/0! | V90: 0 | W90: 0 | X90: 0 | Y90: 0 | Z90: 0 | AA90: 0
A91: 502.17.10 - BENS E SERVIÇOS CORRENTES - Manutenção - Manutenção de efifícios residenciais | B91: 502.17.10 - Manutenção de efifícios residenciais | C91: 0 | D91: 0 | E91: 0 | F91: 0 | G91: 0 | H91: 0 | I91: 0 | J91: 0 | K91: 0 | L91: 0 | M91: 0 | N91: 0 | O91: 0 | P91: 0 | Q91: 0 | R91: 0 | S91: 0 | T91: 0 | U91: #DIV/0! | V91: 0 | W91: 0 | X91: 0 | Y91: 0 | Z91: 0 | AA91: 0
A92: 502.17.11 - BENS E SERVIÇOS CORRENTES - Manutenção - Manutenção de edifícios escolares e universitários | B92: 502.17.11 - Manutenção de edifícios escolares e universitários | C92: 0 | D92: 0 | E92: 0 | F92: 0 | G92: 0 | H92: 0 | I92: 0 | J92: 0 | K92: 0 | L92: 0 | M92: 0 | N92: 0 | O92: 0 | P92: 0 | Q92: 0 | R92: 0 | S92: 0 | T92: 0 | U92: #DIV/0! | V92: 0 | W92: 0 | X92: 0 | Y92: 0 | Z92: 0 | AA92: 0
A93: 502.17.12 - BENS E SERVIÇOS CORRENTES - Manutenção - Manutenção de edifícios médico-hospitalares | B93: 502.17.12 - Manutenção de edifícios médico-hospitalares | C93: 0 | D93: 0 | E93: 0 | F93: 0 | G93: 0 | H93: 0 | I93: 0 | J93: 0 | K93: 0 | L93: 0 | M93: 0 | N93: 0 | O93: 0 | P93: 0 | Q93: 0 | R93: 0 | S93: 0 | T93: 0 | U93: #DIV/0! | V93: 0 | W93: 0 | X93: 0 | Y93: 0 | Z93: 0 | AA93: 0
... A107: 502.17.26 - BENS E SERVIÇOS CORRENTES - Manutenção - Outra manutenção | B107: 502.17.26 - Outra manutenção | C107: 0 | D107: 0 | E107: 0 | F107: 0 | G107: 0 | H107: 0 | I107: 0 | J107: 0 | K107: 0 | L107: 0 | M107: 0 | N107: 0 | O107: 0 | P107: 0 | Q107: 0 | R107: 0 | S107: 0 | T107: 0 | U107: #DIV/0! | V107: 0 | W107: 0 | X107: 0 | Y107: 0 | Z107: 0 | AA107: 0
B108: 502.18 - Serviços Públicos | C108: 0 | D108: 0 | E108: 0 | F108: 0 | G108: 0 | H108: 0 | I108: 0 | J108: 0 | K108: 0 | L108: 0 | M108: 0 | N108: 0 | O108: 0 | P108: 0 | Q108: 0 | R108: 0 | S108: 0 | T108: 0 | U108: #DIV/0! | V108: 0 | W108: 0 | X108: 0 | Y108: 0 | Z108: 0 | AA108: 0
A109: 502.18.01 - BENS E SERVIÇOS CORRENTES - Serviços Públicos - Fornecimento de água | B109: 502.18.01 - Fornecimento de água | C109: 0 | D109: 0 | E109: 0 | F109: 0 | G109: 0 | H109: 0 | I109: 0 | J109: 0 | K109: 0 | L109: 0 | M109: 0 | N109: 0 | O109: 0 | P109: 0 | Q109: 0 | R109: 0 | S109: 0 | T109: 0 | U109: #DIV/0! | V109: 0 | W109: 0 | X109: 0 | Y109: 0 | Z109: 0 | AA109: 0
A110: 502.18.02 - BENS E SERVIÇOS CORRENTES - Serviços Públicos - Fornecimento de eletricidade | B110: 502.18.02 - Fornecimento de eletricidade | C110: 0 | D110: 0 | E110: 0 | F110: 0 | G110: 0 | H110: 0 | I110: 0 | J110: 0 | K110: 0 | L110: 0 | M110: 0 | N110: 0 | O110: 0 | P110: 0 | Q110: 0 | R110: 0 | S110: 0 | T110: 0 | U110: #DIV/0! | V110: 0 | W110: 0 | X110: 0 | Y110: 0 | Z110: 0 | AA110: 0
A111: 502.18.03 - BENS E SERVIÇOS CORRENTES - Serviços Públicos - Fornecimento de gás | B111: 502.18.03 - Fornecimento de gás | C111: 0 | D111: 0 | E111: 0 | F111: 0 | G111: 0 | H111: 0 | I111: 0 | J111: 0 | K111: 0 | L111: 0 | M111: 0 | N111: 0 | O111: 0 | P111: 0 | Q111: 0 | R111: 0 | S111: 0 | T111: 0 | U111: #DIV/0! | V111: 0 | W111: 0 | X111: 0 | Y111: 0 | Z111: 0 | AA111: 0
A112: 502.18.04 - BENS E SERVIÇOS CORRENTES - Serviços Públicos - Outros serviços públicos | B112: 502.18.04 - Outros serviços públicos | C112: 0 | D112: 0 | E112: 0 | F112: 0 | G112: 0 | H112: 0 | I112: 0 | J112: 0 | K112: 0 | L112: 0 | M112: 0 | N112: 0 | O112: 0 | P112: 0 | Q112: 0 | R112: 0 | S112: 0 | T112: 0 | U112: #DIV/0! | V112: 0 | W112: 0 | X112: 0 | Y112: 0 | Z112: 0 | AA112: 0
B113: 502.19 - Comunicações | C113: 0 | D113: 0 | E113: 0 | F113: 0 | G113: 0 | H113: 0 | I113: 0 | J113: 0 | K113: 0 | L113: 0 | M113: 0 | N113: 0 | O113: 0 | P113: 0 | Q113: 0 | R113: 0 | S113: 0 | T113: 0 | U113: #DIV/0! | V113: 0 | W113: 0 | X113: 0 | Y113: 0 | Z113: 0 | AA113: 0
A114: 502.19.01 - BENS E SERVIÇOS CORRENTES - Comunicações - Comunicações fixas | B114: 502.19.01 - Comunicações fixas | C114: 0 | D114: 0 | E114: 0 | F114: 0 | G114: 0 | H114: 0 | I114: 0 | J114: 0 | K114: 0 | L114: 0 | M114: 0 | N114: 0 | O114: 0 | P114: 0 | Q114: 0 | R114: 0 | S114: 0 | T114: 0 | U114: #DIV/0! | V114: 0 | W114: 0 | X114: 0 | Y114: 0 | Z114: 0 | AA114: 0
...

Sheet Atividade_A040201
A2: EXECUÇÃO ORÇAMENTAL - INSS
A3: Programa A04 - Regime Contributivo de Repartição
A4: 2026
B5: A04 - Regime Contributivo de Repartição
B6: A0402 - Regime geral de segurança social
B7: A040201 - Pagamento de prestações sociais de direito - RGSS
AA8: USD
B9: DESPESAS
B10: ATIVIDADE - PAGAMENTO DE PRESTAÇÕES SOCIAIS DE DIREITO - RGSS | C10: OSS inicial | D10: OSS corrigido | E10: Cabimentos | F10: Compromissos | G10: Obrigações | H10: Janeiro | I10: Fevereiro | J10: Março | K10: Abril | L10: Maio | M10: Junho | N10: Julho | O10: Agosto | P10: Setembro | Q10: Outubro | R10: Novembro | S10: Dezembro | T10: Total Execução | U10: Taxa Execução (%) | V10: Saldo Execução | W10: Saldo disponível (Execução+Cabimentos) | X10: Saldo não comprometido | Y10: Valor Cabimentado e não comprometido | Z10: Valor Comprometido e não liquidado | AA10: Valor Liquidado e não pago (DIVIDA)
E11: janeiro a setembro | F11: janeiro a setembro | G11: janeiro a setembro | T11: janeiro a setembro | U11: janeiro a setembro
C12: (1) | D12: (2) | E12: (3) | F12: (4) | G12: (5) | H12: (6) | I12: (6) | J12: (6) | K12: (6) | L12: (6) | M12: (6) | N12: (6) | O12: (6) | P12: (6) | Q12: (6) | R12: (6) | S12: (6) | T12: (7) = ∑(6) | U12: (8) = (7)/(2) | V12: (9) = (2) - (7) | W12: (10) = (2) - (3) | X12: (11) = (2) - (4) | Y12: (12) = (3) - (4) | Z12: (13) = (4) - (5) | AA12: (14) = (5) - (7)
B13: 501 - SALÁRIOS E VENCIMENTOS | C13: 0 | D13: 0 | E13: 0 | F13: 0 | G13: 0 | H13: 0 | I13: 0 | J13: 0 | K13: 0 | L13: 0 | M13: 0 | N13: 0 | O13: 0 | P13: 0 | Q13: 0 | R13: 0 | S13: 0 | T13: 0 | U13: #DIV/0! | V13: 0 | W13: 0 | X13: 0 | Y13: 0 | Z13: 0 | AA13: 0
B14: 501.01 - Salários e abonos regulares e permanentes | C14: 0 | D14: 0 | E14: 0 | F14: 0 | G14: 0 | H14: 0 | I14: 0 | J14: 0 | K14: 0 | L14: 0 | M14: 0 | N14: 0 | O14: 0 | P14: 0 | Q14: 0 | R14: 0 | S14: 0 | T14: 0 | U14: #DIV/0! | V14: 0 | W14: 0 | X14: 0 | Y14: 0 | Z14: 0 | AA14: 0
A15: 501.01.01 - SALÁRIOS E VENCIMENTOS - Salários e abonos regulares e permanentes - Salários de titulares de cargos políticos | B15: 501.01.01 - Salários de titulares de cargos políticos | C15: 0 | D15: 0 | E15: 0 | F15: 0 | G15: 0 | H15: 0 | I15: 0 | J15: 0 | K15: 0 | L15: 0 | M15: 0 | N15: 0 | O15: 0 | P15: 0 | Q15: 0 | R15: 0 | S15: 0 | T15: 0 | U15: #DIV/0! | V15: 0 | W15: 0 | X15: 0 | Y15: 0 | Z15: 0 | AA15: 0
A16: 501.01.02 - SALÁRIOS E VENCIMENTOS - Salários e abonos regulares e permanentes - Salários de membros de órgãos de direção | B16: 501.01.02 - Salários de membros de órgãos de direção | C16: 0 | D16: 0 | E16: 0 | F16: 0 | G16: 0 | H16: 0 | I16: 0 | J16: 0 | K16: 0 | L16: 0 | M16: 0 | N16: 0 | O16: 0 | P16: 0 | Q16: 0 | R16: 0 | S16: 0 | T16: 0 | U16: #DIV/0! | V16: 0 | W16: 0 | X16: 0 | Y16: 0 | Z16: 0 | AA16: 0
A17: 501.01.03 - SALÁRIOS E VENCIMENTOS - Salários e abonos regulares e permanentes - Salários de titulares de cargos de direção e chefia | B17: 501.01.03 - Salários de titulares de cargos de direção e chefia | C17: 0 | D17: 0 | E17: 0 | F17: 0 | G17: 0 | H17: 0 | I17: 0 | J17: 0 | K17: 0 | L17: 0 | M17: 0 | N17: 0 | O17: 0 | P17: 0 | Q17: 0 | R17: 0 | S17: 0 | T17: 0 | U17: #DIV/0! | V17: 0 | W17: 0 | X17: 0 | Y17: 0 | Z17: 0 | AA17: 0
A18: 501.01.04 - SALÁRIOS E VENCIMENTOS - Salários e abonos regulares e permanentes - Salários de funcionários e agentes | B18: 501.01.04 - Salários de funcionários e agentes | C18: 0 | D18: 0 | E18: 0 | F18: 0 | G18: 0 | H18: 0 | I18: 0 | J18: 0 | K18: 0 | L18: 0 | M18: 0 | N18: 0 | O18: 0 | P18: 0 | Q18: 0 | R18: 0 | S18: 0 | T18: 0 | U18: #DIV/0! | V18: 0 | W18: 0 | X18: 0 | Y18: 0 | Z18: 0 | AA18: 0
A19: 501.01.05 - SALÁRIOS E VENCIMENTOS - Salários e abonos regulares e permanentes - Salários de contratados nacionais | B19: 501.01.05 - Salários de contratados nacionais | C19: 0 | D19: 0 | E19: 0 | F19: 0 | G19: 0 | H19: 0 | I19: 0 | J19: 0 | K19: 0 | L19: 0 | M19: 0 | N19: 0 | O19: 0 | P19: 0 | Q19: 0 | R19: 0 | S19: 0 | T19: 0 | U19: #DIV/0! | V19: 0 | W19: 0 | X19: 0 | Y19: 0 | Z19: 0 | AA19: 0
A20: 501.01.06 - SALÁRIOS E VENCIMENTOS - Salários e abonos regulares e permanentes - Salários de contratados internacionais | B20: 501.01.06 - Salários de contratados internacionais | C20: 0 | D20: 0 | E20: 0 | F20: 0 | G20: 0 | H20: 0 | I20: 0 | J20: 0 | K20: 0 | L20: 0 | M20: 0 | N20: 0 | O20: 0 | P20: 0 | Q20: 0 | R20: 0 | S20: 0 | T20: 0 | U20: #DIV/0! | V20: 0 | W20: 0 | X20: 0 | Y20: 0 | Z20: 0 | AA20: 0
A21: 501.01.07 - SALÁRIOS E VENCIMENTOS - Salários e abonos regulares e permanentes - Salários de estagiários do Centro de Formação Jurídica e Judiciária | B21: 501.01.07 - Salários de estagiários do Centro de Formação Jurídica e Judiciária | C21: 0 | D21: 0 | E21: 0 | F21: 0 | G21: 0 | H21: 0 | I21: 0 | J21: 0 | K21: 0 | L21: 0 | M21: 0 | N21: 0 | O21: 0 | P21: 0 | Q21: 0 | R21: 0 | S21: 0 | T21: 0 | U21: #DIV/0! | V21: 0 | W21: 0 | X21: 0 | Y21: 0 | Z21: 0 | AA21: 0
A22: 501.01.08 - SALÁRIOS E VENCIMENTOS - Salários e abonos regulares e permanentes - Salários de estagiários do Fundo de Desenvolvimento de Capital Humano | B22: 501.01.08 - Salários de estagiários do Fundo de Desenvolvimento de Capital Humano | C22: 0 | D22: 0 | E22: 0 | F22: 0 | G22: 0 | H22: 0 | I22: 0 | J22: 0 | K22: 0 | L22: 0 | M22: 0 | N22: 0 | O22: 0 | P22: 0 | Q22: 0 | R22: 0 | S22: 0 | T22: 0 | U22: #DIV/0! | V22: 0 | W22: 0 | X22: 0 | Y22: 0 | Z22: 0 | AA22: 0
A23: 501.01.09 - SALÁRIOS E VENCIMENTOS - Salários e abonos regulares e permanentes - Salários de outros beneficiários | B23: 501.01.09 - Salários de outros beneficiários | C23: 0 | D23: 0 | E23: 0 | F23: 0 | G23: 0 | H23: 0 | I23: 0 | J23: 0 | K23: 0 | L23: 0 | M23: 0 | N23: 0 | O23: 0 | P23: 0 | Q23: 0 | R23: 0 | S23: 0 | T23: 0 | U23: #DIV/0! | V23: 0 | W23: 0 | X23: 0 | Y23: 0 | Z23: 0 | AA23: 0
A24: 501.01.10 - SALÁRIOS E VENCIMENTOS - Salários e abonos regulares e permanentes - Abono para despesas de representação | B24: 501.01.10 - Abono para despesas de representação | C24: 0 | D24: 0 | E24: 0 | F24: 0 | G24: 0 | H24: 0 | I24: 0 | J24: 0 | K24: 0 | L24: 0 | M24: 0 | N24: 0 | O24: 0 | P24: 0 | Q24: 0 | R24: 0 | S24: 0 | T24: 0 | U24: #DIV/0! | V24: 0 | W24: 0 | X24: 0 | Y24: 0 | Z24: 0 | AA24: 0
A25: 501.01.11 - SALÁRIOS E VENCIMENTOS - Salários e abonos regulares e permanentes - Décimo terceiro mês | B25: 501.01.11 - Décimo terceiro mês | C25: 0 | D25: 0 | E25: 0 | F25: 0 | G25: 0 | H25: 0 | I25: 0 | J25: 0 | K25: 0 | L25: 0 | M25: 0 | N25: 0 | O25: 0 | P25: 0 | Q25: 0 | R25: 0 | S25: 0 | T25: 0 | U25: #DIV/0! | V25: 0 | W25: 0 | X25: 0 | Y25: 0 | Z25: 0 | AA25: 0
A26: 501.01.12 - SALÁRIOS E VENCIMENTOS - Salários e abonos regulares e permanentes - Outros abonos regulares e permanentes | B26: 501.01.12 - Outros abonos regulares e permanentes | C26: 0 | D26: 0 | E26: 0 | F26: 0 | G26: 0 | H26: 0 | I26: 0 | J26: 0 | K26: 0 | L26: 0 | M26: 0 | N26: 0 | O26: 0 | P26: 0 | Q26: 0 | R26: 0 | S26: 0 | T26: 0 | U26: #DIV/0! | V26: 0 | W26: 0 | X26: 0 | Y26: 0 | Z26: 0 | AA26: 0
B27: 501.02 - Abonos variáveis ou eventuais | C27: 0 | D27: 0 | E27: 0 | F27: 0 | G27: 0 | H27: 0 | I27: 0 | J27: 0 | K27: 0 | L27: 0 | M27: 0 | N27: 0 | O27: 0 | P27: 0 | Q27: 0 | R27: 0 | S27: 0 | T27: 0 | U27: #DIV/0! | V27: 0 | W27: 0 | X27: 0 | Y27: 0 | Z27: 0 | AA27: 0
A28: 501.02.01 - SALÁRIOS E VENCIMENTOS - Abonos variáveis ou eventuais - Horas extraordinárias | B28: 501.02.01 - Horas extraordinárias | C28: 0 | D28: 0 | E28: 0 | F28: 0 | G28: 0 | H28: 0 | I28: 0 | J28: 0 | K28: 0 | L28: 0 | M28: 0 | N28: 0 | O28: 0 | P28: 0 | Q28: 0 | R28: 0 | S28: 0 | T28: 0 | U28: #DIV/0! | V28: 0 | W28: 0 | X28: 0 | Y28: 0 | Z28: 0 | AA28: 0
A29: 501.02.02 - SALÁRIOS E VENCIMENTOS - Abonos variáveis ou eventuais - Subsídio mensal de transporte | B29: 501.02.02 - Subsídio mensal de transporte | C29: 0 | D29: 0 | E29: 0 | F29: 0 | G29: 0 | H29: 0 | I29: 0 | J29: 0 | K29: 0 | L29: 0 | M29: 0 | N29: 0 | O29: 0 | P29: 0 | Q29: 0 | R29: 0 | S29: 0 | T29: 0 | U29: #DIV/0! | V29: 0 | W29: 0 | X29: 0 | Y29: 0 | Z29: 0 | AA29: 0
A30: 501.02.03 - SALÁRIOS E VENCIMENTOS - Abonos variáveis ou eventuais - Ajudas de custo por recolocação | B30: 501.02.03 - Ajudas de custo por recolocação | C30: 0 | D30: 0 | E30: 0 | F30: 0 | G30: 0 | H30: 0 | I30: 0 | J30: 0 | K30: 0 | L30: 0 | M30: 0 | N30: 0 | O30: 0 | P30: 0 | Q30: 0 | R30: 0 | S30: 0 | T30: 0 | U30: #DIV/0! | V30: 0 | W30: 0 | X30: 0 | Y30: 0 | Z30: 0 | AA30: 0
A31: 501.02.04 - SALÁRIOS E VENCIMENTOS - Abonos variáveis ou eventuais - Suplemento de turno | B31: 501.02.04 - Suplemento de turno | C31: 0 | D31: 0 | E31: 0 | F31: 0 | G31: 0 | H31: 0 | I31: 0 | J31: 0 | K31: 0 | L31: 0 | M31: 0 | N31: 0 | O31: 0 | P31: 0 | Q31: 0 | R31: 0 | S31: 0 | T31: 0 | U31: #DIV/0! | V31: 0 | W31: 0 | X31: 0 | Y31: 0 | Z31: 0 | AA31: 0
A32: 501.02.05 - SALÁRIOS E VENCIMENTOS - Abonos variáveis ou eventuais - Suplemento por trabalho em local remoto ou de difícil acesso | B32: 501.02.05 - Suplemento por trabalho em local remoto ou de difícil acesso | C32: 0 | D32: 0 | E32: 0 | F32: 0 | G32: 0 | H32: 0 | I32: 0 | J32: 0 | K32: 0 | L32: 0 | M32: 0 | N32: 0 | O32: 0 | P32: 0 | Q32: 0 | R32: 0 | S32: 0 | T32: 0 | U32: #DIV/0! | V32: 0 | W32: 0 | X32: 0 | Y32: 0 | Z32: 0 | AA32: 0
A33: 501.02.06 - SALÁRIOS E VENCIMENTOS - Abonos variáveis ou eventuais - Subsídio de alojamento | B33: 501.02.06 - Subsídio de alojamento | C33: 0 | D33: 0 | E33: 0 | F33: 0 | G33: 0 | H33: 0 | I33: 0 | J33: 0 | K33: 0 | L33: 0 | M33: 0 | N33: 0 | O33: 0 | P33: 0 | Q33: 0 | R33: 0 | S33: 0 | T33: 0 | U33: #DIV/0! | V33: 0 | W33: 0 | X33: 0 | Y33: 0 | Z33: 0 | AA33: 0
A34: 501.02.07 - SALÁRIOS E VENCIMENTOS - Abonos variáveis ou eventuais - Subsídio de alimentação | B34: 501.02.07 - Subsídio de alimentação | C34: 0 | D34: 0 | E34: 0 | F34: 0 | G34: 0 | H34: 0 | I34: 0 | J34: 0 | K34: 0 | L34: 0 | M34: 0 | N34: 0 | O34: 0 | P34: 0 | Q34: 0 | R34: 0 | S34: 0 | T34: 0 | U34: #DIV/0! | V34: 0 | W34: 0 | X34: 0 | Y34: 0 | Z34: 0 | AA34: 0
A35: 501.02.08 - SALÁRIOS E VENCIMENTOS - Abonos variáveis ou eventuais - Subsídio de risco | B35: 501.02.08 - Subsídio de risco | C35: 0 | D35: 0 | E35: 0 | F35: 0 | G35: 0 | H35: 0 | I35: 0 | J35: 0 | K35: 0 | L35: 0 | M35: 0 | N35: 0 | O35: 0 | P35: 0 | Q35: 0 | R35: 0 | S35: 0 | T35: 0 | U35: #DIV/0! | V35: 0 | W35: 0 | X35: 0 | Y35: 0 | Z35: 0 | AA35: 0
A36: 501.02.09 - SALÁRIOS E VENCIMENTOS - Abonos variáveis ou eventuais - Outros abonos variáveis ou eventuais | B36: 501.02.09 - Outros abonos variáveis ou eventuais | C36: 0 | D36: 0 | E36: 0 | F36: 0 | G36: 0 | H36: 0 | I36: 0 | J36: 0 | K36: 0 | L36: 0 | M36: 0 | N36: 0 | O36: 0 | P36: 0 | Q36: 0 | R36: 0 | S36: 0 | T36: 0 | U36: #DIV/0! | V36: 0 | W36: 0 | X36: 0 | Y36: 0 | Z36: 0 | AA36: 0
A37: 501.03 - SALÁRIOS E VENCIMENTOS - Contribuição para a Segurança Social como entidade empregadora | B37: 501.03 - Contribuição para a Segurança Social como entidade empregadora | C37: 0 | D37: 0 | E37: 0 | F37: 0 | G37: 0 | H37: 0 | I37: 0 | J37: 0 | K37: 0 | L37: 0 | M37: 0 | N37: 0 | O37: 0 | P37: 0 | Q37: 0 | R37: 0 | S37: 0 | T37: 0 | U37: #DIV/0! | V37: 0 | W37: 0 | X37: 0 | Y37: 0 | Z37: 0 | AA37: 0
A38: 501.04 - SALÁRIOS E VENCIMENTOS - Outras despesas com pessoal | B38: 501.04 - Outras despesas com pessoal | C38: 0 | D38: 0 | E38: 0 | F38: 0 | G38: 0 | H38: 0 | I38: 0 | J38: 0 | K38: 0 | L38: 0 | M38: 0 | N38: 0 | O38: 0 | P38: 0 | Q38: 0 | R38: 0 | S38: 0 | T38: 0 | U38: #DIV/0! | V38: 0 | W38: 0 | X38: 0 | Y38: 0 | Z38: 0 | AA38: 0
B39: 502 - BENS E SERVIÇOS CORRENTES | C39: 0 | D39: 0 | E39: 0 | F39: 0 | G39: 0 | H39: 0 | I39: 0 | J39: 0 | K39: 0 | L39: 0 | M39: 0 | N39: 0 | O39: 0 | P39: 0 | Q39: 0 | R39: 0 | S39: 0 | T39: 0 | U39: #DIV/0! | V39: 0 | W39: 0 | X39: 0 | Y39: 0 | Z39: 0 | AA39: 0
A40: 502.01 - BENS E SERVIÇOS CORRENTES - Matérias-primas e subsidiárias | B40: 502.01 - Matérias-primas e subsidiárias | C40: 0 | D40: 0 | E40: 0 | F40: 0 | G40: 0 | H40: 0 | I40: 0 | J40: 0 | K40: 0 | L40: 0 | M40: 0 | N40: 0 | O40: 0 | P40: 0 | Q40: 0 | R40: 0 | S40: 0 | T40: 0 | U40: #DIV/0! | V40: 0 | W40: 0 | X40: 0 | Y40: 0 | Z40: 0 | AA40: 0
A41: 502.02 - BENS E SERVIÇOS CORRENTES - Mercadorias para venda | B41: 502.02 - Mercadorias para venda | C41: 0 | D41: 0 | E41: 0 | F41: 0 | G41: 0 | H41: 0 | I41: 0 | J41: 0 | K41: 0 | L41: 0 | M41: 0 | N41: 0 | O41: 0 | P41: 0 | Q41: 0 | R41: 0 | S41: 0 | T41: 0 | U41: #DIV/0! | V41: 0 | W41: 0 | X41: 0 | Y41: 0 | Z41: 0 | AA41: 0
B42: 502.03 - Vestuário e artigos pessoais | C42: 0 | D42: 0 | E42: 0 | F42: 0 | G42: 0 | H42: 0 | I42: 0 | J42: 0 | K42: 0 | L42: 0 | M42: 0 | N42: 0 | O42: 0 | P42: 0 | Q42: 0 | R42: 0 | S42: 0 | T42: 0 | U42: #DIV/0! | V42: 0 | W42: 0 | X42: 0 | Y42: 0 | Z42: 0 | AA42: 0
A43: 502.03.01 - BENS E SERVIÇOS CORRENTES - Vestuário e artigos pessoais - Fardamento | B43: 502.03.01 - Fardamento | C43: 0 | D43: 0 | E43: 0 | F43: 0 | G43: 0 | H43: 0 | I43: 0 | J43: 0 | K43: 0 | L43: 0 | M43: 0 | N43: 0 | O43: 0 | P43: 0 | Q43: 0 | R43: 0 | S43: 0 | T43: 0 | U43: #DIV/0! | V43: 0 | W43: 0 | X43: 0 | Y43: 0 | Z43: 0 | AA43: 0
A44: 502.03.02 - BENS E SERVIÇOS CORRENTES - Vestuário e artigos pessoais - Outro vestuário e artigos pessoais | B44: 502.03.02 - Outro vestuário e artigos pessoais | C44: 0 | D44: 0 | E44: 0 | F44: 0 | G44: 0 | H44: 0 | I44: 0 | J44: 0 | K44: 0 | L44: 0 | M44: 0 | N44: 0 | O44: 0 | P44: 0 | Q44: 0 | R44: 0 | S44: 0 | T44: 0 | U44: #DIV/0! | V44: 0 | W44: 0 | X44: 0 | Y44: 0 | Z44: 0 | AA44: 0
B45: 502.04 - Bens públicos | C45: 0 | D45: 0 | E45: 0 | F45: 0 | G45: 0 | H45: 0 | I45: 0 | J45: 0 | K45: 0 | L45: 0 | M45: 0 | N45: 0 | O45: 0 | P45: 0 | Q45: 0 | R45: 0 | S45: 0 | T45: 0 | U45: #DIV/0! | V45: 0 | W45: 0 | X45: 0 | Y45: 0 | Z45: 0 | AA45: 0
A46: 502.04.01 - BENS E SERVIÇOS CORRENTES - Bens públicos - Água | B46: 502.04.01 - Água | C46: 0 | D46: 0 | E46: 0 | F46: 0 | G46: 0 | H46: 0 | I46: 0 | J46: 0 | K46: 0 | L46: 0 | M46: 0 | N46: 0 | O46: 0 | P46: 0 | Q46: 0 | R46: 0 | S46: 0 | T46: 0 | U46: #DIV/0! | V46: 0 | W46: 0 | X46: 0 | Y46: 0 | Z46: 0 | AA46: 0
A47: 502.04.02 - BENS E SERVIÇOS CORRENTES - Bens públicos - Eletricidade | B47: 502.04.02 - Eletricidade | C47: 0 | D47: 0 | E47: 0 | F47: 0 | G47: 0 | H47: 0 | I47: 0 | J47: 0 | K47: 0 | L47: 0 | M47: 0 | N47: 0 | O47: 0 | P47: 0 | Q47: 0 | R47: 0 | S47: 0 | T47: 0 | U47: #DIV/0! | V47: 0 | W47: 0 | X47: 0 | Y47: 0 | Z47: 0 | AA47: 0
A48: 502.04.03 - BENS E SERVIÇOS CORRENTES - Bens públicos - Gás | B48: 502.04.03 - Gás | C48: 0 | D48: 0 | E48: 0 | F48: 0 | G48: 0 | H48: 0 | I48: 0 | J48: 0 | K48: 0 | L48: 0 | M48: 0 | N48: 0 | O48: 0 | P48: 0 | Q48: 0 | R48: 0 | S48: 0 | T48: 0 | U48: #DIV/0! | V48: 0 | W48: 0 | X48: 0 | Y48: 0 | Z48: 0 | AA48: 0
A49: 502.04.04 - BENS E SERVIÇOS CORRENTES - Bens públicos - Outros bens públicos | B49: 502.04.04 - Outros bens públicos | C49: 0 | D49: 0 | E49: 0 | F49: 0 | G49: 0 | H49: 0 | I49: 0 | J49: 0 | K49: 0 | L49: 0 | M49: 0 | N49: 0 | O49: 0 | P49: 0 | Q49: 0 | R49: 0 | S49: 0 | T49: 0 | U49: #DIV/0! | V49: 0 | W49: 0 | X49: 0 | Y49: 0 | Z49: 0 | AA49: 0
B50: 502.05 - Alimentação | C50: 0 | D50: 0 | E50: 0 | F50: 0 | G50: 0 | H50: 0 | I50: 0 | J50: 0 | K50: 0 | L50: 0 | M50: 0 | N50: 0 | O50: 0 | P50: 0 | Q50: 0 | R50: 0 | S50: 0 | T50: 0 | U50: #DIV/0! | V50: 0 | W50: 0 | X50: 0 | Y50: 0 | Z50: 0 | AA50: 0
A51: 502.05.01 - BENS E SERVIÇOS CORRENTES - Alimentação - Produtos alimentares não confecionados | B51: 502.05.01 - Produtos alimentares não confecionados | C51: 0 | D51: 0 | E51: 0 | F51: 0 | G51: 0 | H51: 0 | I51: 0 | J51: 0 | K51: 0 | L51: 0 | M51: 0 | N51: 0 | O51: 0 | P51: 0 | Q51: 0 | R51: 0 | S51: 0 | T51: 0 | U51: #DIV/0! | V51: 0 | W51: 0 | X51: 0 | Y51: 0 | Z51: 0 | AA51: 0
A52: 502.05.02 - BENS E SERVIÇOS CORRENTES - Alimentação - Refeições confecionadas | B52: 502.05.02 - Refeições confecionadas | C52: 0 | D52: 0 | E52: 0 | F52: 0 | G52: 0 | H52: 0 | I52: 0 | J52: 0 | K52: 0 | L52: 0 | M52: 0 | N52: 0 | O52: 0 | P52: 0 | Q52: 0 | R52: 0 | S52: 0 | T52: 0 | U52: #DIV/0! | V52: 0 | W52: 0 | X52: 0 | Y52: 0 | Z52: 0 | AA52: 0
A53: 502.05.03 - BENS E SERVIÇOS CORRENTES - Alimentação - Bebidas | B53: 502.05.03 - Bebidas | C53: 0 | D53: 0 | E53: 0 | F53: 0 | G53: 0 | H53: 0 | I53: 0 | J53: 0 | K53: 0 | L53: 0 | M53: 0 | N53: 0 | O53: 0 | P53: 0 | Q53: 0 | R53: 0 | S53: 0 | T53: 0 | U53: #DIV/0! | V53: 0 | W53: 0 | X53: 0 | Y53: 0 | Z53: 0 | AA53: 0
A54: 502.05.04 - BENS E SERVIÇOS CORRENTES - Alimentação - Outra alimentação | B54: 502.05.04 - Outra alimentação | C54: 0 | D54: 0 | E54: 0 | F54: 0 | G54: 0 | H54: 0 | I54: 0 | J54: 0 | K54: 0 | L54: 0 | M54: 0 | N54: 0 | O54: 0 | P54: 0 | Q54: 0 | R54: 0 | S54: 0 | T54: 0 | U54: #DIV/0! | V54: 0 | W54: 0 | X54: 0 | Y54: 0 | Z54: 0 | AA54: 0
A55: 502.06 - BENS E SERVIÇOS CORRENTES - Material médico e hospitalar | B55: 502.06 - Material médico e hospitalar | C55: 0 | D55: 0 | E55: 0 | F55: 0 | G55: 0 | H55: 0 | I55: 0 | J55: 0 | K55: 0 | L55: 0 | M55: 0 | N55: 0 | O55: 0 | P55: 0 | Q55: 0 | R55: 0 | S55: 0 | T55: 0 | U55: #DIV/0! | V55: 0 | W55: 0 | X55: 0 | Y55: 0 | Z55: 0 | AA55: 0
A56: 502.07 - BENS E SERVIÇOS CORRENTES - Material escolar | B56: 502.07 - Material escolar | C56: 0 | D56: 0 | E56: 0 | F56: 0 | G56: 0 | H56: 0 | I56: 0 | J56: 0 | K56: 0 | L56: 0 | M56: 0 | N56: 0 | O56: 0 | P56: 0 | Q56: 0 | R56: 0 | S56: 0 | T56: 0 | U56: #DIV/0! | V56: 0 | W56: 0 | X56: 0 | Y56: 0 | Z56: 0 | AA56: 0
A57: 502.08 - BENS E SERVIÇOS CORRENTES - Material agrícola | B57: 502.08 - Material agrícola | C57: 0 | D57: 0 | E57: 0 | F57: 0 | G57: 0 | H57: 0 | I57: 0 | J57: 0 | K57: 0 | L57: 0 | M57: 0 | N57: 0 | O57: 0 | P57: 0 | Q57: 0 | R57: 0 | S57: 0 | T57: 0 | U57: #DIV/0! | V57: 0 | W57: 0 | X57: 0 | Y57: 0 | Z57: 0 | AA57: 0
A58: 502.09 - BENS E SERVIÇOS CORRENTES - Material de escritório | B58: 502.09 - Material de escritório | C58: 0 | D58: 0 | E58: 0 | F58: 0 | G58: 0 | H58: 0 | I58: 0 | J58: 0 | K58: 0 | L58: 0 | M58: 0 | N58: 0 | O58: 0 | P58: 0 | Q58: 0 | R58: 0 | S58: 0 | T58: 0 | U58: #DIV/0! | V58: 0 | W58: 0 | X58: 0 | Y58: 0 | Z58: 0 | AA58: 0
B59: 502.10 - Combustível | C59: 0 | D59: 0 | E59: 0 | F59: 0 | G59: 0 | H59: 0 | I59: 0 | J59: 0 | K59: 0 | L59: 0 | M59: 0 | N59: 0 | O59: 0 | P59: 0 | Q59: 0 | R59: 0 | S59: 0 | T59: 0 | U59: #DIV/0! | V59: 0 | W59: 0 | X59: 0 | Y59: 0 | Z59: 0 | AA59: 0
A60: 502.10.01 - BENS E SERVIÇOS CORRENTES - Combustível - Combustível para geradores | B60: 502.10.01 - Combustível para geradores | C60: 0 | D60: 0 | E60: 0 | F60: 0 | G60: 0 | H60: 0 | I60: 0 | J60: 0 | K60: 0 | L60: 0 | M60: 0 | N60: 0 | O60: 0 | P60: 0 | Q60: 0 | R60: 0 | S60: 0 | T60: 0 | U60: #DIV/0! | V60: 0 | W60: 0 | X60: 0 | Y60: 0 | Z60: 0 | AA60: 0
A61: 502.10.02 - BENS E SERVIÇOS CORRENTES - Combustível - Combustível para veículos | B61: 502.10.02 - Combustível para veículos | C61: 0 | D61: 0 | E61: 0 | F61: 0 | G61: 0 | H61: 0 | I61: 0 | J61: 0 | K61: 0 | L61: 0 | M61: 0 | N61: 0 | O61: 0 | P61: 0 | Q61: 0 | R61: 0 | S61: 0 | T61: 0 | U61: #DIV/0! | V61: 0 | W61: 0 | X61: 0 | Y61: 0 | Z61: 0 | AA61: 0
A62: 502.10.03 - BENS E SERVIÇOS CORRENTES - Combustível - Combustível para navios | B62: 502.10.03 - Combustível para navios | C62: 0 | D62: 0 | E62: 0 | F62: 0 | G62: 0 | H62: 0 | I62: 0 | J62: 0 | K62: 0 | L62: 0 | M62: 0 | N62: 0 | O62: 0 | P62: 0 | Q62: 0 | R62: 0 | S62: 0 | T62: 0 | U62: #DIV/0! | V62: 0 | W62: 0 | X62: 0 | Y62: 0 | Z62: 0 | AA62: 0
A63: 502.10.04 - BENS E SERVIÇOS CORRENTES - Combustível - Combustível para aviões | B63: 502.10.04 - Combustível para aviões | C63: 0 | D63: 0 | E63: 0 | F63: 0 | G63: 0 | H63: 0 | I63: 0 | J63: 0 | K63: 0 | L63: 0 | M63: 0 | N63: 0 | O63: 0 | P63: 0 | Q63: 0 | R63: 0 | S63: 0 | T63: 0 | U63: #DIV/0! | V63: 0 | W63: 0 | X63: 0 | Y63: 0 | Z63: 0 | AA63: 0
A64: 502.10.05 - BENS E SERVIÇOS CORRENTES - Combustível - Outros combustíveis | B64: 502.10.05 - Outros combustíveis | C64: 0 | D64: 0 | E64: 0 | F64: 0 | G64: 0 | H64: 0 | I64: 0 | J64: 0 | K64: 0 | L64: 0 | M64: 0 | N64: 0 | O64: 0 | P64: 0 | Q64: 0 | R64: 0 | S64: 0 | T64: 0 | U64: #DIV/0! | V64: 0 | W64: 0 | X64: 0 | Y64: 0 | Z64: 0 | AA64: 0
B65: 502.11 - Produtos químicos | C65: 0 | D65: 0 | E65: 0 | F65: 0 | G65: 0 | H65: 0 | I65: 0 | J65: 0 | K65: 0 | L65: 0 | M65: 0 | N65: 0 | O65: 0 | P65: 0 | Q65: 0 | R65: 0 | S65: 0 | T65: 0 | U65: #DIV/0! | V65: 0 | W65: 0 | X65: 0 | Y65: 0 | Z65: 0 | AA65: 0
A66: 502.11.01 - BENS E SERVIÇOS CORRENTES - Produtos químicos - Produtos farmaceuticos | B66: 502.11.01 - Produtos farmaceuticos | C66: 0 | D66: 0 | E66: 0 | F66: 0 | G66: 0 | H66: 0 | I66: 0 | J66: 0 | K66: 0 | L66: 0 | M66: 0 | N66: 0 | O66: 0 | P66: 0 | Q66: 0 | R66: 0 | S66: 0 | T66: 0 | U66: #DIV/0! | V66: 0 | W66: 0 | X66: 0 | Y66: 0 | Z66: 0 | AA66: 0
A67: 502.11.02 - BENS E SERVIÇOS CORRENTES - Produtos químicos - Artigos de limpeza e higiene | B67: 502.11.02 - Artigos de limpeza e higiene | C67: 0 | D67: 0 | E67: 0 | F67: 0 | G67: 0 | H67: 0 | I67: 0 | J67: 0 | K67: 0 | L67: 0 | M67: 0 | N67: 0 | O67: 0 | P67: 0 | Q67: 0 | R67: 0 | S67: 0 | T67: 0 | U67: #DIV/0! | V67: 0 | W67: 0 | X67: 0 | Y67: 0 | Z67: 0 | AA67: 0
A68: 502.11.03 - BENS E SERVIÇOS CORRENTES - Produtos químicos - Munições, explosivos e artifícios | B68: 502.11.03 - Munições, explosivos e artifícios | C68: 0 | D68: 0 | E68: 0 | F68: 0 | G68: 0 | H68: 0 | I68: 0 | J68: 0 | K68: 0 | L68: 0 | M68: 0 | N68: 0 | O68: 0 | P68: 0 | Q68: 0 | R68: 0 | S68: 0 | T68: 0 | U68: #DIV/0! | V68: 0 | W68: 0 | X68: 0 | Y68: 0 | Z68: 0 | AA68: 0
A69: 502.11.04 - BENS E SERVIÇOS CORRENTES - Produtos químicos - Petróleo | B69: 502.11.04 - Petróleo | C69: 0 | D69: 0 | E69: 0 | F69: 0 | G69: 0 | H69: 0 | I69: 0 | J69: 0 | K69: 0 | L69: 0 | M69: 0 | N69: 0 | O69: 0 | P69: 0 | Q69: 0 | R69: 0 | S69: 0 | T69: 0 | U69: #DIV/0! | V69: 0 | W69: 0 | X69: 0 | Y69: 0 | Z69: 0 | AA69: 0
A70: 502.11.05 - BENS E SERVIÇOS CORRENTES - Produtos químicos - Lubrificantes | B70: 502.11.05 - Lubrificantes | C70: 0 | D70: 0 | E70: 0 | F70: 0 | G70: 0 | H70: 0 | I70: 0 | J70: 0 | K70: 0 | L70: 0 | M70: 0 | N70: 0 | O70: 0 | P70: 0 | Q70: 0 | R70: 0 | S70: 0 | T70: 0 | U70: #DIV/0! | V70: 0 | W70: 0 | X70: 0 | Y70: 0 | Z70: 0 | AA70: 0
A71: 502.11.06 - BENS E SERVIÇOS CORRENTES - Produtos químicos - Outros produtos químicos | B71: 502.11.06 - Outros produtos químicos | C71: 0 | D71: 0 | E71: 0 | F71: 0 | G71: 0 | H71: 0 | I71: 0 | J71: 0 | K71: 0 | L71: 0 | M71: 0 | N71: 0 | O71: 0 | P71: 0 | Q71: 0 | R71: 0 | S71: 0 | T71: 0 | U71: #DIV/0! | V71: 0 | W71: 0 | X71: 0 | Y71: 0 | Z71: 0 | AA71: 0
B72: 502.12 - Peças e Ferramentas | C72: 0 | D72: 0 | E72: 0 | F72: 0 | G72: 0 | H72: 0 | I72: 0 | J72: 0 | K72: 0 | L72: 0 | M72: 0 | N72: 0 | O72: 0 | P72: 0 | Q72: 0 | R72: 0 | S72: 0 | T72: 0 | U72: #DIV/0! | V72: 0 | W72: 0 | X72: 0 | Y72: 0 | Z72: 0 | AA72: 0
A73: 502.12.01 - BENS E SERVIÇOS CORRENTES - Peças e Ferramentas - Peças | B73: 502.12.01 - Peças | C73: 0 | D73: 0 | E73: 0 | F73: 0 | G73: 0 | H73: 0 | I73: 0 | J73: 0 | K73: 0 | L73: 0 | M73: 0 | N73: 0 | O73: 0 | P73: 0 | Q73: 0 | R73: 0 | S73: 0 | T73: 0 | U73: #DIV/0! | V73: 0 | W73: 0 | X73: 0 | Y73: 0 | Z73: 0 | AA73: 0
A74: 502.12.02 - BENS E SERVIÇOS CORRENTES - Peças e Ferramentas - Ferramentas e utensílios | B74: 502.12.02 - Ferramentas e utensílios | C74: 0 | D74: 0 | E74: 0 | F74: 0 | G74: 0 | H74: 0 | I74: 0 | J74: 0 | K74: 0 | L74: 0 | M74: 0 | N74: 0 | O74: 0 | P74: 0 | Q74: 0 | R74: 0 | S74: 0 | T74: 0 | U74: #DIV/0! | V74: 0 | W74: 0 | X74: 0 | Y74: 0 | Z74: 0 | AA74: 0
A75: 502.13 - BENS E SERVIÇOS CORRENTES - Prémios, condecorações e ofertas | B75: 502.13 - Prémios, condecorações e ofertas | C75: 0 | D75: 0 | E75: 0 | F75: 0 | G75: 0 | H75: 0 | I75: 0 | J75: 0 | K75: 0 | L75: 0 | M75: 0 | N75: 0 | O75: 0 | P75: 0 | Q75: 0 | R75: 0 | S75: 0 | T75: 0 | U75: #DIV/0! | V75: 0 | W75: 0 | X75: 0 | Y75: 0 | Z75: 0 | AA75: 0
A76: 502.14 - BENS E SERVIÇOS CORRENTES - Livros e documentação técnica | B76: 502.14 - Livros e documentação técnica | C76: 0 | D76: 0 | E76: 0 | F76: 0 | G76: 0 | H76: 0 | I76: 0 | J76: 0 | K76: 0 | L76: 0 | M76: 0 | N76: 0 | O76: 0 | P76: 0 | Q76: 0 | R76: 0 | S76: 0 | T76: 0 | U76: #DIV/0! | V76: 0 | W76: 0 | X76: 0 | Y76: 0 | Z76: 0 | AA76: 0
A77: 502.15 - BENS E SERVIÇOS CORRENTES - Outros bens correntes | B77: 502.15 - Outros bens correntes | C77: 0 | D77: 0 | E77: 0 | F77: 0 | G77: 0 | H77: 0 | I77: 0 | J77: 0 | K77: 0 | L77: 0 | M77: 0 | N77: 0 | O77: 0 | P77: 0 | Q77: 0 | R77: 0 | S77: 0 | T77: 0 | U77: #DIV/0! | V77: 0 | W77: 0 | X77: 0 | Y77: 0 | Z77: 0 | AA77: 0
B78: 502.16 - Limpeza e segurança | C78: 0 | D78: 0 | E78: 0 | F78: 0 | G78: 0 | H78: 0 | I78: 0 | J78: 0 | K78: 0 | L78: 0 | M78: 0 | N78: 0 | O78: 0 | P78: 0 | Q78: 0 | R78: 0 | S78: 0 | T78: 0 | U78: #DIV/0! | V78: 0 | W78: 0 | X78: 0 | Y78: 0 | Z78: 0 | AA78: 0
A79: 502.16.01 - BENS E SERVIÇOS CORRENTES - Limpeza e segurança - Limpeza e higiene | B79: 502.16.01 - Limpeza e higiene | C79: 0 | D79: 0 | E79: 0 | F79: 0 | G79: 0 | H79: 0 | I79: 0 | J79: 0 | K79: 0 | L79: 0 | M79: 0 | N79: 0 | O79: 0 | P79: 0 | Q79: 0 | R79: 0 | S79: 0 | T79: 0 | U79: #DIV/0! | V79: 0 | W79: 0 | X79: 0 | Y79: 0 | Z79: 0 | AA79: 0
A80: 502.16.02 - BENS E SERVIÇOS CORRENTES - Limpeza e segurança - Vigilância e segurança | B80: 502.16.02 - Vigilância e segurança | C80: 0 | D80: 0 | E80: 0 | F80: 0 | G80: 0 | H80: 0 | I80: 0 | J80: 0 | K80: 0 | L80: 0 | M80: 0 | N80: 0 | O80: 0 | P80: 0 | Q80: 0 | R80: 0 | S80: 0 | T80: 0 | U80: #DIV/0! | V80: 0 | W80: 0 | X80: 0 | Y80: 0 | Z80: 0 | AA80: 0
B81: 502.17 - Manutenção | C81: 0 | D81: 0 | E81: 0 | F81: 0 | G81: 0 | H81: 0 | I81: 0 | J81: 0 | K81: 0 | L81: 0 | M81: 0 | N81: 0 | O81: 0 | P81: 0 | Q81: 0 | R81: 0 | S81: 0 | T81: 0 | U81: #DIV/0! | V81: 0 | W81: 0 | X81: 0 | Y81: 0 | Z81: 0 | AA81: 0
A82: 502.17.01 - BENS E SERVIÇOS CORRENTES - Manutenção - Manutenção de veículos | B82: 502.17.01 - Manutenção de veículos | C82: 0 | D82: 0 | E82: 0 | F82: 0 | G82: 0 | H82: 0 | I82: 0 | J82: 0 | K82: 0 | L82: 0 | M82: 0 | N82: 0 | O82: 0 | P82: 0 | Q82: 0 | R82: 0 | S82: 0 | T82: 0 | U82: #DIV/0! | V82: 0 | W82: 0 | X82: 0 | Y82: 0 | Z82: 0 | AA82: 0
A83: 502.17.02 - BENS E SERVIÇOS CORRENTES - Manutenção - Manutenção de navios | B83: 502.17.02 - Manutenção de navios | C83: 0 | D83: 0 | E83: 0 | F83: 0 | G83: 0 | H83: 0 | I83: 0 | J83: 0 | K83: 0 | L83: 0 | M83: 0 | N83: 0 | O83: 0 | P83: 0 | Q83: 0 | R83: 0 | S83: 0 | T83: 0 | U83: #DIV/0! | V83: 0 | W83: 0 | X83: 0 | Y83: 0 | Z83: 0 | AA83: 0
A84: 502.17.03 - BENS E SERVIÇOS CORRENTES - Manutenção - Manutenção de aviões | B84: 502.17.03 - Manutenção de aviões | C84: 0 | D84: 0 | E84: 0 | F84: 0 | G84: 0 | H84: 0 | I84: 0 | J84: 0 | K84: 0 | L84: 0 | M84: 0 | N84: 0 | O84: 0 | P84: 0 | Q84: 0 | R84: 0 | S84: 0 | T84: 0 | U84: #DIV/0! | V84: 0 | W84: 0 | X84: 0 | Y84: 0 | Z84: 0 | AA84: 0
A85: 502.17.04 - BENS E SERVIÇOS CORRENTES - Manutenção - Manutenção de equipamento de eletricidade | B85: 502.17.04 - Manutenção de equipamento de eletricidade | C85: 0 | D85: 0 | E85: 0 | F85: 0 | G85: 0 | H85: 0 | I85: 0 | J85: 0 | K85: 0 | L85: 0 | M85: 0 | N85: 0 | O85: 0 | P85: 0 | Q85: 0 | R85: 0 | S85: 0 | T85: 0 | U85: #DIV/0! | V85: 0 | W85: 0 | X85: 0 | Y85: 0 | Z85: 0 | AA85: 0
A86: 502.17.05 - BENS E SERVIÇOS CORRENTES - Manutenção - Manutenção de equipamento de comunicação | B86: 502.17.05 - Manutenção de equipamento de comunicação | C86: 0 | D86: 0 | E86: 0 | F86: 0 | G86: 0 | H86: 0 | I86: 0 | J86: 0 | K86: 0 | L86: 0 | M86: 0 | N86: 0 | O86: 0 | P86: 0 | Q86: 0 | R86: 0 | S86: 0 | T86: 0 | U86: #DIV/0! | V86: 0 | W86: 0 | X86: 0 | Y86: 0 | Z86: 0 | AA86: 0
A87: 502.17.06 - BENS E SERVIÇOS CORRENTES - Manutenção - Manutenção de equipamento de ar condicionado | B87: 502.17.06 - Manutenção de equipamento de ar condicionado | C87: 0 | D87: 0 | E87: 0 | F87: 0 | G87: 0 | H87: 0 | I87: 0 | J87: 0 | K87: 0 | L87: 0 | M87: 0 | N87: 0 | O87: 0 | P87: 0 | Q87: 0 | R87: 0 | S87: 0 | T87: 0 | U87: #DIV/0! | V87: 0 | W87: 0 | X87: 0 | Y87: 0 | Z87: 0 | AA87: 0
A88: 502.17.07 - BENS E SERVIÇOS CORRENTES - Manutenção - Manutenção de geradores | B88: 502.17.07 - Manutenção de geradores | C88: 0 | D88: 0 | E88: 0 | F88: 0 | G88: 0 | H88: 0 | I88: 0 | J88: 0 | K88: 0 | L88: 0 | M88: 0 | N88: 0 | O88: 0 | P88: 0 | Q88: 0 | R88: 0 | S88: 0 | T88: 0 | U88: #DIV/0! | V88: 0 | W88: 0 | X88: 0 | Y88: 0 | Z88: 0 | AA88: 0
A89: 502.17.08 - BENS E SERVIÇOS CORRENTES - Manutenção - Manutenção de outro equipamento | B89: 502.17.08 - Manutenção de outro equipamento | C89: 0 | D89: 0 | E89: 0 | F89: 0 | G89: 0 | H89: 0 | I89: 0 | J89: 0 | K89: 0 | L89: 0 | M89: 0 | N89: 0 | O89: 0 | P89: 0 | Q89: 0 | R89: 0 | S89: 0 | T89: 0 | U89: #DIV/0! | V89: 0 | W89: 0 | X89: 0 | Y89: 0 | Z89: 0 | AA89: 0
A90: 502.17.09 - BENS E SERVIÇOS CORRENTES - Manutenção - Manutenção de edifícios administrativos | B90: 502.17.09 - Manutenção de edifícios administrativos | C90: 0 | D90: 0 | E90: 0 | F90: 0 | G90: 0 | H90: 0 | I90: 0 | J90: 0 | K90: 0 | L90: 0 | M90: 0 | N90: 0 | O90: 0 | P90: 0 | Q90: 0 | R90: 0 | S90: 0 | T90: 0 | U90: #DIV/0! | V90: 0 | W90: 0 | X90: 0 | Y90: 0 | Z90: 0 | AA90: 0
A91: 502.17.10 - BENS E SERVIÇOS CORRENTES - Manutenção - Manutenção de efifícios residenciais | B91: 502.17.10 - Manutenção de efifícios residenciais | C91: 0 | D91: 0 | E91: 0 | F91: 0 | G91: 0 | H91: 0 | I91: 0 | J91: 0 | K91: 0 | L91: 0 | M91: 0 | N91: 0 | O91: 0 | P91: 0 | Q91: 0 | R91: 0 | S91: 0 | T91: 0 | U91: #DIV/0! | V91: 0 | W91: 0 | X91: 0 | Y91: 0 | Z91: 0 | AA91: 0
A92: 502.17.11 - BENS E SERVIÇOS CORRENTES - Manutenção - Manutenção de edifícios escolares e universitários | B92: 502.17.11 - Manutenção de edifícios escolares e universitários | C92: 0 | D92: 0 | E92: 0 | F92: 0 | G92: 0 | H92: 0 | I92: 0 | J92: 0 | K92: 0 | L92: 0 | M92: 0 | N92: 0 | O92: 0 | P92: 0 | Q92: 0 | R92: 0 | S92: 0 | T92: 0 | U92: #DIV/0! | V92: 0 | W92: 0 | X92: 0 | Y92: 0 | Z92: 0 | AA92: 0
A93: 502.17.12 - BENS E SERVIÇOS CORRENTES - Manutenção - Manutenção de edifícios médico-hospitalares | B93: 502.17.12 - Manutenção de edifícios médico-hospitalares | C93: 0 | D93: 0 | E93: 0 | F93: 0 | G93: 0 | H93: 0 | I93: 0 | J93: 0 | K93: 0 | L93: 0 | M93: 0 | N93: 0 | O93: 0 | P93: 0 | Q93: 0 | R93: 0 | S93: 0 | T93: 0 | U93: #DIV/0! | V93: 0 | W93: 0 | X93: 0 | Y93: 0 | Z93: 0 | AA93: 0
... A107: 502.17.26 - BENS E SERVIÇOS CORRENTES - Manutenção - Outra manutenção | B107: 502.17.26 - Outra manutenção | C107: 0 | D107: 0 | E107: 0 | F107: 0 | G107: 0 | H107: 0 | I107: 0 | J107: 0 | K107: 0 | L107: 0 | M107: 0 | N107: 0 | O107: 0 | P107: 0 | Q107: 0 | R107: 0 | S107: 0 | T107: 0 | U107: #DIV/0! | V107: 0 | W107: 0 | X107: 0 | Y107: 0 | Z107: 0 | AA107: 0
B108: 502.18 - Serviços Públicos | C108: 0 | D108: 0 | E108: 0 | F108: 0 | G108: 0 | H108: 0 | I108: 0 | J108: 0 | K108: 0 | L108: 0 | M108: 0 | N108: 0 | O108: 0 | P108: 0 | Q108: 0 | R108: 0 | S108: 0 | T108: 0 | U108: #DIV/0! | V108: 0 | W108: 0 | X108: 0 | Y108: 0 | Z108: 0 | AA108: 0
A109: 502.18.01 - BENS E SERVIÇOS CORRENTES - Serviços Públicos - Fornecimento de água | B109: 502.18.01 - Fornecimento de água | C109: 0 | D109: 0 | E109: 0 | F109: 0 | G109: 0 | H109: 0 | I109: 0 | J109: 0 | K109: 0 | L109: 0 | M109: 0 | N109: 0 | O109: 0 | P109: 0 | Q109: 0 | R109: 0 | S109: 0 | T109: 0 | U109: #DIV/0! | V109: 0 | W109: 0 | X109: 0 | Y109: 0 | Z109: 0 | AA109: 0
A110: 502.18.02 - BENS E SERVIÇOS CORRENTES - Serviços Públicos - Fornecimento de eletricidade | B110: 502.18.02 - Fornecimento de eletricidade | C110: 0 | D110: 0 | E110: 0 | F110: 0 | G110: 0 | H110: 0 | I110: 0 | J110: 0 | K110: 0 | L110: 0 | M110: 0 | N110: 0 | O110: 0 | P110: 0 | Q110: 0 | R110: 0 | S110: 0 | T110: 0 | U110: #DIV/0! | V110: 0 | W110: 0 | X110: 0 | Y110: 0 | Z110: 0 | AA110: 0
A111: 502.18.03 - BENS E SERVIÇOS CORRENTES - Serviços Públicos - Fornecimento de gás | B111: 502.18.03 - Fornecimento de gás | C111: 0 | D111: 0 | E111: 0 | F111: 0 | G111: 0 | H111: 0 | I111: 0 | J111: 0 | K111: 0 | L111: 0 | M111: 0 | N111: 0 | O111: 0 | P111: 0 | Q111: 0 | R111: 0 | S111: 0 | T111: 0 | U111: #DIV/0! | V111: 0 | W111: 0 | X111: 0 | Y111: 0 | Z111: 0 | AA111: 0
A112: 502.18.04 - BENS E SERVIÇOS CORRENTES - Serviços Públicos - Outros serviços públicos | B112: 502.18.04 - Outros serviços públicos | C112: 0 | D112: 0 | E112: 0 | F112: 0 | G112: 0 | H112: 0 | I112: 0 | J112: 0 | K112: 0 | L112: 0 | M112: 0 | N112: 0 | O112: 0 | P112: 0 | Q112: 0 | R112: 0 | S112: 0 | T112: 0 | U112: #DIV/0! | V112: 0 | W112: 0 | X112: 0 | Y112: 0 | Z112: 0 | AA112: 0
B113: 502.19 - Comunicações | C113: 0 | D113: 0 | E113: 0 | F113: 0 | G113: 0 | H113: 0 | I113: 0 | J113: 0 | K113: 0 | L113: 0 | M113: 0 | N113: 0 | O113: 0 | P113: 0 | Q113: 0 | R113: 0 | S113: 0 | T113: 0 | U113: #DIV/0! | V113: 0 | W113: 0 | X113: 0 | Y113: 0 | Z113: 0 | AA113: 0
A114: 502.19.01 - BENS E SERVIÇOS CORRENTES - Comunicações - Comunicações fixas | B114: 502.19.01 - Comunicações fixas | C114: 0 | D114: 0 | E114: 0 | F114: 0 | G114: 0 | H114: 0 | I114: 0 | J114: 0 | K114: 0 | L114: 0 | M114: 0 | N114: 0 | O114: 0 | P114: 0 | Q114: 0 | R114: 0 | S114: 0 | T114: 0 | U114: #DIV/0! | V114: 0 | W114: 0 | X114: 0 | Y114: 0 | Z114: 0 | AA114: 0
...

Sheet Atividade_A040202
A2: EXECUÇÃO ORÇAMENTAL - INSS
A3: Programa A04 - Regime Contributivo de Repartição
A4: 2026
B5: A04 - Regime Contributivo de Repartição
B6: A0402 - Regime geral de segurança social
B7: Atividade A040202 - Contribuições para o Regime de Capitalização
AA8: USD
B9: DESPESAS
B10: ATIVIDADE - CONTRIBUIÇÕES PARA O REGIME DE CAPITALIZAÇÃO | C10: OSS inicial | D10: OSS corrigido | E10: Cabimentos | F10: Compromissos | G10: Obrigações | H10: Janeiro | I10: Fevereiro | J10: Março | K10: Abril | L10: Maio | M10: Junho | N10: Julho | O10: Agosto | P10: Setembro | Q10: Outubro | R10: Novembro | S10: Dezembro | T10: Total Execução | U10: Taxa Execução (%) | V10: Saldo Execução | W10: Saldo disponível (Execução+Cabimentos) | X10: Saldo não comprometido | Y10: Valor Cabimentado e não comprometido | Z10: Valor Comprometido e não liquidado | AA10: Valor Liquidado e não pago (DIVIDA)
E11: janeiro a setembro | F11: janeiro a setembro | G11: janeiro a setembro | T11: janeiro a setembro | U11: janeiro a setembro
C12: (1) | D12: (2) | E12: (3) | F12: (4) | G12: (5) | H12: (6) | I12: (6) | J12: (6) | K12: (6) | L12: (6) | M12: (6) | N12: (6) | O12: (6) | P12: (6) | Q12: (6) | R12: (6) | S12: (6) | T12: (7) = ∑(6) | U12: (8) = (7)/(2) | V12: (9) = (2) - (7) | W12: (10) = (2) - (3) | X12: (11) = (2) - (4) | Y12: (12) = (3) - (4) | Z12: (13) = (4) - (5) | AA12: (14) = (5) - (7)
B13: 501 - SALÁRIOS E VENCIMENTOS | C13: 0 | D13: 0 | E13: 0 | F13: 0 | G13: 0 | H13: 0 | I13: 0 | J13: 0 | K13: 0 | L13: 0 | M13: 0 | N13: 0 | O13: 0 | P13: 0 | Q13: 0 | R13: 0 | S13: 0 | T13: 0 | U13: #DIV/0! | V13: 0 | W13: 0 | X13: 0 | Y13: 0 | Z13: 0 | AA13: 0
B14: 501.01 - Salários e abonos regulares e permanentes | C14: 0 | D14: 0 | E14: 0 | F14: 0 | G14: 0 | H14: 0 | I14: 0 | J14: 0 | K14: 0 | L14: 0 | M14: 0 | N14: 0 | O14: 0 | P14: 0 | Q14: 0 | R14: 0 | S14: 0 | T14: 0 | U14: #DIV/0! | V14: 0 | W14: 0 | X14: 0 | Y14: 0 | Z14: 0 | AA14: 0
A15: 501.01.01 - SALÁRIOS E VENCIMENTOS - Salários e abonos regulares e permanentes - Salários de titulares de cargos políticos | B15: 501.01.01 - Salários de titulares de cargos políticos | C15: 0 | D15: 0 | E15: 0 | F15: 0 | G15: 0 | H15: 0 | I15: 0 | J15: 0 | K15: 0 | L15: 0 | M15: 0 | N15: 0 | O15: 0 | P15: 0 | Q15: 0 | R15: 0 | S15: 0 | T15: 0 | U15: #DIV/0! | V15: 0 | W15: 0 | X15: 0 | Y15: 0 | Z15: 0 | AA15: 0
A16: 501.01.02 - SALÁRIOS E VENCIMENTOS - Salários e abonos regulares e permanentes - Salários de membros de órgãos de direção | B16: 501.01.02 - Salários de membros de órgãos de direção | C16: 0 | D16: 0 | E16: 0 | F16: 0 | G16: 0 | H16: 0 | I16: 0 | J16: 0 | K16: 0 | L16: 0 | M16: 0 | N16: 0 | O16: 0 | P16: 0 | Q16: 0 | R16: 0 | S16: 0 | T16: 0 | U16: #DIV/0! | V16: 0 | W16: 0 | X16: 0 | Y16: 0 | Z16: 0 | AA16: 0
A17: 501.01.03 - SALÁRIOS E VENCIMENTOS - Salários e abonos regulares e permanentes - Salários de titulares de cargos de direção e chefia | B17: 501.01.03 - Salários de titulares de cargos de direção e chefia | C17: 0 | D17: 0 | E17: 0 | F17: 0 | G17: 0 | H17: 0 | I17: 0 | J17: 0 | K17: 0 | L17: 0 | M17: 0 | N17: 0 | O17: 0 | P17: 0 | Q17: 0 | R17: 0 | S17: 0 | T17: 0 | U17: #DIV/0! | V17: 0 | W17: 0 | X17: 0 | Y17: 0 | Z17: 0 | AA17: 0
A18: 501.01.04 - SALÁRIOS E VENCIMENTOS - Salários e abonos regulares e permanentes - Salários de funcionários e agentes | B18: 501.01.04 - Salários de funcionários e agentes | C18: 0 | D18: 0 | E18: 0 | F18: 0 | G18: 0 | H18: 0 | I18: 0 | J18: 0 | K18: 0 | L18: 0 | M18: 0 | N18: 0 | O18: 0 | P18: 0 | Q18: 0 | R18: 0 | S18: 0 | T18: 0 | U18: #DIV/0! | V18: 0 | W18: 0 | X18: 0 | Y18: 0 | Z18: 0 | AA18: 0
A19: 501.01.05 - SALÁRIOS E VENCIMENTOS - Salários e abonos regulares e permanentes - Salários de contratados nacionais | B19: 501.01.05 - Salários de contratados nacionais | C19: 0 | D19: 0 | E19: 0 | F19: 0 | G19: 0 | H19: 0 | I19: 0 | J19: 0 | K19: 0 | L19: 0 | M19: 0 | N19: 0 | O19: 0 | P19: 0 | Q19: 0 | R19: 0 | S19: 0 | T19: 0 | U19: #DIV/0! | V19: 0 | W19: 0 | X19: 0 | Y19: 0 | Z19: 0 | AA19: 0
A20: 501.01.06 - SALÁRIOS E VENCIMENTOS - Salários e abonos regulares e permanentes - Salários de contratados internacionais | B20: 501.01.06 - Salários de contratados internacionais | C20: 0 | D20: 0 | E20: 0 | F20: 0 | G20: 0 | H20: 0 | I20: 0 | J20: 0 | K20: 0 | L20: 0 | M20: 0 | N20: 0 | O20: 0 | P20: 0 | Q20: 0 | R20: 0 | S20: 0 | T20: 0 | U20: #DIV/0! | V20: 0 | W20: 0 | X20: 0 | Y20: 0 | Z20: 0 | AA20: 0
A21: 501.01.07 - SALÁRIOS E VENCIMENTOS - Salários e abonos regulares e permanentes - Salários de estagiários do Centro de Formação Jurídica e Judiciária | B21: 501.01.07 - Salários de estagiários do Centro de Formação Jurídica e Judiciária | C21: 0 | D21: 0 | E21: 0 | F21: 0 | G21: 0 | H21: 0 | I21: 0 | J21: 0 | K21: 0 | L21: 0 | M21: 0 | N21: 0 | O21: 0 | P21: 0 | Q21: 0 | R21: 0 | S21: 0 | T21: 0 | U21: #DIV/0! | V21: 0 | W21: 0 | X21: 0 | Y21: 0 | Z21: 0 | AA21: 0
A22: 501.01.08 - SALÁRIOS E VENCIMENTOS - Salários e abonos regulares e permanentes - Salários de estagiários do Fundo de Desenvolvimento de Capital Humano | B22: 501.01.08 - Salários de estagiários do Fundo de Desenvolvimento de Capital Humano | C22: 0 | D22: 0 | E22: 0 | F22: 0 | G22: 0 | H22: 0 | I22: 0 | J22: 0 | K22: 0 | L22: 0 | M22: 0 | N22: 0 | O22: 0 | P22: 0 | Q22: 0 | R22: 0 | S22: 0 | T22: 0 | U22: #DIV/0! | V22: 0 | W22: 0 | X22: 0 | Y22: 0 | Z22: 0 | AA22: 0
A23: 501.01.09 - SALÁRIOS E VENCIMENTOS - Salários e abonos regulares e permanentes - Salários de outros beneficiários | B23: 501.01.09 - Salários de outros beneficiários | C23: 0 | D23: 0 | E23: 0 | F23: 0 | G23: 0 | H23: 0 | I23: 0 | J23: 0 | K23: 0 | L23: 0 | M23: 0 | N23: 0 | O23: 0 | P23: 0 | Q23: 0 | R23: 0 | S23: 0 | T23: 0 | U23: #DIV/0! | V23: 0 | W23: 0 | X23: 0 | Y23: 0 | Z23: 0 | AA23: 0
A24: 501.01.10 - SALÁRIOS E VENCIMENTOS - Salários e abonos regulares e permanentes - Abono para despesas de representação | B24: 501.01.10 - Abono para despesas de representação | C24: 0 | D24: 0 | E24: 0 | F24: 0 | G24: 0 | H24: 0 | I24: 0 | J24: 0 | K24: 0 | L24: 0 | M24: 0 | N24: 0 | O24: 0 | P24: 0 | Q24: 0 | R24: 0 | S24: 0 | T24: 0 | U24: #DIV/0! | V24: 0 | W24: 0 | X24: 0 | Y24: 0 | Z24: 0 | AA24: 0
A25: 501.01.11 - SALÁRIOS E VENCIMENTOS - Salários e abonos regulares e permanentes - Décimo terceiro mês | B25: 501.01.11 - Décimo terceiro mês | C25: 0 | D25: 0 | E25: 0 | F25: 0 | G25: 0 | H25: 0 | I25: 0 | J25: 0 | K25: 0 | L25: 0 | M25: 0 | N25: 0 | O25: 0 | P25: 0 | Q25: 0 | R25: 0 | S25: 0 | T25: 0 | U25: #DIV/0! | V25: 0 | W25: 0 | X25: 0 | Y25: 0 | Z25: 0 | AA25: 0
A26: 501.01.12 - SALÁRIOS E VENCIMENTOS - Salários e abonos regulares e permanentes - Outros abonos regulares e permanentes | B26: 501.01.12 - Outros abonos regulares e permanentes | C26: 0 | D26: 0 | E26: 0 | F26: 0 | G26: 0 | H26: 0 | I26: 0 | J26: 0 | K26: 0 | L26: 0 | M26: 0 | N26: 0 | O26: 0 | P26: 0 | Q26: 0 | R26: 0 | S26: 0 | T26: 0 | U26: #DIV/0! | V26: 0 | W26: 0 | X26: 0 | Y26: 0 | Z26: 0 | AA26: 0
B27: 501.02 - Abonos variáveis ou eventuais | C27: 0 | D27: 0 | E27: 0 | F27: 0 | G27: 0 | H27: 0 | I27: 0 | J27: 0 | K27: 0 | L27: 0 | M27: 0 | N27: 0 | O27: 0 | P27: 0 | Q27: 0 | R27: 0 | S27: 0 | T27: 0 | U27: #DIV/0! | V27: 0 | W27: 0 | X27: 0 | Y27: 0 | Z27: 0 | AA27: 0
A28: 501.02.01 - SALÁRIOS E VENCIMENTOS - Abonos variáveis ou eventuais - Horas extraordinárias | B28: 501.02.01 - Horas extraordinárias | C28: 0 | D28: 0 | E28: 0 | F28: 0 | G28: 0 | H28: 0 | I28: 0 | J28: 0 | K28: 0 | L28: 0 | M28: 0 | N28: 0 | O28: 0 | P28: 0 | Q28: 0 | R28: 0 | S28: 0 | T28: 0 | U28: #DIV/0! | V28: 0 | W28: 0 | X28: 0 | Y28: 0 | Z28: 0 | AA28: 0
A29: 501.02.02 - SALÁRIOS E VENCIMENTOS - Abonos variáveis ou eventuais - Subsídio mensal de transporte | B29: 501.02.02 - Subsídio mensal de transporte | C29: 0 | D29: 0 | E29: 0 | F29: 0 | G29: 0 | H29: 0 | I29: 0 | J29: 0 | K29: 0 | L29: 0 | M29: 0 | N29: 0 | O29: 0 | P29: 0 | Q29: 0 | R29: 0 | S29: 0 | T29: 0 | U29: #DIV/0! | V29: 0 | W29: 0 | X29: 0 | Y29: 0 | Z29: 0 | AA29: 0
A30: 501.02.03 - SALÁRIOS E VENCIMENTOS - Abonos variáveis ou eventuais - Ajudas de custo por recolocação | B30: 501.02.03 - Ajudas de custo por recolocação | C30: 0 | D30: 0 | E30: 0 | F30: 0 | G30: 0 | H30: 0 | I30: 0 | J30: 0 | K30: 0 | L30: 0 | M30: 0 | N30: 0 | O30: 0 | P30: 0 | Q30: 0 | R30: 0 | S30: 0 | T30: 0 | U30: #DIV/0! | V30: 0 | W30: 0 | X30: 0 | Y30: 0 | Z30: 0 | AA30: 0
A31: 501.02.04 - SALÁRIOS E VENCIMENTOS - Abonos variáveis ou eventuais - Suplemento de turno | B31: 501.02.04 - Suplemento de turno | C31: 0 | D31: 0 | E31: 0 | F31: 0 | G31: 0 | H31: 0 | I31: 0 | J31: 0 | K31: 0 | L31: 0 | M31: 0 | N31: 0 | O31: 0 | P31: 0 | Q31: 0 | R31: 0 | S31: 0 | T31: 0 | U31: #DIV/0! | V31: 0 | W31: 0 | X31: 0 | Y31: 0 | Z31: 0 | AA31: 0
A32: 501.02.05 - SALÁRIOS E VENCIMENTOS - Abonos variáveis ou eventuais - Suplemento por trabalho em local remoto ou de difícil acesso | B32: 501.02.05 - Suplemento por trabalho em local remoto ou de difícil acesso | C32: 0 | D32: 0 | E32: 0 | F32: 0 | G32: 0 | H32: 0 | I32: 0 | J32: 0 | K32: 0 | L32: 0 | M32: 0 | N32: 0 | O32: 0 | P32: 0 | Q32: 0 | R32: 0 | S32: 0 | T32: 0 | U32: #DIV/0! | V32: 0 | W32: 0 | X32: 0 | Y32: 0 | Z32: 0 | AA32: 0
A33: 501.02.06 - SALÁRIOS E VENCIMENTOS - Abonos variáveis ou eventuais - Subsídio de alojamento | B33: 501.02.06 - Subsídio de alojamento | C33: 0 | D33: 0 | E33: 0 | F33: 0 | G33: 0 | H33: 0 | I33: 0 | J33: 0 | K33: 0 | L33: 0 | M33: 0 | N33: 0 | O33: 0 | P33: 0 | Q33: 0 | R33: 0 | S33: 0 | T33: 0 | U33: #DIV/0! | V33: 0 | W33: 0 | X33: 0 | Y33: 0 | Z33: 0 | AA33: 0
A34: 501.02.07 - SALÁRIOS E VENCIMENTOS - Abonos variáveis ou eventuais - Subsídio de alimentação | B34: 501.02.07 - Subsídio de alimentação | C34: 0 | D34: 0 | E34: 0 | F34: 0 | G34: 0 | H34: 0 | I34: 0 | J34: 0 | K34: 0 | L34: 0 | M34: 0 | N34: 0 | O34: 0 | P34: 0 | Q34: 0 | R34: 0 | S34: 0 | T34: 0 | U34: #DIV/0! | V34: 0 | W34: 0 | X34: 0 | Y34: 0 | Z34: 0 | AA34: 0
A35: 501.02.08 - SALÁRIOS E VENCIMENTOS - Abonos variáveis ou eventuais - Subsídio de risco | B35: 501.02.08 - Subsídio de risco | C35: 0 | D35: 0 | E35: 0 | F35: 0 | G35: 0 | H35: 0 | I35: 0 | J35: 0 | K35: 0 | L35: 0 | M35: 0 | N35: 0 | O35: 0 | P35: 0 | Q35: 0 | R35: 0 | S35: 0 | T35: 0 | U35: #DIV/0! | V35: 0 | W35: 0 | X35: 0 | Y35: 0 | Z35: 0 | AA35: 0
A36: 501.02.09 - SALÁRIOS E VENCIMENTOS - Abonos variáveis ou eventuais - Outros abonos variáveis ou eventuais | B36: 501.02.09 - Outros abonos variáveis ou eventuais | C36: 0 | D36: 0 | E36: 0 | F36: 0 | G36: 0 | H36: 0 | I36: 0 | J36: 0 | K36: 0 | L36: 0 | M36: 0 | N36: 0 | O36: 0 | P36: 0 | Q36: 0 | R36: 0 | S36: 0 | T36: 0 | U36: #DIV/0! | V36: 0 | W36: 0 | X36: 0 | Y36: 0 | Z36: 0 | AA36: 0
A37: 501.03 - SALÁRIOS E VENCIMENTOS - Contribuição para a Segurança Social como entidade empregadora | B37: 501.03 - Contribuição para a Segurança Social como entidade empregadora | C37: 0 | D37: 0 | E37: 0 | F37: 0 | G37: 0 | H37: 0 | I37: 0 | J37: 0 | K37: 0 | L37: 0 | M37: 0 | N37: 0 | O37: 0 | P37: 0 | Q37: 0 | R37: 0 | S37: 0 | T37: 0 | U37: #DIV/0! | V37: 0 | W37: 0 | X37: 0 | Y37: 0 | Z37: 0 | AA37: 0
A38: 501.04 - SALÁRIOS E VENCIMENTOS - Outras despesas com pessoal | B38: 501.04 - Outras despesas com pessoal | C38: 0 | D38: 0 | E38: 0 | F38: 0 | G38: 0 | H38: 0 | I38: 0 | J38: 0 | K38: 0 | L38: 0 | M38: 0 | N38: 0 | O38: 0 | P38: 0 | Q38: 0 | R38: 0 | S38: 0 | T38: 0 | U38: #DIV/0! | V38: 0 | W38: 0 | X38: 0 | Y38: 0 | Z38: 0 | AA38: 0
B39: 502 - BENS E SERVIÇOS CORRENTES | C39: 0 | D39: 0 | E39: 0 | F39: 0 | G39: 0 | H39: 0 | I39: 0 | J39: 0 | K39: 0 | L39: 0 | M39: 0 | N39: 0 | O39: 0 | P39: 0 | Q39: 0 | R39: 0 | S39: 0 | T39: 0 | U39: #DIV/0! | V39: 0 | W39: 0 | X39: 0 | Y39: 0 | Z39: 0 | AA39: 0
A40: 502.01 - BENS E SERVIÇOS CORRENTES - Matérias-primas e subsidiárias | B40: 502.01 - Matérias-primas e subsidiárias | C40: 0 | D40: 0 | E40: 0 | F40: 0 | G40: 0 | H40: 0 | I40: 0 | J40: 0 | K40: 0 | L40: 0 | M40: 0 | N40: 0 | O40: 0 | P40: 0 | Q40: 0 | R40: 0 | S40: 0 | T40: 0 | U40: #DIV/0! | V40: 0 | W40: 0 | X40: 0 | Y40: 0 | Z40: 0 | AA40: 0
A41: 502.02 - BENS E SERVIÇOS CORRENTES - Mercadorias para venda | B41: 502.02 - Mercadorias para venda | C41: 0 | D41: 0 | E41: 0 | F41: 0 | G41: 0 | H41: 0 | I41: 0 | J41: 0 | K41: 0 | L41: 0 | M41: 0 | N41: 0 | O41: 0 | P41: 0 | Q41: 0 | R41: 0 | S41: 0 | T41: 0 | U41: #DIV/0! | V41: 0 | W41: 0 | X41: 0 | Y41: 0 | Z41: 0 | AA41: 0
B42: 502.03 - Vestuário e artigos pessoais | C42: 0 | D42: 0 | E42: 0 | F42: 0 | G42: 0 | H42: 0 | I42: 0 | J42: 0 | K42: 0 | L42: 0 | M42: 0 | N42: 0 | O42: 0 | P42: 0 | Q42: 0 | R42: 0 | S42: 0 | T42: 0 | U42: #DIV/0! | V42: 0 | W42: 0 | X42: 0 | Y42: 0 | Z42: 0 | AA42: 0
A43: 502.03.01 - BENS E SERVIÇOS CORRENTES - Vestuário e artigos pessoais - Fardamento | B43: 502.03.01 - Fardamento | C43: 0 | D43: 0 | E43: 0 | F43: 0 | G43: 0 | H43: 0 | I43: 0 | J43: 0 | K43: 0 | L43: 0 | M43: 0 | N43: 0 | O43: 0 | P43: 0 | Q43: 0 | R43: 0 | S43: 0 | T43: 0 | U43: #DIV/0! | V43: 0 | W43: 0 | X43: 0 | Y43: 0 | Z43: 0 | AA43: 0
A44: 502.03.02 - BENS E SERVIÇOS CORRENTES - Vestuário e artigos pessoais - Outro vestuário e artigos pessoais | B44: 502.03.02 - Outro vestuário e artigos pessoais | C44: 0 | D44: 0 | E44: 0 | F44: 0 | G44: 0 | H44: 0 | I44: 0 | J44: 0 | K44: 0 | L44: 0 | M44: 0 | N44: 0 | O44: 0 | P44: 0 | Q44: 0 | R44: 0 | S44: 0 | T44: 0 | U44: #DIV/0! | V44: 0 | W44: 0 | X44: 0 | Y44: 0 | Z44: 0 | AA44: 0
B45: 502.04 - Bens públicos | C45: 0 | D45: 0 | E45: 0 | F45: 0 | G45: 0 | H45: 0 | I45: 0 | J45: 0 | K45: 0 | L45: 0 | M45: 0 | N45: 0 | O45: 0 | P45: 0 | Q45: 0 | R45: 0 | S45: 0 | T45: 0 | U45: #DIV/0! | V45: 0 | W45: 0 | X45: 0 | Y45: 0 | Z45: 0 | AA45: 0
A46: 502.04.01 - BENS E SERVIÇOS CORRENTES - Bens públicos - Água | B46: 502.04.01 - Água | C46: 0 | D46: 0 | E46: 0 | F46: 0 | G46: 0 | H46: 0 | I46: 0 | J46: 0 | K46: 0 | L46: 0 | M46: 0 | N46: 0 | O46: 0 | P46: 0 | Q46: 0 | R46: 0 | S46: 0 | T46: 0 | U46: #DIV/0! | V46: 0 | W46: 0 | X46: 0 | Y46: 0 | Z46: 0 | AA46: 0
A47: 502.04.02 - BENS E SERVIÇOS CORRENTES - Bens públicos - Eletricidade | B47: 502.04.02 - Eletricidade | C47: 0 | D47: 0 | E47: 0 | F47: 0 | G47: 0 | H47: 0 | I47: 0 | J47: 0 | K47: 0 | L47: 0 | M47: 0 | N47: 0 | O47: 0 | P47: 0 | Q47: 0 | R47: 0 | S47: 0 | T47: 0 | U47: #DIV/0! | V47: 0 | W47: 0 | X47: 0 | Y47: 0 | Z47: 0 | AA47: 0
A48: 502.04.03 - BENS E SERVIÇOS CORRENTES - Bens públicos - Gás | B48: 502.04.03 - Gás | C48: 0 | D48: 0 | E48: 0 | F48: 0 | G48: 0 | H48: 0 | I48: 0 | J48: 0 | K48: 0 | L48: 0 | M48: 0 | N48: 0 | O48: 0 | P48: 0 | Q48: 0 | R48: 0 | S48: 0 | T48: 0 | U48: #DIV/0! | V48: 0 | W48: 0 | X48: 0 | Y48: 0 | Z48: 0 | AA48: 0
A49: 502.04.04 - BENS E SERVIÇOS CORRENTES - Bens públicos - Outros bens públicos | B49: 502.04.04 - Outros bens públicos | C49: 0 | D49: 0 | E49: 0 | F49: 0 | G49: 0 | H49: 0 | I49: 0 | J49: 0 | K49: 0 | L49: 0 | M49: 0 | N49: 0 | O49: 0 | P49: 0 | Q49: 0 | R49: 0 | S49: 0 | T49: 0 | U49: #DIV/0! | V49: 0 | W49: 0 | X49: 0 | Y49: 0 | Z49: 0 | AA49: 0
B50: 502.05 - Alimentação | C50: 0 | D50: 0 | E50: 0 | F50: 0 | G50: 0 | H50: 0 | I50: 0 | J50: 0 | K50: 0 | L50: 0 | M50: 0 | N50: 0 | O50: 0 | P50: 0 | Q50: 0 | R50: 0 | S50: 0 | T50: 0 | U50: #DIV/0! | V50: 0 | W50: 0 | X50: 0 | Y50: 0 | Z50: 0 | AA50: 0
A51: 502.05.01 - BENS E SERVIÇOS CORRENTES - Alimentação - Produtos alimentares não confecionados | B51: 502.05.01 - Produtos alimentares não confecionados | C51: 0 | D51: 0 | E51: 0 | F51: 0 | G51: 0 | H51: 0 | I51: 0 | J51: 0 | K51: 0 | L51: 0 | M51: 0 | N51: 0 | O51: 0 | P51: 0 | Q51: 0 | R51: 0 | S51: 0 | T51: 0 | U51: #DIV/0! | V51: 0 | W51: 0 | X51: 0 | Y51: 0 | Z51: 0 | AA51: 0
A52: 502.05.02 - BENS E SERVIÇOS CORRENTES - Alimentação - Refeições confecionadas | B52: 502.05.02 - Refeições confecionadas | C52: 0 | D52: 0 | E52: 0 | F52: 0 | G52: 0 | H52: 0 | I52: 0 | J52: 0 | K52: 0 | L52: 0 | M52: 0 | N52: 0 | O52: 0 | P52: 0 | Q52: 0 | R52: 0 | S52: 0 | T52: 0 | U52: #DIV/0! | V52: 0 | W52: 0 | X52: 0 | Y52: 0 | Z52: 0 | AA52: 0
A53: 502.05.03 - BENS E SERVIÇOS CORRENTES - Alimentação - Bebidas | B53: 502.05.03 - Bebidas | C53: 0 | D53: 0 | E53: 0 | F53: 0 | G53: 0 | H53: 0 | I53: 0 | J53: 0 | K53: 0 | L53: 0 | M53: 0 | N53: 0 | O53: 0 | P53: 0 | Q53: 0 | R53: 0 | S53: 0 | T53: 0 | U53: #DIV/0! | V53: 0 | W53: 0 | X53: 0 | Y53: 0 | Z53: 0 | AA53: 0
A54: 502.05.04 - BENS E SERVIÇOS CORRENTES - Alimentação - Outra alimentação | B54: 502.05.04 - Outra alimentação | C54: 0 | D54: 0 | E54: 0 | F54: 0 | G54: 0 | H54: 0 | I54: 0 | J54: 0 | K54: 0 | L54: 0 | M54: 0 | N54: 0 | O54: 0 | P54: 0 | Q54: 0 | R54: 0 | S54: 0 | T54: 0 | U54: #DIV/0! | V54: 0 | W54: 0 | X54: 0 | Y54: 0 | Z54: 0 | AA54: 0
A55: 502.06 - BENS E SERVIÇOS CORRENTES - Material médico e hospitalar | B55: 502.06 - Material médico e hospitalar | C55: 0 | D55: 0 | E55: 0 | F55: 0 | G55: 0 | H55: 0 | I55: 0 | J55: 0 | K55: 0 | L55: 0 | M55: 0 | N55: 0 | O55: 0 | P55: 0 | Q55: 0 | R55: 0 | S55: 0 | T55: 0 | U55: #DIV/0! | V55: 0 | W55: 0 | X55: 0 | Y55: 0 | Z55: 0 | AA55: 0
A56: 502.07 - BENS E SERVIÇOS CORRENTES - Material escolar | B56: 502.07 - Material escolar | C56: 0 | D56: 0 | E56: 0 | F56: 0 | G56: 0 | H56: 0 | I56: 0 | J56: 0 | K56: 0 | L56: 0 | M56: 0 | N56: 0 | O56: 0 | P56: 0 | Q56: 0 | R56: 0 | S56: 0 | T56: 0 | U56: #DIV/0! | V56: 0 | W56: 0 | X56: 0 | Y56: 0 | Z56: 0 | AA56: 0
A57: 502.08 - BENS E SERVIÇOS CORRENTES - Material agrícola | B57: 502.08 - Material agrícola | C57: 0 | D57: 0 | E57: 0 | F57: 0 | G57: 0 | H57: 0 | I57: 0 | J57: 0 | K57: 0 | L57: 0 | M57: 0 | N57: 0 | O57: 0 | P57: 0 | Q57: 0 | R57: 0 | S57: 0 | T57: 0 | U57: #DIV/0! | V57: 0 | W57: 0 | X57: 0 | Y57: 0 | Z57: 0 | AA57: 0
A58: 502.09 - BENS E SERVIÇOS CORRENTES - Material de escritório | B58: 502.09 - Material de escritório | C58: 0 | D58: 0 | E58: 0 | F58: 0 | G58: 0 | H58: 0 | I58: 0 | J58: 0 | K58: 0 | L58: 0 | M58: 0 | N58: 0 | O58: 0 | P58: 0 | Q58: 0 | R58: 0 | S58: 0 | T58: 0 | U58: #DIV/0! | V58: 0 | W58: 0 | X58: 0 | Y58: 0 | Z58: 0 | AA58: 0
B59: 502.10 - Combustível | C59: 0 | D59: 0 | E59: 0 | F59: 0 | G59: 0 | H59: 0 | I59: 0 | J59: 0 | K59: 0 | L59: 0 | M59: 0 | N59: 0 | O59: 0 | P59: 0 | Q59: 0 | R59: 0 | S59: 0 | T59: 0 | U59: #DIV/0! | V59: 0 | W59: 0 | X59: 0 | Y59: 0 | Z59: 0 | AA59: 0
A60: 502.10.01 - BENS E SERVIÇOS CORRENTES - Combustível - Combustível para geradores | B60: 502.10.01 - Combustível para geradores | C60: 0 | D60: 0 | E60: 0 | F60: 0 | G60: 0 | H60: 0 | I60: 0 | J60: 0 | K60: 0 | L60: 0 | M60: 0 | N60: 0 | O60: 0 | P60: 0 | Q60: 0 | R60: 0 | S60: 0 | T60: 0 | U60: #DIV/0! | V60: 0 | W60: 0 | X60: 0 | Y60: 0 | Z60: 0 | AA60: 0
A61: 502.10.02 - BENS E SERVIÇOS CORRENTES - Combustível - Combustível para veículos | B61: 502.10.02 - Combustível para veículos | C61: 0 | D61: 0 | E61: 0 | F61: 0 | G61: 0 | H61: 0 | I61: 0 | J61: 0 | K61: 0 | L61: 0 | M61: 0 | N61: 0 | O61: 0 | P61: 0 | Q61: 0 | R61: 0 | S61: 0 | T61: 0 | U61: #DIV/0! | V61: 0 | W61: 0 | X61: 0 | Y61: 0 | Z61: 0 | AA61: 0
A62: 502.10.03 - BENS E SERVIÇOS CORRENTES - Combustível - Combustível para navios | B62: 502.10.03 - Combustível para navios | C62: 0 | D62: 0 | E62: 0 | F62: 0 | G62: 0 | H62: 0 | I62: 0 | J62: 0 | K62: 0 | L62: 0 | M62: 0 | N62: 0 | O62: 0 | P62: 0 | Q62: 0 | R62: 0 | S62: 0 | T62: 0 | U62: #DIV/0! | V62: 0 | W62: 0 | X62: 0 | Y62: 0 | Z62: 0 | AA62: 0
A63: 502.10.04 - BENS E SERVIÇOS CORRENTES - Combustível - Combustível para aviões | B63: 502.10.04 - Combustível para aviões | C63: 0 | D63: 0 | E63: 0 | F63: 0 | G63: 0 | H63: 0 | I63: 0 | J63: 0 | K63: 0 | L63: 0 | M63: 0 | N63: 0 | O63: 0 | P63: 0 | Q63: 0 | R63: 0 | S63: 0 | T63: 0 | U63: #DIV/0! | V63: 0 | W63: 0 | X63: 0 | Y63: 0 | Z63: 0 | AA63: 0
A64: 502.10.05 - BENS E SERVIÇOS CORRENTES - Combustível - Outros combustíveis | B64: 502.10.05 - Outros combustíveis | C64: 0 | D64: 0 | E64: 0 | F64: 0 | G64: 0 | H64: 0 | I64: 0 | J64: 0 | K64: 0 | L64: 0 | M64: 0 | N64: 0 | O64: 0 | P64: 0 | Q64: 0 | R64: 0 | S64: 0 | T64: 0 | U64: #DIV/0! | V64: 0 | W64: 0 | X64: 0 | Y64: 0 | Z64: 0 | AA64: 0
B65: 502.11 - Produtos químicos | C65: 0 | D65: 0 | E65: 0 | F65: 0 | G65: 0 | H65: 0 | I65: 0 | J65: 0 | K65: 0 | L65: 0 | M65: 0 | N65: 0 | O65: 0 | P65: 0 | Q65: 0 | R65: 0 | S65: 0 | T65: 0 | U65: #DIV/0! | V65: 0 | W65: 0 | X65: 0 | Y65: 0 | Z65: 0 | AA65: 0
A66: 502.11.01 - BENS E SERVIÇOS CORRENTES - Produtos químicos - Produtos farmaceuticos | B66: 502.11.01 - Produtos farmaceuticos | C66: 0 | D66: 0 | E66: 0 | F66: 0 | G66: 0 | H66: 0 | I66: 0 | J66: 0 | K66: 0 | L66: 0 | M66: 0 | N66: 0 | O66: 0 | P66: 0 | Q66: 0 | R66: 0 | S66: 0 | T66: 0 | U66: #DIV/0! | V66: 0 | W66: 0 | X66: 0 | Y66: 0 | Z66: 0 | AA66: 0
A67: 502.11.02 - BENS E SERVIÇOS CORRENTES - Produtos químicos - Artigos de limpeza e higiene | B67: 502.11.02 - Artigos de limpeza e higiene | C67: 0 | D67: 0 | E67: 0 | F67: 0 | G67: 0 | H67: 0 | I67: 0 | J67: 0 | K67: 0 | L67: 0 | M67: 0 | N67: 0 | O67: 0 | P67: 0 | Q67: 0 | R67: 0 | S67: 0 | T67: 0 | U67: #DIV/0! | V67: 0 | W67: 0 | X67: 0 | Y67: 0 | Z67: 0 | AA67: 0
A68: 502.11.03 - BENS E SERVIÇOS CORRENTES - Produtos químicos - Munições, explosivos e artifícios | B68: 502.11.03 - Munições, explosivos e artifícios | C68: 0 | D68: 0 | E68: 0 | F68: 0 | G68: 0 | H68: 0 | I68: 0 | J68: 0 | K68: 0 | L68: 0 | M68: 0 | N68: 0 | O68: 0 | P68: 0 | Q68: 0 | R68: 0 | S68: 0 | T68: 0 | U68: #DIV/0! | V68: 0 | W68: 0 | X68: 0 | Y68: 0 | Z68: 0 | AA68: 0
A69: 502.11.04 - BENS E SERVIÇOS CORRENTES - Produtos químicos - Petróleo | B69: 502.11.04 - Petróleo | C69: 0 | D69: 0 | E69: 0 | F69: 0 | G69: 0 | H69: 0 | I69: 0 | J69: 0 | K69: 0 | L69: 0 | M69: 0 | N69: 0 | O69: 0 | P69: 0 | Q69: 0 | R69: 0 | S69: 0 | T69: 0 | U69: #DIV/0! | V69: 0 | W69: 0 | X69: 0 | Y69: 0 | Z69: 0 | AA69: 0
A70: 502.11.05 - BENS E SERVIÇOS CORRENTES - Produtos químicos - Lubrificantes | B70: 502.11.05 - Lubrificantes | C70: 0 | D70: 0 | E70: 0 | F70: 0 | G70: 0 | H70: 0 | I70: 0 | J70: 0 | K70: 0 | L70: 0 | M70: 0 | N70: 0 | O70: 0 | P70: 0 | Q70: 0 | R70: 0 | S70: 0 | T70: 0 | U70: #DIV/0! | V70: 0 | W70: 0 | X70: 0 | Y70: 0 | Z70: 0 | AA70: 0
A71: 502.11.06 - BENS E SERVIÇOS CORRENTES - Produtos químicos - Outros produtos químicos | B71: 502.11.06 - Outros produtos químicos | C71: 0 | D71: 0 | E71: 0 | F71: 0 | G71: 0 | H71: 0 | I71: 0 | J71: 0 | K71: 0 | L71: 0 | M71: 0 | N71: 0 | O71: 0 | P71: 0 | Q71: 0 | R71: 0 | S71: 0 | T71: 0 | U71: #DIV/0! | V71: 0 | W71: 0 | X71: 0 | Y71: 0 | Z71: 0 | AA71: 0
B72: 502.12 - Peças e Ferramentas | C72: 0 | D72: 0 | E72: 0 | F72: 0 | G72: 0 | H72: 0 | I72: 0 | J72: 0 | K72: 0 | L72: 0 | M72: 0 | N72: 0 | O72: 0 | P72: 0 | Q72: 0 | R72: 0 | S72: 0 | T72: 0 | U72: #DIV/0! | V72: 0 | W72: 0 | X72: 0 | Y72: 0 | Z72: 0 | AA72: 0
A73: 502.12.01 - BENS E SERVIÇOS CORRENTES - Peças e Ferramentas - Peças | B73: 502.12.01 - Peças | C73: 0 | D73: 0 | E73: 0 | F73: 0 | G73: 0 | H73: 0 | I73: 0 | J73: 0 | K73: 0 | L73: 0 | M73: 0 | N73: 0 | O73: 0 | P73: 0 | Q73: 0 | R73: 0 | S73: 0 | T73: 0 | U73: #DIV/0! | V73: 0 | W73: 0 | X73: 0 | Y73: 0 | Z73: 0 | AA73: 0
A74: 502.12.02 - BENS E SERVIÇOS CORRENTES - Peças e Ferramentas - Ferramentas e utensílios | B74: 502.12.02 - Ferramentas e utensílios | C74: 0 | D74: 0 | E74: 0 | F74: 0 | G74: 0 | H74: 0 | I74: 0 | J74: 0 | K74: 0 | L74: 0 | M74: 0 | N74: 0 | O74: 0 | P74: 0 | Q74: 0 | R74: 0 | S74: 0 | T74: 0 | U74: #DIV/0! | V74: 0 | W74: 0 | X74: 0 | Y74: 0 | Z74: 0 | AA74: 0
A75: 502.13 - BENS E SERVIÇOS CORRENTES - Prémios, condecorações e ofertas | B75: 502.13 - Prémios, condecorações e ofertas | C75: 0 | D75: 0 | E75: 0 | F75: 0 | G75: 0 | H75: 0 | I75: 0 | J75: 0 | K75: 0 | L75: 0 | M75: 0 | N75: 0 | O75: 0 | P75: 0 | Q75: 0 | R75: 0 | S75: 0 | T75: 0 | U75: #DIV/0! | V75: 0 | W75: 0 | X75: 0 | Y75: 0 | Z75: 0 | AA75: 0
A76: 502.14 - BENS E SERVIÇOS CORRENTES - Livros e documentação técnica | B76: 502.14 - Livros e documentação técnica | C76: 0 | D76: 0 | E76: 0 | F76: 0 | G76: 0 | H76: 0 | I76: 0 | J76: 0 | K76: 0 | L76: 0 | M76: 0 | N76: 0 | O76: 0 | P76: 0 | Q76: 0 | R76: 0 | S76: 0 | T76: 0 | U76: #DIV/0! | V76: 0 | W76: 0 | X76: 0 | Y76: 0 | Z76: 0 | AA76: 0
A77: 502.15 - BENS E SERVIÇOS CORRENTES - Outros bens correntes | B77: 502.15 - Outros bens correntes | C77: 0 | D77: 0 | E77: 0 | F77: 0 | G77: 0 | H77: 0 | I77: 0 | J77: 0 | K77: 0 | L77: 0 | M77: 0 | N77: 0 | O77: 0 | P77: 0 | Q77: 0 | R77: 0 | S77: 0 | T77: 0 | U77: #DIV/0! | V77: 0 | W77: 0 | X77: 0 | Y77: 0 | Z77: 0 | AA77: 0
B78: 502.16 - Limpeza e segurança | C78: 0 | D78: 0 | E78: 0 | F78: 0 | G78: 0 | H78: 0 | I78: 0 | J78: 0 | K78: 0 | L78: 0 | M78: 0 | N78: 0 | O78: 0 | P78: 0 | Q78: 0 | R78: 0 | S78: 0 | T78: 0 | U78: #DIV/0! | V78: 0 | W78: 0 | X78: 0 | Y78: 0 | Z78: 0 | AA78: 0
A79: 502.16.01 - BENS E SERVIÇOS CORRENTES - Limpeza e segurança - Limpeza e higiene | B79: 502.16.01 - Limpeza e higiene | C79: 0 | D79: 0 | E79: 0 | F79: 0 | G79: 0 | H79: 0 | I79: 0 | J79: 0 | K79: 0 | L79: 0 | M79: 0 | N79: 0 | O79: 0 | P79: 0 | Q79: 0 | R79: 0 | S79: 0 | T79: 0 | U79: #DIV/0! | V79: 0 | W79: 0 | X79: 0 | Y79: 0 | Z79: 0 | AA79: 0
A80: 502.16.02 - BENS E SERVIÇOS CORRENTES - Limpeza e segurança - Vigilância e segurança | B80: 502.16.02 - Vigilância e segurança | C80: 0 | D80: 0 | E80: 0 | F80: 0 | G80: 0 | H80: 0 | I80: 0 | J80: 0 | K80: 0 | L80: 0 | M80: 0 | N80: 0 | O80: 0 | P80: 0 | Q80: 0 | R80: 0 | S80: 0 | T80: 0 | U80: #DIV/0! | V80: 0 | W80: 0 | X80: 0 | Y80: 0 | Z80: 0 | AA80: 0
B81: 502.17 - Manutenção | C81: 0 | D81: 0 | E81: 0 | F81: 0 | G81: 0 | H81: 0 | I81: 0 | J81: 0 | K81: 0 | L81: 0 | M81: 0 | N81: 0 | O81: 0 | P81: 0 | Q81: 0 | R81: 0 | S81: 0 | T81: 0 | U81: #DIV/0! | V81: 0 | W81: 0 | X81: 0 | Y81: 0 | Z81: 0 | AA81: 0
A82: 502.17.01 - BENS E SERVIÇOS CORRENTES - Manutenção - Manutenção de veículos | B82: 502.17.01 - Manutenção de veículos | C82: 0 | D82: 0 | E82: 0 | F82: 0 | G82: 0 | H82: 0 | I82: 0 | J82: 0 | K82: 0 | L82: 0 | M82: 0 | N82: 0 | O82: 0 | P82: 0 | Q82: 0 | R82: 0 | S82: 0 | T82: 0 | U82: #DIV/0! | V82: 0 | W82: 0 | X82: 0 | Y82: 0 | Z82: 0 | AA82: 0
A83: 502.17.02 - BENS E SERVIÇOS CORRENTES - Manutenção - Manutenção de navios | B83: 502.17.02 - Manutenção de navios | C83: 0 | D83: 0 | E83: 0 | F83: 0 | G83: 0 | H83: 0 | I83: 0 | J83: 0 | K83: 0 | L83: 0 | M83: 0 | N83: 0 | O83: 0 | P83: 0 | Q83: 0 | R83: 0 | S83: 0 | T83: 0 | U83: #DIV/0! | V83: 0 | W83: 0 | X83: 0 | Y83: 0 | Z83: 0 | AA83: 0
A84: 502.17.03 - BENS E SERVIÇOS CORRENTES - Manutenção - Manutenção de aviões | B84: 502.17.03 - Manutenção de aviões | C84: 0 | D84: 0 | E84: 0 | F84: 0 | G84: 0 | H84: 0 | I84: 0 | J84: 0 | K84: 0 | L84: 0 | M84: 0 | N84: 0 | O84: 0 | P84: 0 | Q84: 0 | R84: 0 | S84: 0 | T84: 0 | U84: #DIV/0! | V84: 0 | W84: 0 | X84: 0 | Y84: 0 | Z84: 0 | AA84: 0
A85: 502.17.04 - BENS E SERVIÇOS CORRENTES - Manutenção - Manutenção de equipamento de eletricidade | B85: 502.17.04 - Manutenção de equipamento de eletricidade | C85: 0 | D85: 0 | E85: 0 | F85: 0 | G85: 0 | H85: 0 | I85: 0 | J85: 0 | K85: 0 | L85: 0 | M85: 0 | N85: 0 | O85: 0 | P85: 0 | Q85: 0 | R85: 0 | S85: 0 | T85: 0 | U85: #DIV/0! | V85: 0 | W85: 0 | X85: 0 | Y85: 0 | Z85: 0 | AA85: 0
A86: 502.17.05 - BENS E SERVIÇOS CORRENTES - Manutenção - Manutenção de equipamento de comunicação | B86: 502.17.05 - Manutenção de equipamento de comunicação | C86: 0 | D86: 0 | E86: 0 | F86: 0 | G86: 0 | H86: 0 | I86: 0 | J86: 0 | K86: 0 | L86: 0 | M86: 0 | N86: 0 | O86: 0 | P86: 0 | Q86: 0 | R86: 0 | S86: 0 | T86: 0 | U86: #DIV/0! | V86: 0 | W86: 0 | X86: 0 | Y86: 0 | Z86: 0 | AA86: 0
A87: 502.17.06 - BENS E SERVIÇOS CORRENTES - Manutenção - Manutenção de equipamento de ar condicionado | B87: 502.17.06 - Manutenção de equipamento de ar condicionado | C87: 0 | D87: 0 | E87: 0 | F87: 0 | G87: 0 | H87: 0 | I87: 0 | J87: 0 | K87: 0 | L87: 0 | M87: 0 | N87: 0 | O87: 0 | P87: 0 | Q87: 0 | R87: 0 | S87: 0 | T87: 0 | U87: #DIV/0! | V87: 0 | W87: 0 | X87: 0 | Y87: 0 | Z87: 0 | AA87: 0
A88: 502.17.07 - BENS E SERVIÇOS CORRENTES - Manutenção - Manutenção de geradores | B88: 502.17.07 - Manutenção de geradores | C88: 0 | D88: 0 | E88: 0 | F88: 0 | G88: 0 | H88: 0 | I88: 0 | J88: 0 | K88: 0 | L88: 0 | M88: 0 | N88: 0 | O88: 0 | P88: 0 | Q88: 0 | R88: 0 | S88: 0 | T88: 0 | U88: #DIV/0! | V88: 0 | W88: 0 | X88: 0 | Y88: 0 | Z88: 0 | AA88: 0
A89: 502.17.08 - BENS E SERVIÇOS CORRENTES - Manutenção - Manutenção de outro equipamento | B89: 502.17.08 - Manutenção de outro equipamento | C89: 0 | D89: 0 | E89: 0 | F89: 0 | G89: 0 | H89: 0 | I89: 0 | J89: 0 | K89: 0 | L89: 0 | M89: 0 | N89: 0 | O89: 0 | P89: 0 | Q89: 0 | R89: 0 | S89: 0 | T89: 0 | U89: #DIV/0! | V89: 0 | W89: 0 | X89: 0 | Y89: 0 | Z89: 0 | AA89: 0
A90: 502.17.09 - BENS E SERVIÇOS CORRENTES - Manutenção - Manutenção de edifícios administrativos | B90: 502.17.09 - Manutenção de edifícios administrativos | C90: 0 | D90: 0 | E90: 0 | F90: 0 | G90: 0 | H90: 0 | I90: 0 | J90: 0 | K90: 0 | L90: 0 | M90: 0 | N90: 0 | O90: 0 | P90: 0 | Q90: 0 | R90: 0 | S90: 0 | T90: 0 | U90: #DIV/0! | V90: 0 | W90: 0 | X90: 0 | Y90: 0 | Z90: 0 | AA90: 0
A91: 502.17.10 - BENS E SERVIÇOS CORRENTES - Manutenção - Manutenção de efifícios residenciais | B91: 502.17.10 - Manutenção de efifícios residenciais | C91: 0 | D91: 0 | E91: 0 | F91: 0 | G91: 0 | H91: 0 | I91: 0 | J91: 0 | K91: 0 | L91: 0 | M91: 0 | N91: 0 | O91: 0 | P91: 0 | Q91: 0 | R91: 0 | S91: 0 | T91: 0 | U91: #DIV/0! | V91: 0 | W91: 0 | X91: 0 | Y91: 0 | Z91: 0 | AA91: 0
A92: 502.17.11 - BENS E SERVIÇOS CORRENTES - Manutenção - Manutenção de edifícios escolares e universitários | B92: 502.17.11 - Manutenção de edifícios escolares e universitários | C92: 0 | D92: 0 | E92: 0 | F92: 0 | G92: 0 | H92: 0 | I92: 0 | J92: 0 | K92: 0 | L92: 0 | M92: 0 | N92: 0 | O92: 0 | P92: 0 | Q92: 0 | R92: 0 | S92: 0 | T92: 0 | U92: #DIV/0! | V92: 0 | W92: 0 | X92: 0 | Y92: 0 | Z92: 0 | AA92: 0
A93: 502.17.12 - BENS E SERVIÇOS CORRENTES - Manutenção - Manutenção de edifícios médico-hospitalares | B93: 502.17.12 - Manutenção de edifícios médico-hospitalares | C93: 0 | D93: 0 | E93: 0 | F93: 0 | G93: 0 | H93: 0 | I93: 0 | J93: 0 | K93: 0 | L93: 0 | M93: 0 | N93: 0 | O93: 0 | P93: 0 | Q93: 0 | R93: 0 | S93: 0 | T93: 0 | U93: #DIV/0! | V93: 0 | W93: 0 | X93: 0 | Y93: 0 | Z93: 0 | AA93: 0
... A107: 502.17.26 - BENS E SERVIÇOS CORRENTES - Manutenção - Outra manutenção | B107: 502.17.26 - Outra manutenção | C107: 0 | D107: 0 | E107: 0 | F107: 0 | G107: 0 | H107: 0 | I107: 0 | J107: 0 | K107: 0 | L107: 0 | M107: 0 | N107: 0 | O107: 0 | P107: 0 | Q107: 0 | R107: 0 | S107: 0 | T107: 0 | U107: #DIV/0! | V107: 0 | W107: 0 | X107: 0 | Y107: 0 | Z107: 0 | AA107: 0
B108: 502.18 - Serviços Públicos | C108: 0 | D108: 0 | E108: 0 | F108: 0 | G108: 0 | H108: 0 | I108: 0 | J108: 0 | K108: 0 | L108: 0 | M108: 0 | N108: 0 | O108: 0 | P108: 0 | Q108: 0 | R108: 0 | S108: 0 | T108: 0 | U108: #DIV/0! | V108: 0 | W108: 0 | X108: 0 | Y108: 0 | Z108: 0 | AA108: 0
A109: 502.18.01 - BENS E SERVIÇOS CORRENTES - Serviços Públicos - Fornecimento de água | B109: 502.18.01 - Fornecimento de água | C109: 0 | D109: 0 | E109: 0 | F109: 0 | G109: 0 | H109: 0 | I109: 0 | J109: 0 | K109: 0 | L109: 0 | M109: 0 | N109: 0 | O109: 0 | P109: 0 | Q109: 0 | R109: 0 | S109: 0 | T109: 0 | U109: #DIV/0! | V109: 0 | W109: 0 | X109: 0 | Y109: 0 | Z109: 0 | AA109: 0
A110: 502.18.02 - BENS E SERVIÇOS CORRENTES - Serviços Públicos - Fornecimento de eletricidade | B110: 502.18.02 - Fornecimento de eletricidade | C110: 0 | D110: 0 | E110: 0 | F110: 0 | G110: 0 | H110: 0 | I110: 0 | J110: 0 | K110: 0 | L110: 0 | M110: 0 | N110: 0 | O110: 0 | P110: 0 | Q110: 0 | R110: 0 | S110: 0 | T110: 0 | U110: #DIV/0! | V110: 0 | W110: 0 | X110: 0 | Y110: 0 | Z110: 0 | AA110: 0
A111: 502.18.03 - BENS E SERVIÇOS CORRENTES - Serviços Públicos - Fornecimento de gás | B111: 502.18.03 - Fornecimento de gás | C111: 0 | D111: 0 | E111: 0 | F111: 0 | G111: 0 | H111: 0 | I111: 0 | J111: 0 | K111: 0 | L111: 0 | M111: 0 | N111: 0 | O111: 0 | P111: 0 | Q111: 0 | R111: 0 | S111: 0 | T111: 0 | U111: #DIV/0! | V111: 0 | W111: 0 | X111: 0 | Y111: 0 | Z111: 0 | AA111: 0
A112: 502.18.04 - BENS E SERVIÇOS CORRENTES - Serviços Públicos - Outros serviços públicos | B112: 502.18.04 - Outros serviços públicos | C112: 0 | D112: 0 | E112: 0 | F112: 0 | G112: 0 | H112: 0 | I112: 0 | J112: 0 | K112: 0 | L112: 0 | M112: 0 | N112: 0 | O112: 0 | P112: 0 | Q112: 0 | R112: 0 | S112: 0 | T112: 0 | U112: #DIV/0! | V112: 0 | W112: 0 | X112: 0 | Y112: 0 | Z112: 0 | AA112: 0
B113: 502.19 - Comunicações | C113: 0 | D113: 0 | E113: 0 | F113: 0 | G113: 0 | H113: 0 | I113: 0 | J113: 0 | K113: 0 | L113: 0 | M113: 0 | N113: 0 | O113: 0 | P113: 0 | Q113: 0 | R113: 0 | S113: 0 | T113: 0 | U113: #DIV/0! | V113: 0 | W113: 0 | X113: 0 | Y113: 0 | Z113: 0 | AA113: 0
A114: 502.19.01 - BENS E SERVIÇOS CORRENTES - Comunicações - Comunicações fixas | B114: 502.19.01 - Comunicações fixas | C114: 0 | D114: 0 | E114: 0 | F114: 0 | G114: 0 | H114: 0 | I114: 0 | J114: 0 | K114: 0 | L114: 0 | M114: 0 | N114: 0 | O114: 0 | P114: 0 | Q114: 0 | R114: 0 | S114: 0 | T114: 0 | U114: #DIV/0! | V114: 0 | W114: 0 | X114: 0 | Y114: 0 | Z114: 0 | AA114: 0
...

Sheet Atividade_A050101
A2: EXECUÇÃO ORÇAMENTAL - INSS
A3: Programa A05 - Regime Não Contributivo
A4: 2026
B5: A05 - Regime Não Contributivo
B6: A0501 - Proteção Social de Cidadania
B7: A050101 - Pagamento de prestações sociais não contributivas
AA8: USD
B9: DESPESAS
B10: ATIVIDADE - PAGAMENTO DE PRESTAÇÕES SOCIAIS NÃO CONTRIBUTIVAS | C10: OSS inicial | D10: OSS corrigido | E10: Cabimentos | F10: Compromissos | G10: Obrigações | H10: Janeiro | I10: Fevereiro | J10: Março | K10: Abril | L10: Maio | M10: Junho | N10: Julho | O10: Agosto | P10: Setembro | Q10: Outubro | R10: Novembro | S10: Dezembro | T10: Total Execução | U10: Taxa Execução (%) | V10: Saldo Execução | W10: Saldo disponível (Execução+Cabimentos) | X10: Saldo não comprometido | Y10: Valor Cabimentado e não comprometido | Z10: Valor Comprometido e não liquidado | AA10: Valor Liquidado e não pago (DIVIDA)
E11: janeiro a setembro | F11: janeiro a setembro | G11: janeiro a setembro | T11: janeiro a setembro | U11: janeiro a setembro
C12: (1) | D12: (2) | E12: (3) | F12: (4) | G12: (5) | H12: (6) | I12: (6) | J12: (6) | K12: (6) | L12: (6) | M12: (6) | N12: (6) | O12: (6) | P12: (6) | Q12: (6) | R12: (6) | S12: (6) | T12: (7) = ∑(6) | U12: (8) = (7)/(2) | V12: (9) = (2) - (7) | W12: (10) = (2) - (3) | X12: (11) = (2) - (4) | Y12: (12) = (3) - (4) | Z12: (13) = (4) - (5) | AA12: (14) = (5) - (7)
B13: 501 - SALÁRIOS E VENCIMENTOS | C13: 0 | D13: 0 | E13: 0 | F13: 0 | G13: 0 | H13: 0 | I13: 0 | J13: 0 | K13: 0 | L13: 0 | M13: 0 | N13: 0 | O13: 0 | P13: 0 | Q13: 0 | R13: 0 | S13: 0 | T13: 0 | U13: #DIV/0! | V13: 0 | W13: 0 | X13: 0 | Y13: 0 | Z13: 0 | AA13: 0
B14: 501.01 - Salários e abonos regulares e permanentes | C14: 0 | D14: 0 | E14: 0 | F14: 0 | G14: 0 | H14: 0 | I14: 0 | J14: 0 | K14: 0 | L14: 0 | M14: 0 | N14: 0 | O14: 0 | P14: 0 | Q14: 0 | R14: 0 | S14: 0 | T14: 0 | U14: #DIV/0! | V14: 0 | W14: 0 | X14: 0 | Y14: 0 | Z14: 0 | AA14: 0
A15: 501.01.01 - SALÁRIOS E VENCIMENTOS - Salários e abonos regulares e permanentes - Salários de titulares de cargos políticos | B15: 501.01.01 - Salários de titulares de cargos políticos | C15: 0 | D15: 0 | E15: 0 | F15: 0 | G15: 0 | H15: 0 | I15: 0 | J15: 0 | K15: 0 | L15: 0 | M15: 0 | N15: 0 | O15: 0 | P15: 0 | Q15: 0 | R15: 0 | S15: 0 | T15: 0 | U15: #DIV/0! | V15: 0 | W15: 0 | X15: 0 | Y15: 0 | Z15: 0 | AA15: 0
A16: 501.01.02 - SALÁRIOS E VENCIMENTOS - Salários e abonos regulares e permanentes - Salários de membros de órgãos de direção | B16: 501.01.02 - Salários de membros de órgãos de direção | C16: 0 | D16: 0 | E16: 0 | F16: 0 | G16: 0 | H16: 0 | I16: 0 | J16: 0 | K16: 0 | L16: 0 | M16: 0 | N16: 0 | O16: 0 | P16: 0 | Q16: 0 | R16: 0 | S16: 0 | T16: 0 | U16: #DIV/0! | V16: 0 | W16: 0 | X16: 0 | Y16: 0 | Z16: 0 | AA16: 0
A17: 501.01.03 - SALÁRIOS E VENCIMENTOS - Salários e abonos regulares e permanentes - Salários de titulares de cargos de direção e chefia | B17: 501.01.03 - Salários de titulares de cargos de direção e chefia | C17: 0 | D17: 0 | E17: 0 | F17: 0 | G17: 0 | H17: 0 | I17: 0 | J17: 0 | K17: 0 | L17: 0 | M17: 0 | N17: 0 | O17: 0 | P17: 0 | Q17: 0 | R17: 0 | S17: 0 | T17: 0 | U17: #DIV/0! | V17: 0 | W17: 0 | X17: 0 | Y17: 0 | Z17: 0 | AA17: 0
A18: 501.01.04 - SALÁRIOS E VENCIMENTOS - Salários e abonos regulares e permanentes - Salários de funcionários e agentes | B18: 501.01.04 - Salários de funcionários e agentes | C18: 0 | D18: 0 | E18: 0 | F18: 0 | G18: 0 | H18: 0 | I18: 0 | J18: 0 | K18: 0 | L18: 0 | M18: 0 | N18: 0 | O18: 0 | P18: 0 | Q18: 0 | R18: 0 | S18: 0 | T18: 0 | U18: #DIV/0! | V18: 0 | W18: 0 | X18: 0 | Y18: 0 | Z18: 0 | AA18: 0
A19: 501.01.05 - SALÁRIOS E VENCIMENTOS - Salários e abonos regulares e permanentes - Salários de contratados nacionais | B19: 501.01.05 - Salários de contratados nacionais | C19: 0 | D19: 0 | E19: 0 | F19: 0 | G19: 0 | H19: 0 | I19: 0 | J19: 0 | K19: 0 | L19: 0 | M19: 0 | N19: 0 | O19: 0 | P19: 0 | Q19: 0 | R19: 0 | S19: 0 | T19: 0 | U19: #DIV/0! | V19: 0 | W19: 0 | X19: 0 | Y19: 0 | Z19: 0 | AA19: 0
A20: 501.01.06 - SALÁRIOS E VENCIMENTOS - Salários e abonos regulares e permanentes - Salários de contratados internacionais | B20: 501.01.06 - Salários de contratados internacionais | C20: 0 | D20: 0 | E20: 0 | F20: 0 | G20: 0 | H20: 0 | I20: 0 | J20: 0 | K20: 0 | L20: 0 | M20: 0 | N20: 0 | O20: 0 | P20: 0 | Q20: 0 | R20: 0 | S20: 0 | T20: 0 | U20: #DIV/0! | V20: 0 | W20: 0 | X20: 0 | Y20: 0 | Z20: 0 | AA20: 0
A21: 501.01.07 - SALÁRIOS E VENCIMENTOS - Salários e abonos regulares e permanentes - Salários de estagiários do Centro de Formação Jurídica e Judiciária | B21: 501.01.07 - Salários de estagiários do Centro de Formação Jurídica e Judiciária | C21: 0 | D21: 0 | E21: 0 | F21: 0 | G21: 0 | H21: 0 | I21: 0 | J21: 0 | K21: 0 | L21: 0 | M21: 0 | N21: 0 | O21: 0 | P21: 0 | Q21: 0 | R21: 0 | S21: 0 | T21: 0 | U21: #DIV/0! | V21: 0 | W21: 0 | X21: 0 | Y21: 0 | Z21: 0 | AA21: 0
A22: 501.01.08 - SALÁRIOS E VENCIMENTOS - Salários e abonos regulares e permanentes - Salários de estagiários do Fundo de Desenvolvimento de Capital Humano | B22: 501.01.08 - Salários de estagiários do Fundo de Desenvolvimento de Capital Humano | C22: 0 | D22: 0 | E22: 0 | F22: 0 | G22: 0 | H22: 0 | I22: 0 | J22: 0 | K22: 0 | L22: 0 | M22: 0 | N22: 0 | O22: 0 | P22: 0 | Q22: 0 | R22: 0 | S22: 0 | T22: 0 | U22: #DIV/0! | V22: 0 | W22: 0 | X22: 0 | Y22: 0 | Z22: 0 | AA22: 0
A23: 501.01.09 - SALÁRIOS E VENCIMENTOS - Salários e abonos regulares e permanentes - Salários de outros beneficiários | B23: 501.01.09 - Salários de outros beneficiários | C23: 0 | D23: 0 | E23: 0 | F23: 0 | G23: 0 | H23: 0 | I23: 0 | J23: 0 | K23: 0 | L23: 0 | M23: 0 | N23: 0 | O23: 0 | P23: 0 | Q23: 0 | R23: 0 | S23: 0 | T23: 0 | U23: #DIV/0! | V23: 0 | W23: 0 | X23: 0 | Y23: 0 | Z23: 0 | AA23: 0
A24: 501.01.10 - SALÁRIOS E VENCIMENTOS - Salários e abonos regulares e permanentes - Abono para despesas de representação | B24: 501.01.10 - Abono para despesas de representação | C24: 0 | D24: 0 | E24: 0 | F24: 0 | G24: 0 | H24: 0 | I24: 0 | J24: 0 | K24: 0 | L24: 0 | M24: 0 | N24: 0 | O24: 0 | P24: 0 | Q24: 0 | R24: 0 | S24: 0 | T24: 0 | U24: #DIV/0! | V24: 0 | W24: 0 | X24: 0 | Y24: 0 | Z24: 0 | AA24: 0
A25: 501.01.11 - SALÁRIOS E VENCIMENTOS - Salários e abonos regulares e permanentes - Décimo terceiro mês | B25: 501.01.11 - Décimo terceiro mês | C25: 0 | D25: 0 | E25: 0 | F25: 0 | G25: 0 | H25: 0 | I25: 0 | J25: 0 | K25: 0 | L25: 0 | M25: 0 | N25: 0 | O25: 0 | P25: 0 | Q25: 0 | R25: 0 | S25: 0 | T25: 0 | U25: #DIV/0! | V25: 0 | W25: 0 | X25: 0 | Y25: 0 | Z25: 0 | AA25: 0
A26: 501.01.12 - SALÁRIOS E VENCIMENTOS - Salários e abonos regulares e permanentes - Outros abonos regulares e permanentes | B26: 501.01.12 - Outros abonos regulares e permanentes | C26: 0 | D26: 0 | E26: 0 | F26: 0 | G26: 0 | H26: 0 | I26: 0 | J26: 0 | K26: 0 | L26: 0 | M26: 0 | N26: 0 | O26: 0 | P26: 0 | Q26: 0 | R26: 0 | S26: 0 | T26: 0 | U26: #DIV/0! | V26: 0 | W26: 0 | X26: 0 | Y26: 0 | Z26: 0 | AA26: 0
B27: 501.02 - Abonos variáveis ou eventuais | C27: 0 | D27: 0 | E27: 0 | F27: 0 | G27: 0 | H27: 0 | I27: 0 | J27: 0 | K27: 0 | L27: 0 | M27: 0 | N27: 0 | O27: 0 | P27: 0 | Q27: 0 | R27: 0 | S27: 0 | T27: 0 | U27: #DIV/0! | V27: 0 | W27: 0 | X27: 0 | Y27: 0 | Z27: 0 | AA27: 0
A28: 501.02.01 - SALÁRIOS E VENCIMENTOS - Abonos variáveis ou eventuais - Horas extraordinárias | B28: 501.02.01 - Horas extraordinárias | C28: 0 | D28: 0 | E28: 0 | F28: 0 | G28: 0 | H28: 0 | I28: 0 | J28: 0 | K28: 0 | L28: 0 | M28: 0 | N28: 0 | O28: 0 | P28: 0 | Q28: 0 | R28: 0 | S28: 0 | T28: 0 | U28: #DIV/0! | V28: 0 | W28: 0 | X28: 0 | Y28: 0 | Z28: 0 | AA28: 0
A29: 501.02.02 - SALÁRIOS E VENCIMENTOS - Abonos variáveis ou eventuais - Subsídio mensal de transporte | B29: 501.02.02 - Subsídio mensal de transporte | C29: 0 | D29: 0 | E29: 0 | F29: 0 | G29: 0 | H29: 0 | I29: 0 | J29: 0 | K29: 0 | L29: 0 | M29: 0 | N29: 0 | O29: 0 | P29: 0 | Q29: 0 | R29: 0 | S29: 0 | T29: 0 | U29: #DIV/0! | V29: 0 | W29: 0 | X29: 0 | Y29: 0 | Z29: 0 | AA29: 0
A30: 501.02.03 - SALÁRIOS E VENCIMENTOS - Abonos variáveis ou eventuais - Ajudas de custo por recolocação | B30: 501.02.03 - Ajudas de custo por recolocação | C30: 0 | D30: 0 | E30: 0 | F30: 0 | G30: 0 | H30: 0 | I30: 0 | J30: 0 | K30: 0 | L30: 0 | M30: 0 | N30: 0 | O30: 0 | P30: 0 | Q30: 0 | R30: 0 | S30: 0 | T30: 0 | U30: #DIV/0! | V30: 0 | W30: 0 | X30: 0 | Y30: 0 | Z30: 0 | AA30: 0
A31: 501.02.04 - SALÁRIOS E VENCIMENTOS - Abonos variáveis ou eventuais - Suplemento de turno | B31: 501.02.04 - Suplemento de turno | C31: 0 | D31: 0 | E31: 0 | F31: 0 | G31: 0 | H31: 0 | I31: 0 | J31: 0 | K31: 0 | L31: 0 | M31: 0 | N31: 0 | O31: 0 | P31: 0 | Q31: 0 | R31: 0 | S31: 0 | T31: 0 | U31: #DIV/0! | V31: 0 | W31: 0 | X31: 0 | Y31: 0 | Z31: 0 | AA31: 0
A32: 501.02.05 - SALÁRIOS E VENCIMENTOS - Abonos variáveis ou eventuais - Suplemento por trabalho em local remoto ou de difícil acesso | B32: 501.02.05 - Suplemento por trabalho em local remoto ou de difícil acesso | C32: 0 | D32: 0 | E32: 0 | F32: 0 | G32: 0 | H32: 0 | I32: 0 | J32: 0 | K32: 0 | L32: 0 | M32: 0 | N32: 0 | O32: 0 | P32: 0 | Q32: 0 | R32: 0 | S32: 0 | T32: 0 | U32: #DIV/0! | V32: 0 | W32: 0 | X32: 0 | Y32: 0 | Z32: 0 | AA32: 0
A33: 501.02.06 - SALÁRIOS E VENCIMENTOS - Abonos variáveis ou eventuais - Subsídio de alojamento | B33: 501.02.06 - Subsídio de alojamento | C33: 0 | D33: 0 | E33: 0 | F33: 0 | G33: 0 | H33: 0 | I33: 0 | J33: 0 | K33: 0 | L33: 0 | M33: 0 | N33: 0 | O33: 0 | P33: 0 | Q33: 0 | R33: 0 | S33: 0 | T33: 0 | U33: #DIV/0! | V33: 0 | W33: 0 | X33: 0 | Y33: 0 | Z33: 0 | AA33: 0
A34: 501.02.07 - SALÁRIOS E VENCIMENTOS - Abonos variáveis ou eventuais - Subsídio de alimentação | B34: 501.02.07 - Subsídio de alimentação | C34: 0 | D34: 0 | E34: 0 | F34: 0 | G34: 0 | H34: 0 | I34: 0 | J34: 0 | K34: 0 | L34: 0 | M34: 0 | N34: 0 | O34: 0 | P34: 0 | Q34: 0 | R34: 0 | S34: 0 | T34: 0 | U34: #DIV/0! | V34: 0 | W34: 0 | X34: 0 | Y34: 0 | Z34: 0 | AA34: 0
A35: 501.02.08 - SALÁRIOS E VENCIMENTOS - Abonos variáveis ou eventuais - Subsídio de risco | B35: 501.02.08 - Subsídio de risco | C35: 0 | D35: 0 | E35: 0 | F35: 0 | G35: 0 | H35: 0 | I35: 0 | J35: 0 | K35: 0 | L35: 0 | M35: 0 | N35: 0 | O35: 0 | P35: 0 | Q35: 0 | R35: 0 | S35: 0 | T35: 0 | U35: #DIV/0! | V35: 0 | W35: 0 | X35: 0 | Y35: 0 | Z35: 0 | AA35: 0
A36: 501.02.09 - SALÁRIOS E VENCIMENTOS - Abonos variáveis ou eventuais - Outros abonos variáveis ou eventuais | B36: 501.02.09 - Outros abonos variáveis ou eventuais | C36: 0 | D36: 0 | E36: 0 | F36: 0 | G36: 0 | H36: 0 | I36: 0 | J36: 0 | K36: 0 | L36: 0 | M36: 0 | N36: 0 | O36: 0 | P36: 0 | Q36: 0 | R36: 0 | S36: 0 | T36: 0 | U36: #DIV/0! | V36: 0 | W36: 0 | X36: 0 | Y36: 0 | Z36: 0 | AA36: 0
A37: 501.03 - SALÁRIOS E VENCIMENTOS - Contribuição para a Segurança Social como entidade empregadora | B37: 501.03 - Contribuição para a Segurança Social como entidade empregadora | C37: 0 | D37: 0 | E37: 0 | F37: 0 | G37: 0 | H37: 0 | I37: 0 | J37: 0 | K37: 0 | L37: 0 | M37: 0 | N37: 0 | O37: 0 | P37: 0 | Q37: 0 | R37: 0 | S37: 0 | T37: 0 | U37: #DIV/0! | V37: 0 | W37: 0 | X37: 0 | Y37: 0 | Z37: 0 | AA37: 0
A38: 501.04 - SALÁRIOS E VENCIMENTOS - Outras despesas com pessoal | B38: 501.04 - Outras despesas com pessoal | C38: 0 | D38: 0 | E38: 0 | F38: 0 | G38: 0 | H38: 0 | I38: 0 | J38: 0 | K38: 0 | L38: 0 | M38: 0 | N38: 0 | O38: 0 | P38: 0 | Q38: 0 | R38: 0 | S38: 0 | T38: 0 | U38: #DIV/0! | V38: 0 | W38: 0 | X38: 0 | Y38: 0 | Z38: 0 | AA38: 0
B39: 502 - BENS E SERVIÇOS CORRENTES | C39: 0 | D39: 0 | E39: 0 | F39: 0 | G39: 0 | H39: 0 | I39: 0 | J39: 0 | K39: 0 | L39: 0 | M39: 0 | N39: 0 | O39: 0 | P39: 0 | Q39: 0 | R39: 0 | S39: 0 | T39: 0 | U39: #DIV/0! | V39: 0 | W39: 0 | X39: 0 | Y39: 0 | Z39: 0 | AA39: 0
A40: 502.01 - BENS E SERVIÇOS CORRENTES - Matérias-primas e subsidiárias | B40: 502.01 - Matérias-primas e subsidiárias | C40: 0 | D40: 0 | E40: 0 | F40: 0 | G40: 0 | H40: 0 | I40: 0 | J40: 0 | K40: 0 | L40: 0 | M40: 0 | N40: 0 | O40: 0 | P40: 0 | Q40: 0 | R40: 0 | S40: 0 | T40: 0 | U40: #DIV/0! | V40: 0 | W40: 0 | X40: 0 | Y40: 0 | Z40: 0 | AA40: 0
A41: 502.02 - BENS E SERVIÇOS CORRENTES - Mercadorias para venda | B41: 502.02 - Mercadorias para venda | C41: 0 | D41: 0 | E41: 0 | F41: 0 | G41: 0 | H41: 0 | I41: 0 | J41: 0 | K41: 0 | L41: 0 | M41: 0 | N41: 0 | O41: 0 | P41: 0 | Q41: 0 | R41: 0 | S41: 0 | T41: 0 | U41: #DIV/0! | V41: 0 | W41: 0 | X41: 0 | Y41: 0 | Z41: 0 | AA41: 0
B42: 502.03 - Vestuário e artigos pessoais | C42: 0 | D42: 0 | E42: 0 | F42: 0 | G42: 0 | H42: 0 | I42: 0 | J42: 0 | K42: 0 | L42: 0 | M42: 0 | N42: 0 | O42: 0 | P42: 0 | Q42: 0 | R42: 0 | S42: 0 | T42: 0 | U42: #DIV/0! | V42: 0 | W42: 0 | X42: 0 | Y42: 0 | Z42: 0 | AA42: 0
A43: 502.03.01 - BENS E SERVIÇOS CORRENTES - Vestuário e artigos pessoais - Fardamento | B43: 502.03.01 - Fardamento | C43: 0 | D43: 0 | E43: 0 | F43: 0 | G43: 0 | H43: 0 | I43: 0 | J43: 0 | K43: 0 | L43: 0 | M43: 0 | N43: 0 | O43: 0 | P43: 0 | Q43: 0 | R43: 0 | S43: 0 | T43: 0 | U43: #DIV/0! | V43: 0 | W43: 0 | X43: 0 | Y43: 0 | Z43: 0 | AA43: 0
A44: 502.03.02 - BENS E SERVIÇOS CORRENTES - Vestuário e artigos pessoais - Outro vestuário e artigos pessoais | B44: 502.03.02 - Outro vestuário e artigos pessoais | C44: 0 | D44: 0 | E44: 0 | F44: 0 | G44: 0 | H44: 0 | I44: 0 | J44: 0 | K44: 0 | L44: 0 | M44: 0 | N44: 0 | O44: 0 | P44: 0 | Q44: 0 | R44: 0 | S44: 0 | T44: 0 | U44: #DIV/0! | V44: 0 | W44: 0 | X44: 0 | Y44: 0 | Z44: 0 | AA44: 0
B45: 502.04 - Bens públicos | C45: 0 | D45: 0 | E45: 0 | F45: 0 | G45: 0 | H45: 0 | I45: 0 | J45: 0 | K45: 0 | L45: 0 | M45: 0 | N45: 0 | O45: 0 | P45: 0 | Q45: 0 | R45: 0 | S45: 0 | T45: 0 | U45: #DIV/0! | V45: 0 | W45: 0 | X45: 0 | Y45: 0 | Z45: 0 | AA45: 0
A46: 502.04.01 - BENS E SERVIÇOS CORRENTES - Bens públicos - Água | B46: 502.04.01 - Água | C46: 0 | D46: 0 | E46: 0 | F46: 0 | G46: 0 | H46: 0 | I46: 0 | J46: 0 | K46: 0 | L46: 0 | M46: 0 | N46: 0 | O46: 0 | P46: 0 | Q46: 0 | R46: 0 | S46: 0 | T46: 0 | U46: #DIV/0! | V46: 0 | W46: 0 | X46: 0 | Y46: 0 | Z46: 0 | AA46: 0
A47: 502.04.02 - BENS E SERVIÇOS CORRENTES - Bens públicos - Eletricidade | B47: 502.04.02 - Eletricidade | C47: 0 | D47: 0 | E47: 0 | F47: 0 | G47: 0 | H47: 0 | I47: 0 | J47: 0 | K47: 0 | L47: 0 | M47: 0 | N47: 0 | O47: 0 | P47: 0 | Q47: 0 | R47: 0 | S47: 0 | T47: 0 | U47: #DIV/0! | V47: 0 | W47: 0 | X47: 0 | Y47: 0 | Z47: 0 | AA47: 0
A48: 502.04.03 - BENS E SERVIÇOS CORRENTES - Bens públicos - Gás | B48: 502.04.03 - Gás | C48: 0 | D48: 0 | E48: 0 | F48: 0 | G48: 0 | H48: 0 | I48: 0 | J48: 0 | K48: 0 | L48: 0 | M48: 0 | N48: 0 | O48: 0 | P48: 0 | Q48: 0 | R48: 0 | S48: 0 | T48: 0 | U48: #DIV/0! | V48: 0 | W48: 0 | X48: 0 | Y48: 0 | Z48: 0 | AA48: 0
A49: 502.04.04 - BENS E SERVIÇOS CORRENTES - Bens públicos - Outros bens públicos | B49: 502.04.04 - Outros bens públicos | C49: 0 | D49: 0 | E49: 0 | F49: 0 | G49: 0 | H49: 0 | I49: 0 | J49: 0 | K49: 0 | L49: 0 | M49: 0 | N49: 0 | O49: 0 | P49: 0 | Q49: 0 | R49: 0 | S49: 0 | T49: 0 | U49: #DIV/0! | V49: 0 | W49: 0 | X49: 0 | Y49: 0 | Z49: 0 | AA49: 0
B50: 502.05 - Alimentação | C50: 0 | D50: 0 | E50: 0 | F50: 0 | G50: 0 | H50: 0 | I50: 0 | J50: 0 | K50: 0 | L50: 0 | M50: 0 | N50: 0 | O50: 0 | P50: 0 | Q50: 0 | R50: 0 | S50: 0 | T50: 0 | U50: #DIV/0! | V50: 0 | W50: 0 | X50: 0 | Y50: 0 | Z50: 0 | AA50: 0
A51: 502.05.01 - BENS E SERVIÇOS CORRENTES - Alimentação - Produtos alimentares não confecionados | B51: 502.05.01 - Produtos alimentares não confecionados | C51: 0 | D51: 0 | E51: 0 | F51: 0 | G51: 0 | H51: 0 | I51: 0 | J51: 0 | K51: 0 | L51: 0 | M51: 0 | N51: 0 | O51: 0 | P51: 0 | Q51: 0 | R51: 0 | S51: 0 | T51: 0 | U51: #DIV/0! | V51: 0 | W51: 0 | X51: 0 | Y51: 0 | Z51: 0 | AA51: 0
A52: 502.05.02 - BENS E SERVIÇOS CORRENTES - Alimentação - Refeições confecionadas | B52: 502.05.02 - Refeições confecionadas | C52: 0 | D52: 0 | E52: 0 | F52: 0 | G52: 0 | H52: 0 | I52: 0 | J52: 0 | K52: 0 | L52: 0 | M52: 0 | N52: 0 | O52: 0 | P52: 0 | Q52: 0 | R52: 0 | S52: 0 | T52: 0 | U52: #DIV/0! | V52: 0 | W52: 0 | X52: 0 | Y52: 0 | Z52: 0 | AA52: 0
A53: 502.05.03 - BENS E SERVIÇOS CORRENTES - Alimentação - Bebidas | B53: 502.05.03 - Bebidas | C53: 0 | D53: 0 | E53: 0 | F53: 0 | G53: 0 | H53: 0 | I53: 0 | J53: 0 | K53: 0 | L53: 0 | M53: 0 | N53: 0 | O53: 0 | P53: 0 | Q53: 0 | R53: 0 | S53: 0 | T53: 0 | U53: #DIV/0! | V53: 0 | W53: 0 | X53: 0 | Y53: 0 | Z53: 0 | AA53: 0
A54: 502.05.04 - BENS E SERVIÇOS CORRENTES - Alimentação - Outra alimentação | B54: 502.05.04 - Outra alimentação | C54: 0 | D54: 0 | E54: 0 | F54: 0 | G54: 0 | H54: 0 | I54: 0 | J54: 0 | K54: 0 | L54: 0 | M54: 0 | N54: 0 | O54: 0 | P54: 0 | Q54: 0 | R54: 0 | S54: 0 | T54: 0 | U54: #DIV/0! | V54: 0 | W54: 0 | X54: 0 | Y54: 0 | Z54: 0 | AA54: 0
A55: 502.06 - BENS E SERVIÇOS CORRENTES - Material médico e hospitalar | B55: 502.06 - Material médico e hospitalar | C55: 0 | D55: 0 | E55: 0 | F55: 0 | G55: 0 | H55: 0 | I55: 0 | J55: 0 | K55: 0 | L55: 0 | M55: 0 | N55: 0 | O55: 0 | P55: 0 | Q55: 0 | R55: 0 | S55: 0 | T55: 0 | U55: #DIV/0! | V55: 0 | W55: 0 | X55: 0 | Y55: 0 | Z55: 0 | AA55: 0
A56: 502.07 - BENS E SERVIÇOS CORRENTES - Material escolar | B56: 502.07 - Material escolar | C56: 0 | D56: 0 | E56: 0 | F56: 0 | G56: 0 | H56: 0 | I56: 0 | J56: 0 | K56: 0 | L56: 0 | M56: 0 | N56: 0 | O56: 0 | P56: 0 | Q56: 0 | R56: 0 | S56: 0 | T56: 0 | U56: #DIV/0! | V56: 0 | W56: 0 | X56: 0 | Y56: 0 | Z56: 0 | AA56: 0
A57: 502.08 - BENS E SERVIÇOS CORRENTES - Material agrícola | B57: 502.08 - Material agrícola | C57: 0 | D57: 0 | E57: 0 | F57: 0 | G57: 0 | H57: 0 | I57: 0 | J57: 0 | K57: 0 | L57: 0 | M57: 0 | N57: 0 | O57: 0 | P57: 0 | Q57: 0 | R57: 0 | S57: 0 | T57: 0 | U57: #DIV/0! | V57: 0 | W57: 0 | X57: 0 | Y57: 0 | Z57: 0 | AA57: 0
A58: 502.09 - BENS E SERVIÇOS CORRENTES - Material de escritório | B58: 502.09 - Material de escritório | C58: 0 | D58: 0 | E58: 0 | F58: 0 | G58: 0 | H58: 0 | I58: 0 | J58: 0 | K58: 0 | L58: 0 | M58: 0 | N58: 0 | O58: 0 | P58: 0 | Q58: 0 | R58: 0 | S58: 0 | T58: 0 | U58: #DIV/0! | V58: 0 | W58: 0 | X58: 0 | Y58: 0 | Z58: 0 | AA58: 0
B59: 502.10 - Combustível | C59: 0 | D59: 0 | E59: 0 | F59: 0 | G59: 0 | H59: 0 | I59: 0 | J59: 0 | K59: 0 | L59: 0 | M59: 0 | N59: 0 | O59: 0 | P59: 0 | Q59: 0 | R59: 0 | S59: 0 | T59: 0 | U59: #DIV/0! | V59: 0 | W59: 0 | X59: 0 | Y59: 0 | Z59: 0 | AA59: 0
A60: 502.10.01 - BENS E SERVIÇOS CORRENTES - Combustível - Combustível para geradores | B60: 502.10.01 - Combustível para geradores | C60: 0 | D60: 0 | E60: 0 | F60: 0 | G60: 0 | H60: 0 | I60: 0 | J60: 0 | K60: 0 | L60: 0 | M60: 0 | N60: 0 | O60: 0 | P60: 0 | Q60: 0 | R60: 0 | S60: 0 | T60: 0 | U60: #DIV/0! | V60: 0 | W60: 0 | X60: 0 | Y60: 0 | Z60: 0 | AA60: 0
A61: 502.10.02 - BENS E SERVIÇOS CORRENTES - Combustível - Combustível para veículos | B61: 502.10.02 - Combustível para veículos | C61: 0 | D61: 0 | E61: 0 | F61: 0 | G61: 0 | H61: 0 | I61: 0 | J61: 0 | K61: 0 | L61: 0 | M61: 0 | N61: 0 | O61: 0 | P61: 0 | Q61: 0 | R61: 0 | S61: 0 | T61: 0 | U61: #DIV/0! | V61: 0 | W61: 0 | X61: 0 | Y61: 0 | Z61: 0 | AA61: 0
A62: 502.10.03 - BENS E SERVIÇOS CORRENTES - Combustível - Combustível para navios | B62: 502.10.03 - Combustível para navios | C62: 0 | D62: 0 | E62: 0 | F62: 0 | G62: 0 | H62: 0 | I62: 0 | J62: 0 | K62: 0 | L62: 0 | M62: 0 | N62: 0 | O62: 0 | P62: 0 | Q62: 0 | R62: 0 | S62: 0 | T62: 0 | U62: #DIV/0! | V62: 0 | W62: 0 | X62: 0 | Y62: 0 | Z62: 0 | AA62: 0
A63: 502.10.04 - BENS E SERVIÇOS CORRENTES - Combustível - Combustível para aviões | B63: 502.10.04 - Combustível para aviões | C63: 0 | D63: 0 | E63: 0 | F63: 0 | G63: 0 | H63: 0 | I63: 0 | J63: 0 | K63: 0 | L63: 0 | M63: 0 | N63: 0 | O63: 0 | P63: 0 | Q63: 0 | R63: 0 | S63: 0 | T63: 0 | U63: #DIV/0! | V63: 0 | W63: 0 | X63: 0 | Y63: 0 | Z63: 0 | AA63: 0
A64: 502.10.05 - BENS E SERVIÇOS CORRENTES - Combustível - Outros combustíveis | B64: 502.10.05 - Outros combustíveis | C64: 0 | D64: 0 | E64: 0 | F64: 0 | G64: 0 | H64: 0 | I64: 0 | J64: 0 | K64: 0 | L64: 0 | M64: 0 | N64: 0 | O64: 0 | P64: 0 | Q64: 0 | R64: 0 | S64: 0 | T64: 0 | U64: #DIV/0! | V64: 0 | W64: 0 | X64: 0 | Y64: 0 | Z64: 0 | AA64: 0
B65: 502.11 - Produtos químicos | C65: 0 | D65: 0 | E65: 0 | F65: 0 | G65: 0 | H65: 0 | I65: 0 | J65: 0 | K65: 0 | L65: 0 | M65: 0 | N65: 0 | O65: 0 | P65: 0 | Q65: 0 | R65: 0 | S65: 0 | T65: 0 | U65: #DIV/0! | V65: 0 | W65: 0 | X65: 0 | Y65: 0 | Z65: 0 | AA65: 0
A66: 502.11.01 - BENS E SERVIÇOS CORRENTES - Produtos químicos - Produtos farmaceuticos | B66: 502.11.01 - Produtos farmaceuticos | C66: 0 | D66: 0 | E66: 0 | F66: 0 | G66: 0 | H66: 0 | I66: 0 | J66: 0 | K66: 0 | L66: 0 | M66: 0 | N66: 0 | O66: 0 | P66: 0 | Q66: 0 | R66: 0 | S66: 0 | T66: 0 | U66: #DIV/0! | V66: 0 | W66: 0 | X66: 0 | Y66: 0 | Z66: 0 | AA66: 0
A67: 502.11.02 - BENS E SERVIÇOS CORRENTES - Produtos químicos - Artigos de limpeza e higiene | B67: 502.11.02 - Artigos de limpeza e higiene | C67: 0 | D67: 0 | E67: 0 | F67: 0 | G67: 0 | H67: 0 | I67: 0 | J67: 0 | K67: 0 | L67: 0 | M67: 0 | N67: 0 | O67: 0 | P67: 0 | Q67: 0 | R67: 0 | S67: 0 | T67: 0 | U67: #DIV/0! | V67: 0 | W67: 0 | X67: 0 | Y67: 0 | Z67: 0 | AA67: 0
